Workbook
Name frmMainForm_tblFormContainer_trContentRow_tdLeftColumn_divViewProfilePerspective_tblProfileDetails_trIsGroupContentRow_tdTitleCell_rptIsGroupRepeater_rpteIsGroupConditionalElements_lnkIsGroupConditionalSpan_0: Indicadores_Generales!$C$55
Name frmMainForm_tblFormContainer_trContentRow_tdLeftColumn_divViewProfilePerspective_tblProfileDetails_trIsGroupContentRow_tdTitleCell_rptIsGroupRepeater_rpteIsGroupConditionalElements_lnkIsGroupConditionalSpan_1: Indicadores_Generales!$C$19
Name frmMainForm_tblFormContainer_trContentRow_tdLeftColumn_divViewProfilePerspective_tblProfileDetails_trIsGroupContentRow_tdTitleCell_rptIsGroupRepeater_rpteIsGroupConditionalElements_lnkIsGroupConditionalSpan_2: Indicadores_Generales!$C$22

Sheet Indicadores_Generales
A2: ="DETALLE INDICADORES FINANCIEROS PROCESO "&UPPER(D4) -> DETALLE INDICADORES FINANCIEROS PROCESO FDLBOSACM-004-2022(71937)
B4: INFORMACIÓN E INDICADORES DEL PROCESO (DIGITE ESTA INFORMACIÓN DE ACUERDO AL PLIEGO DE CONDICIONES) Indique los valores en formato de decimales | C4: PROCESO DE SELECCIÓN | D4: FDLBOSACM-004-2022(71937)
C5: PRESUPUESTO OFICIAL | D5: 800053615 | G5: =+(D5/12)*3 -> 2.000134e+08
C6: OBJETO | D6: REALIZAR LA INTERVENTORÍA TÉCNICA, ADMINISTRATIVA, FINANCIERA, JURÍDICA, SOCIAL, AMBIENTAL Y SST AL CONTRATO DE OBRA PÚBLICA QUE TENDRÁ POR OBJETO CONTRACTUAL EJECUTAR POR EL SISTEMA DE PRECIOS UNITARIOS FIJOS SIN FORMULA DE REAJUSTE Y A MONTO AGOTABLE LAS ACTIVIDADES NECESARIAS PARA LA EJECUCIÓN DE LAS OBRAS DE CONSTRUCCIÓN DE MALLA VIAL Y ESPACIO PUBLICO ASOCIADO DE LA LOCALIDAD DE BOSA, DE ACUERDO CON LA DESCRIPCIÓN, ESPECIFICACIONES, ESTUDIOS, DISEÑOS Y DEMÁS CONDICIONES ESTABLECIDAS EN EL ANEXO TÉCNICO
C8: INDICADORES PLIEGO DE CONDICIONES | D8: Margen
C9: ="Indice de Liquidez: (mín. "&TEXT(D9,"#,##")&" ) veces." -> Indice de Liquidez: (mín. 1, ) veces. | D9: 1
C10: ="Endeudamiento total: (máx. "&TEXT((D10*100),"#,##")&"%)." -> Endeudamiento total: (máx. 70,%). | D10: 0.7
C11: ="Razon de Cobertura de Intereses (>= a "&TEXT(D11,"#,##")&" veces) ó Indeterminado." -> Razon de Cobertura de Intereses (>= a 1, veces) ó Indeterminado. | D11: 1
C12: ="Capital de Trabajo ≥ A "&TEXT(D12,"#,##%")&" del PPTO Oficial." -> Capital de Trabajo ≥ A 25,% del PPTO Oficial. | D12: 0.25 | E12: =+D5*D12 -> 2.000134e+08
C13: ="Indicador Rentabilidad del Patrimonio RP => AL "&IF(D13=0,"0%",TEXT(D13,"#,##%")) -> Indicador Rentabilidad del Patrimonio RP => AL 0% | D13: 0
C14: ="Indicador Rentabilidad del Activo RAct => AL "&IF(D14=0,"0%",TEXT(D14,"#,##%")) -> Indicador Rentabilidad del Activo RAct => AL 0% | D14: 0
B16: Diligencie estos campos con la información del RUP a evaluar (Recuerde que esta plantilla permite registrar la información por empresas participantes, en caso de proponentes plurales, deberá incluir una línea por cada empresa participante dentro del proponente plural.) | O16: INDICADORES INDIVIDUALES | U16: ORGANIZACIÓN INDICADORES ENFOCADOS A UNIONES TEMPORALES Y CONSORCIOS | AB16: INDICADORES PROCESO - FORMULADO
A17: Empresa Participante | B17: Numero Proponente (Digite solo el numero) | C17: Nombre Empresa que conforma el Proponente (Nombre de empresa registrada con NIT) | D17: NIT | E17: AÑO INDICADORES RUP | F17: Nombre Empresa, Consorcio o UT Por el Cual se presenta | G17: % Participación | H17: ACTIVO CORRIENTE | I17: ACTIVO TOTAL | J17: PASIVO CORRIENTE | K17: PASIVO TOTAL | L17: VALOR DEL PATRIMONIO | M17: UTILIDAD | N17: INTERESES | O17: INDICE DE LIQUIDEZ | P17: ENDEUDAMIENTO | Q17: COBERTURA DE INTERESES | R17: RENTABILIDAD DEL PATRIMONIO | S17: RENTABILIDAD DEL ACTIVO | T17: CAPITAL DE TRABAJO | U17: =H17&" X % PARTICIPACIÓN" -> ACTIVO CORRIENTE X % PARTICIPACIÓN | V17: =J17&" X % PARTICIPACIÓN" -> PASIVO CORRIENTE X % PARTICIPACIÓN | W17: =I17&" X % PARTICIPACIÓN" -> ACTIVO TOTAL X % PARTICIPACIÓN | X17: =K17&" X % PARTICIPACIÓN" -> PASIVO TOTAL X % PARTICIPACIÓN | Y17: =L17&" X % PARTICIPACIÓN" -> VALOR DEL PATRIMONIO X % PARTICIPACIÓN | Z17: =M17&" X % PARTICIPACIÓN" -> UTILIDAD X % PARTICIPACIÓN | AA17: =N17&" X % PARTICIPACIÓN" -> INTERESES X % PARTICIPACIÓN | AB17: INDICE DE LIQUIDEZ | AC17: ENDEUDAMIENTO | AD17: COBERTURA DE INTERESES | AE17: RENTABILIDAD DEL PATRIMONIO | AF17: RENTABILIDAD DEL ACTIVO | AG17: CAPITAL DE TRABAJO
A18: 1 | B18: 1 | C18: SITELSA SAS | D18: 804012755 | E18: 2021 | F18: SITELSA SAS | G18: 1 | H18: 4820015628 | I18: 5236581840 | J18: 237511652 | K18: 1760253849 | L18: 3476327991 | M18: 715304142 | N18: 128398575 | O18: =IFERROR(H18/J18,"") -> 20.293807 | P18: =IFERROR(K18/I18,"") -> 0.33614558 | Q18: =IFERROR(M18/N18,"") -> 5.5709664 | R18: =IFERROR(M18/L18,"") -> 0.20576428 | S18: =IFERROR(M18/I18,"") -> 0.13659753 | T18: =IFERROR(H18-J18,"") -> 4582503976 | U18: =IF($B18="","",H18*$G18) -> 4820015628 | V18: =IF($B18="","",J18*$G18) -> 237511652 | W18: =IF($B18="","",I18*$G18) -> 5236581840 | X18: =IF($B18="","",K18*$G18) -> 1760253849 | Y18: =IF($B18="","",L18*$G18) -> 3476327991 | Z18: =IF($B18="","",M18*$G18) -> 715304142 | AA18: =IF($B18="","",N18*$G18) -> 128398575 | AB18: =IF(J18="","",IFERROR(SUMIFS($U:$U,$B:$B,B18)/SUMIFS($V:$V,$B:$B,B18),"Indeterminado")) -> 20.293807 | AC18: =IFERROR(SUMIFS($X:$X,$B:$B,B18)/SUMIFS(W:W,$B:$B,B18),"") -> 0.33614558 | AD18: =IF(OR(B18="",H18=""),"",IFERROR(SUMIFS($Z:$Z,$B:$B,B18)/SUMIFS($AA:$AA,$B:$B,B18),"Indeterminado")) -> 5.5709664 | AE18: =IFERROR(SUMIFS($Z:$Z,$B:$B,B18)/SUMIFS($Y:$Y,$B:$B,B18),"") -> 0.20576428 | AF18: =IFERROR(SUMIFS($Z:$Z,$B:$B,B18)/SUMIFS($W:$W,$B:$B,B18),"") -> 0.13659753 | AG18: =IFERROR(IF(T18=0,"",SUMIFS($T:$T,$B:$B,B18)),"") -> 4582503976
A19: 2 | B19: 2 | C19: PROESING | D19: 901286572 | E19: 2021 | F19: PROESING | G19: 1 | H19: 680485318 | I19: 680485318 | J19: 264354718 | K19: 264354718 | L19: 416130600 | M19: 81880663 | N19: 5607667 | O19: =IFERROR(H19/J19,"") -> 2.5741372 | P19: =IFERROR(K19/I19,"") -> 0.38847968 | Q19: =IFERROR(M19/N19,"") -> 14.601556 | R19: =IFERROR(M19/L19,"") -> 0.19676674 | S19: =IFERROR(M19/I19,"") -> 0.12032686 | T19: =IFERROR(H19-J19,"") -> 416130600 | U19: =IF($B19="","",H19*$G19) -> 680485318 | V19: =IF($B19="","",J19*$G19) -> 264354718 | W19: =IF($B19="","",I19*$G19) -> 680485318 | X19: =IF($B19="","",K19*$G19) -> 264354718 | Y19: =IF($B19="","",L19*$G19) -> 416130600 | Z19: =IF($B19="","",M19*$G19) -> 81880663 | AA19: =IF($B19="","",N19*$G19) -> 5607667 | AB19: =IF(J19="","",IFERROR(SUMIFS($U:$U,$B:$B,B19)/SUMIFS($V:$V,$B:$B,B19),"Indeterminado")) -> 2.5741372 | AC19: =IFERROR(SUMIFS($X:$X,$B:$B,B19)/SUMIFS(W:W,$B:$B,B19),"") -> 0.38847968 | AD19: =IF(OR(B19="",H19=""),"",IFERROR(SUMIFS($Z:$Z,$B:$B,B19)/SUMIFS($AA:$AA,$B:$B,B19),"Indeterminado")) -> 14.601556 | AE19: =IFERROR(SUMIFS($Z:$Z,$B:$B,B19)/SUMIFS($Y:$Y,$B:$B,B19),"") -> 0.19676674 | AF19: =IFERROR(SUMIFS($Z:$Z,$B:$B,B19)/SUMIFS($W:$W,$B:$B,B19),"") -> 0.12032686 | AG19: =IFERROR(IF(T19=0,"",SUMIFS($T:$T,$B:$B,B19)),"") -> 416130600
A20: 3 | B20: 3 | C20: CB INGENIEROS SAS | D20: 860509943 | E20: 2020 | F20: CB INGENIEROS SAS | G20: 1 | H20: 2106100738 | I20: 3240135572 | J20: 223352757 | K20: 1799680207 | L20: 1440455365 | M20: 446836579 | N20: 58621899 | O20: =IFERROR(H20/J20,"") -> 9.4294817 | P20: =IFERROR(K20/I20,"") -> 0.55543361 | Q20: =IFERROR(M20/N20,"") -> 7.6223491 | R20: =IFERROR(M20/L20,"") -> 0.31020509 | S20: =IFERROR(M20/I20,"") -> 0.13790675 | T20: =IFERROR(H20-J20,"") -> 1882747981 | U20: =IF($B20="","",H20*$G20) -> 2106100738 | V20: =IF($B20="","",J20*$G20) -> 223352757 | W20: =IF($B20="","",I20*$G20) -> 3240135572 | X20: =IF($B20="","",K20*$G20) -> 1799680207 | Y20: =IF($B20="","",L20*$G20) -> 1440455365 | Z20: =IF($B20="","",M20*$G20) -> 446836579 | AA20: =IF($B20="","",N20*$G20) -> 58621899 | AB20: =IF(J20="","",IFERROR(SUMIFS($U:$U,$B:$B,B20)/SUMIFS($V:$V,$B:$B,B20),"Indeterminado")) -> 9.4294817 | AC20: =IFERROR(SUMIFS($X:$X,$B:$B,B20)/SUMIFS(W:W,$B:$B,B20),"") -> 0.55543361 | AD20: =IF(OR(B20="",H20=""),"",IFERROR(SUMIFS($Z:$Z,$B:$B,B20)/SUMIFS($AA:$AA,$B:$B,B20),"Indeterminado")) -> 7.6223491 | AE20: =IFERROR(SUMIFS($Z:$Z,$B:$B,B20)/SUMIFS($Y:$Y,$B:$B,B20),"") -> 0.31020509 | AF20: =IFERROR(SUMIFS($Z:$Z,$B:$B,B20)/SUMIFS($W:$W,$B:$B,B20),"") -> 0.13790675 | AG20: =IFERROR(IF(T20=0,"",SUMIFS($T:$T,$B:$B,B20)),"") -> 1882747981
A21: 4 | B21: 4 | C21: JASEN CONSULTORES S.A.S. | D21: 830087225 | E21: 2021 | F21: JASEN CONSULTORES S.A.S. | G21: 1 | H21: 4136257451 | I21: 4684320284 | J21: 1009599294 | K21: 2189984072 | L21: 2494336212 | M21: 1005374063 | N21: 93713114 | O21: =IFERROR(H21/J21,"") -> 4.0969298 | P21: =IFERROR(K21/I21,"") -> 0.46751374 | Q21: =IFERROR(M21/N21,"") -> 10.728211 | R21: =IFERROR(M21/L21,"") -> 0.40306277 | S21: =IFERROR(M21/I21,"") -> 0.21462539 | T21: =IFERROR(H21-J21,"") -> 3126658157 | U21: =IF($B21="","",H21*$G21) -> 4136257451 | V21: =IF($B21="","",J21*$G21) -> 1009599294 | W21: =IF($B21="","",I21*$G21) -> 4684320284 | X21: =IF($B21="","",K21*$G21) -> 2189984072 | Y21: =IF($B21="","",L21*$G21) -> 2494336212 | Z21: =IF($B21="","",M21*$G21) -> 1005374063 | AA21: =IF($B21="","",N21*$G21) -> 93713114 | AB21: =IF(J21="","",IFERROR(SUMIFS($U:$U,$B:$B,B21)/SUMIFS($V:$V,$B:$B,B21),"Indeterminado")) -> 4.0969298 | AC21: =IFERROR(SUMIFS($X:$X,$B:$B,B21)/SUMIFS(W:W,$B:$B,B21),"") -> 0.46751374 | AD21: =IF(OR(B21="",H21=""),"",IFERROR(SUMIFS($Z:$Z,$B:$B,B21)/SUMIFS($AA:$AA,$B:$B,B21),"Indeterminado")) -> 10.728211 | AE21: =IFERROR(SUMIFS($Z:$Z,$B:$B,B21)/SUMIFS($Y:$Y,$B:$B,B21),"") -> 0.40306277 | AF21: =IFERROR(SUMIFS($Z:$Z,$B:$B,B21)/SUMIFS($W:$W,$B:$B,B21),"") -> 0.21462539 | AG21: =IFERROR(IF(T21=0,"",SUMIFS($T:$T,$B:$B,B21)),"") -> 3126658157
A22: 5 | B22: 5 | C22: INGENIERIA DE PROYECTOS S.A.S. | D22: 890116722 | E22: 2021 | F22: BOSA SIGLO XXI | G22: 0.5 | H22: 20679357000 | I22: 22510454000 | J22: 3319495000 | K22: 4996135000 | L22: 17714319000 | M22: 3708161000 | N22: 66471000 | O22: =IFERROR(H22/J22,"") -> 6.2296696 | P22: =IFERROR(K22/I22,"") -> 0.22194732 | Q22: =IFERROR(M22/N22,"") -> 55.786147 | R22: =IFERROR(M22/L22,"") -> 0.20933128 | S22: =IFERROR(M22/I22,"") -> 0.16473062 | T22: =IFERROR(H22-J22,"") -> 17359862000 | U22: =IF($B22="","",H22*$G22) -> 10339678500 | V22: =IF($B22="","",J22*$G22) -> 1659747500 | W22: =IF($B22="","",I22*$G22) -> 11255227000 | X22: =IF($B22="","",K22*$G22) -> 2498067500 | Y22: =IF($B22="","",L22*$G22) -> 8857159500 | Z22: =IF($B22="","",M22*$G22) -> 1854080500 | AA22: =IF($B22="","",N22*$G22) -> 33235500 | AB22: =IF(J22="","",IFERROR(SUMIFS($U:$U,$B:$B,B22)/SUMIFS($V:$V,$B:$B,B22),"Indeterminado")) -> 6.4618506 | AC22: =IFERROR(SUMIFS($X:$X,$B:$B,B22)/SUMIFS(W:W,$B:$B,B22),"") -> 0.20849229 | AD22: =IF(OR(B22="",H22=""),"",IFERROR(SUMIFS($Z:$Z,$B:$B,B22)/SUMIFS($AA:$AA,$B:$B,B22),"Indeterminado")) -> 10.93191 | AE22: =IFERROR(SUMIFS($Z:$Z,$B:$B,B22)/SUMIFS($Y:$Y,$B:$B,B22),"") -> 0.23120058 | AF22: =IFERROR(SUMIFS($Z:$Z,$B:$B,B22)/SUMIFS($W:$W,$B:$B,B22),"") -> 0.18474931 | AG22: =IFERROR(IF(T22=0,"",SUMIFS($T:$T,$B:$B,B22)),"") -> 20328311234
A23: 6 | B23: 5 | C23: INGECO INGENIERIA DE CONSTRUCCIONES | D23: 890115120 | E23: 2021 | F23: BOSA SIGLO XXI | G23: 0.5 | H23: 3370826656 | I23: 3878299642 | J23: 402377422 | K23: 505716674 | L23: 3372582968 | M23: 1167143060 | N23: 379499000 | O23: =IFERROR(H23/J23,"") -> 8.3772758 | P23: =IFERROR(K23/I23,"") -> 0.13039649 | Q23: =IFERROR(M23/N23,"") -> 3.0754839 | R23: =IFERROR(M23/L23,"") -> 0.34606801 | S23: =IFERROR(M23/I23,"") -> 0.30094195 | T23: =IFERROR(H23-J23,"") -> 2968449234 | U23: =IF($B23="","",H23*$G23) -> 1685413328 | V23: =IF($B23="","",J23*$G23) -> 201188711 | W23: =IF($B23="","",I23*$G23) -> 1939149821 | X23: =IF($B23="","",K23*$G23) -> 252858337 | Y23: =IF($B23="","",L23*$G23) -> 1686291484 | Z23: =IF($B23="","",M23*$G23) -> 583571530 | AA23: =IF($B23="","",N23*$G23) -> 189749500 | AB23: =IF(J23="","",IFERROR(SUMIFS($U:$U,$B:$B,B23)/SUMIFS($V:$V,$B:$B,B23),"Indeterminado")) -> 6.4618506 | AC23: =IFERROR(SUMIFS($X:$X,$B:$B,B23)/SUMIFS(W:W,$B:$B,B23),"") -> 0.20849229 | AD23: =IF(OR(B23="",H23=""),"",IFERROR(SUMIFS($Z:$Z,$B:$B,B23)/SUMIFS($AA:$AA,$B:$B,B23),"Indeterminado")) -> 10.93191 | AE23: =IFERROR(SUMIFS($Z:$Z,$B:$B,B23)/SUMIFS($Y:$Y,$B:$B,B23),"") -> 0.23120058 | AF23: =IFERROR(SUMIFS($Z:$Z,$B:$B,B23)/SUMIFS($W:$W,$B:$B,B23),"") -> 0.18474931 | AG23: =IFERROR(IF(T23=0,"",SUMIFS($T:$T,$B:$B,B23)),"") -> 20328311234
A24: 7 | B24: 6 | C24: CGR SAS | D24: 830076603 | E24: 2021 | F24: CONSORCIO ODESSA | G24: 0.95 | H24: 2618046618 | I24: 4283281506 | J24: 1253176213 | K24: 1263160163 | L24: 3020121343 | M24: 568780025 | N24: 2903637 | O24: =IFERROR(H24/J24,"") -> 2.0891289 | P24: =IFERROR(K24/I24,"") -> 0.29490477 | Q24: =IFERROR(M24/N24,"") -> 195.88538 | R24: =IFERROR(M24/L24,"") -> 0.18833019 | S24: =IFERROR(M24/I24,"") -> 0.13279072 | T24: =IFERROR(H24-J24,"") -> 1364870405 | U24: =IF($B24="","",H24*$G24) -> 2.4871443e+09 | V24: =IF($B24="","",J24*$G24) -> 1.1905174e+09 | W24: =IF($B24="","",I24*$G24) -> 4.0691174e+09 | X24: =IF($B24="","",K24*$G24) -> 1.2000022e+09 | Y24: =IF($B24="","",L24*$G24) -> 2.8691153e+09 | Z24: =IF($B24="","",M24*$G24) -> 5.4034102e+08 | AA24: =IF($B24="","",N24*$G24) -> 2758455.1 | AB24: =IF(J24="","",IFERROR(SUMIFS($U:$U,$B:$B,B24)/SUMIFS($V:$V,$B:$B,B24),"Indeterminado")) -> 2.0868574 | AC24: =IFERROR(SUMIFS($X:$X,$B:$B,B24)/SUMIFS(W:W,$B:$B,B24),"") -> 0.29664932 | AD24: =IF(OR(B24="",H24=""),"",IFERROR(SUMIFS($Z:$Z,$B:$B,B24)/SUMIFS($AA:$AA,$B:$B,B24),"Indeterminado")) -> 196.48975 | AE24: =IFERROR(SUMIFS($Z:$Z,$B:$B,B24)/SUMIFS($Y:$Y,$B:$B,B24),"") -> 0.18840393 | AF24: =IFERROR(SUMIFS($Z:$Z,$B:$B,B24)/SUMIFS($W:$W,$B:$B,B24),"") -> 0.13251403 | AG24: =IFERROR(IF(T24=0,"",SUMIFS($T:$T,$B:$B,B24)),"") -> 1555298951
A25: 8 | B25: 6 | C25: CGR INGENIEROS & ARQUITECTOS SAS | D25: 900804544 | E25: 2021 | F25: CONSORCIO ODESSA | G25: 0.05 | H25: 415402170 | I25: 421541170 | J25: 224973624 | K25: 267025104 | L25: 154516066 | M25: 33342544 | N25: 0 | O25: =IFERROR(H25/J25,"") -> 1.8464483 | P25: =IFERROR(K25/I25,"") -> 0.63344964 | Q25: =IFERROR(M25/N25,"") | R25: =IFERROR(M25/L25,"") -> 0.21578691 | S25: =IFERROR(M25/I25,"") -> 0.079096768 | T25: =IFERROR(H25-J25,"") -> 190428546 | U25: =IF($B25="","",H25*$G25) -> 20770108 | V25: =IF($B25="","",J25*$G25) -> 11248681 | W25: =IF($B25="","",I25*$G25) -> 21077058 | X25: =IF($B25="","",K25*$G25) -> 13351255 | Y25: =IF($B25="","",L25*$G25) -> 7725803.3 | Z25: =IF($B25="","",M25*$G25) -> 1667127.2 | AA25: =IF($B25="","",N25*$G25) -> 0 | AB25: =IF(J25="","",IFERROR(SUMIFS($U:$U,$B:$B,B25)/SUMIFS($V:$V,$B:$B,B25),"Indeterminado")) -> 2.0868574 | AC25: =IFERROR(SUMIFS($X:$X,$B:$B,B25)/SUMIFS(W:W,$B:$B,B25),"") -> 0.29664932 | AD25: =IF(OR(B25="",H25=""),"",IFERROR(SUMIFS($Z:$Z,$B:$B,B25)/SUMIFS($AA:$AA,$B:$B,B25),"Indeterminado")) -> 196.48975 | AE25: =IFERROR(SUMIFS($Z:$Z,$B:$B,B25)/SUMIFS($Y:$Y,$B:$B,B25),"") -> 0.18840393 | AF25: =IFERROR(SUMIFS($Z:$Z,$B:$B,B25)/SUMIFS($W:$W,$B:$B,B25),"") -> 0.13251403 | AG25: =IFERROR(IF(T25=0,"",SUMIFS($T:$T,$B:$B,B25)),"") -> 1555298951
A26: 9 | B26: 7 | C26: GMC - GRUPO METRO COLOMBIA SAS | D26: 830010109 | E26: 2021 | F26: GMC | G26: 0.95 | H26: 5764687191 | I26: 5801720388 | J26: 739008704 | K26: 739008704 | L26: 5062711684 | M26: 3072897258 | N26: 48440 | O26: =IFERROR(H26/J26,"") -> 7.8005674 | P26: =IFERROR(K26/I26,"") -> 0.12737751 | Q26: =IFERROR(M26/N26,"") -> 63437.185 | R26: =IFERROR(M26/L26,"") -> 0.60696667 | S26: =IFERROR(M26/I26,"") -> 0.52965277 | T26: =IFERROR(H26-J26,"") -> 5025678487 | U26: =IF($B26="","",H26*$G26) -> 5.4764528e+09 | V26: =IF($B26="","",J26*$G26) -> 7.0205827e+08 | W26: =IF($B26="","",I26*$G26) -> 5.5116344e+09 | X26: =IF($B26="","",K26*$G26) -> 7.0205827e+08 | Y26: =IF($B26="","",L26*$G26) -> 4.8095761e+09 | Z26: =IF($B26="","",M26*$G26) -> 2.9192524e+09 | AA26: =IF($B26="","",N26*$G26) -> 46018 | AB26: =IF(J26="","",IFERROR(SUMIFS($U:$U,$B:$B,B26)/SUMIFS($V:$V,$B:$B,B26),"Indeterminado")) -> 7.9222227 | AC26: =IFERROR(SUMIFS($X:$X,$B:$B,B26)/SUMIFS(W:W,$B:$B,B26),"") -> 0.13490759 | AD26: =IF(OR(B26="",H26=""),"",IFERROR(SUMIFS($Z:$Z,$B:$B,B26)/SUMIFS($AA:$AA,$B:$B,B26),"Indeterminado")) -> 1169.6975 | AE26: =IFERROR(SUMIFS($Z:$Z,$B:$B,B26)/SUMIFS($Y:$Y,$B:$B,B26),"") -> 0.58901234 | AF26: =IFERROR(SUMIFS($Z:$Z,$B:$B,B26)/SUMIFS($W:$W,$B:$B,B26),"") -> 0.5095501 | AG26: =IFERROR(IF(T26=0,"",SUMIFS($T:$T,$B:$B,B26)),"") -> 6851206710
A27: 10 | B27: 7 | C27: OSCAR ALFREDO MONTOYA CASTRO | D27: 79383524 | E27: 2021 | F27: GMC | G27: 0.05 | H27: 1842480223 | I27: 6039907682 | J27: 16952000 | K27: 1644890643 | L27: 4395017039 | M27: 861664336 | N27: 49730950 | O27: =IFERROR(H27/J27,"") -> 108.68807 | P27: =IFERROR(K27/I27,"") -> 0.27233705 | Q27: =IFERROR(M27/N27,"") -> 17.326521 | R27: =IFERROR(M27/L27,"") -> 0.19605483 | S27: =IFERROR(M27/I27,"") -> 0.14266184 | T27: =IFERROR(H27-J27,"") -> 1825528223 | U27: =IF($B27="","",H27*$G27) -> 92124011 | V27: =IF($B27="","",J27*$G27) -> 847600 | W27: =IF($B27="","",I27*$G27) -> 3.0199538e+08 | X27: =IF($B27="","",K27*$G27) -> 82244532 | Y27: =IF($B27="","",L27*$G27) -> 2.1975085e+08 | Z27: =IF($B27="","",M27*$G27) -> 43083217 | AA27: =IF($B27="","",N27*$G27) -> 2486547.5 | AB27: =IF(J27="","",IFERROR(SUMIFS($U:$U,$B:$B,B27)/SUMIFS($V:$V,$B:$B,B27),"Indeterminado")) -> 7.9222227 | AC27: =IFERROR(SUMIFS($X:$X,$B:$B,B27)/SUMIFS(W:W,$B:$B,B27),"") -> 0.13490759 | AD27: =IF(OR(B27="",H27=""),"",IFERROR(SUMIFS($Z:$Z,$B:$B,B27)/SUMIFS($AA:$AA,$B:$B,B27),"Indeterminado")) -> 1169.6975 | AE27: =IFERROR(SUMIFS($Z:$Z,$B:$B,B27)/SUMIFS($Y:$Y,$B:$B,B27),"") -> 0.58901234 | AF27: =IFERROR(SUMIFS($Z:$Z,$B:$B,B27)/SUMIFS($W:$W,$B:$B,B27),"") -> 0.5095501 | AG27: =IFERROR(IF(T27=0,"",SUMIFS($T:$T,$B:$B,B27)),"") -> 6851206710
A28: 11 | B28: 8 | C28: CONCIC S.A.S. | D28: 900378119 | E28: 2021 | F28: CONCIC S.A.S. | G28: 1 | H28: 5823796147 | I28: 5826285766 | J28: 351765345 | K28: 2272754882 | L28: 3553530884 | M28: 813217441 | N28: 29945362 | O28: =IFERROR(H28/J28,"") -> 16.555912 | P28: =IFERROR(K28/I28,"") -> 0.39008641 | Q28: =IFERROR(M28/N28,"") -> 27.156708 | R28: =IFERROR(M28/L28,"") -> 0.22884772 | S28: =IFERROR(M28/I28,"") -> 0.13957734 | T28: =IFERROR(H28-J28,"") -> 5472030802 | U28: =IF($B28="","",H28*$G28) -> 5823796147 | V28: =IF($B28="","",J28*$G28) -> 351765345 | W28: =IF($B28="","",I28*$G28) -> 5826285766 | X28: =IF($B28="","",K28*$G28) -> 2272754882 | Y28: =IF($B28="","",L28*$G28) -> 3553530884 | Z28: =IF($B28="","",M28*$G28) -> 813217441 | AA28: =IF($B28="","",N28*$G28) -> 29945362 | AB28: =IF(J28="","",IFERROR(SUMIFS($U:$U,$B:$B,B28)/SUMIFS($V:$V,$B:$B,B28),"Indeterminado")) -> 16.555912 | AC28: =IFERROR(SUMIFS($X:$X,$B:$B,B28)/SUMIFS(W:W,$B:$B,B28),"") -> 0.39008641 | AD28: =IF(OR(B28="",H28=""),"",IFERROR(SUMIFS($Z:$Z,$B:$B,B28)/SUMIFS($AA:$AA,$B:$B,B28),"Indeterminado")) -> 27.156708 | AE28: =IFERROR(SUMIFS($Z:$Z,$B:$B,B28)/SUMIFS($Y:$Y,$B:$B,B28),"") -> 0.22884772 | AF28: =IFERROR(SUMIFS($Z:$Z,$B:$B,B28)/SUMIFS($W:$W,$B:$B,B28),"") -> 0.13957734 | AG28: =IFERROR(IF(T28=0,"",SUMIFS($T:$T,$B:$B,B28)),"") -> 5472030802
A29: 12 | B29: 9 | C29: GERMAN BALLESTAS BERDEJO | D29: 19138735 | E29: 2021 | F29: CONS GAB BOGOTA | G29: 0.25 | H29: 9276100266 | I29: 9571819627 | J29: 401268211 | K29: 3351274990 | L29: 6220544637 | M29: 1525772463 | N29: 1074800 | O29: =IFERROR(H29/J29,"") -> 23.116958 | P29: =IFERROR(K29/I29,"") -> 0.3501189 | Q29: =IFERROR(M29/N29,"") -> 1419.5873 | R29: =IFERROR(M29/L29,"") -> 0.24527956 | S29: =IFERROR(M29/I29,"") -> 0.15940255 | T29: =IFERROR(H29-J29,"") -> 8874832055 | U29: =IF($B29="","",H29*$G29) -> 2.3190251e+09 | V29: =IF($B29="","",J29*$G29) -> 1.0031705e+08 | W29: =IF($B29="","",I29*$G29) -> 2.3929549e+09 | X29: =IF($B29="","",K29*$G29) -> 8.3781875e+08 | Y29: =IF($B29="","",L29*$G29) -> 1.5551362e+09 | Z29: =IF($B29="","",M29*$G29) -> 3.8144312e+08 | AA29: =IF($B29="","",N29*$G29) -> 268700 | AB29: =IF(J29="","",IFERROR(SUMIFS($U:$U,$B:$B,B29)/SUMIFS($V:$V,$B:$B,B29),"Indeterminado")) -> 26.914176 | AC29: =IFERROR(SUMIFS($X:$X,$B:$B,B29)/SUMIFS(W:W,$B:$B,B29),"") -> 0.44052567 | AD29: =IF(OR(B29="",H29=""),"",IFERROR(SUMIFS($Z:$Z,$B:$B,B29)/SUMIFS($AA:$AA,$B:$B,B29),"Indeterminado")) -> 420.41288 | AE29: =IFERROR(SUMIFS($Z:$Z,$B:$B,B29)/SUMIFS($Y:$Y,$B:$B,B29),"") -> 0.45670825 | AF29: =IFERROR(SUMIFS($Z:$Z,$B:$B,B29)/SUMIFS($W:$W,$B:$B,B29),"") -> 0.25551654 | AG29: =IFERROR(IF(T29=0,"",SUMIFS($T:$T,$B:$B,B29)),"") -> 12417662822
... A67: 50 | B67: 33 | C67: RAFAEL JAVIER GUISA RUEDA | D67: 91261497 | E67: 2021 | F67: RAFAEL JAVIER GUISA RUEDA | G67: 1 | H67: 1843941750 | I67: 2985941750 | J67: 22740530 | K67: 1599457712 | L67: 1386484038 | M67: 89762966 | N67: 785600 | O67: =IFERROR(H67/J67,"") -> 81.086138 | P67: =IFERROR(K67/I67,"") -> 0.53566273 | Q67: =IFERROR(M67/N67,"") -> 114.26039 | R67: =IFERROR(M67/L67,"") -> 0.064741435 | S67: =IFERROR(M67/I67,"") -> 0.030061861 | T67: =IFERROR(H67-J67,"") -> 1821201220 | U67: =IF($B67="","",H67*$G67) -> 1843941750 | V67: =IF($B67="","",J67*$G67) -> 22740530 | W67: =IF($B67="","",I67*$G67) -> 2985941750 | X67: =IF($B67="","",K67*$G67) -> 1599457712 | Y67: =IF($B67="","",L67*$G67) -> 1386484038 | Z67: =IF($B67="","",M67*$G67) -> 89762966 | AA67: =IF($B67="","",N67*$G67) -> 785600 | AB67: =IF(J67="","",IFERROR(SUMIFS($U:$U,$B:$B,B67)/SUMIFS($V:$V,$B:$B,B67),"Indeterminado")) -> 81.086138 | AC67: =IFERROR(SUMIFS($X:$X,$B:$B,B67)/SUMIFS(W:W,$B:$B,B67),"") -> 0.53566273 | AD67: =IF(OR(B67="",H67=""),"",IFERROR(SUMIFS($Z:$Z,$B:$B,B67)/SUMIFS($AA:$AA,$B:$B,B67),"Indeterminado")) -> 114.26039 | AE67: =IFERROR(SUMIFS($Z:$Z,$B:$B,B67)/SUMIFS($Y:$Y,$B:$B,B67),"") -> 0.064741435 | AF67: =IFERROR(SUMIFS($Z:$Z,$B:$B,B67)/SUMIFS($W:$W,$B:$B,B67),"") -> 0.030061861 | AG67: =IFERROR(IF(T67=0,"",SUMIFS($T:$T,$B:$B,B67)),"") -> 1821201220
A68: 51 | B68: 34 | C68: CAYENA CONSULTORES E INTERVENTORES S.A.S | F68: CONSORCIO INTERMALLAVIAL BOSA | G68: 0.5 | O68: =IFERROR(H68/J68,"") | P68: =IFERROR(K68/I68,"") | Q68: =IFERROR(M68/N68,"") | R68: =IFERROR(M68/L68,"") | S68: =IFERROR(M68/I68,"") | T68: =IFERROR(H68-J68,"") -> 0 | U68: =IF($B68="","",H68*$G68) -> 0 | V68: =IF($B68="","",J68*$G68) -> 0 | W68: =IF($B68="","",I68*$G68) -> 0 | X68: =IF($B68="","",K68*$G68) -> 0 | Y68: =IF($B68="","",L68*$G68) -> 0 | Z68: =IF($B68="","",M68*$G68) -> 0 | AA68: =IF($B68="","",N68*$G68) -> 0 | AB68: =IF(J68="","",IFERROR(SUMIFS($U:$U,$B:$B,B68)/SUMIFS($V:$V,$B:$B,B68),"Indeterminado")) | AC68: =IFERROR(SUMIFS($X:$X,$B:$B,B68)/SUMIFS(W:W,$B:$B,B68),"") | AD68: =IF(OR(B68="",H68=""),"",IFERROR(SUMIFS($Z:$Z,$B:$B,B68)/SUMIFS($AA:$AA,$B:$B,B68),"Indeterminado")) | AE68: =IFERROR(SUMIFS($Z:$Z,$B:$B,B68)/SUMIFS($Y:$Y,$B:$B,B68),"") | AF68: =IFERROR(SUMIFS($Z:$Z,$B:$B,B68)/SUMIFS($W:$W,$B:$B,B68),"") | AG68: =IFERROR(IF(T68=0,"",SUMIFS($T:$T,$B:$B,B68)),"")
A69: 52 | B69: 34 | C69: ROCCIA SAS | F69: CONSORCIO INTERMALLAVIAL BOSA | G69: 0.5 | O69: =IFERROR(H69/J69,"") | P69: =IFERROR(K69/I69,"") | Q69: =IFERROR(M69/N69,"") | R69: =IFERROR(M69/L69,"") | S69: =IFERROR(M69/I69,"") | T69: =IFERROR(H69-J69,"") -> 0 | U69: =IF($B69="","",H69*$G69) -> 0 | V69: =IF($B69="","",J69*$G69) -> 0 | W69: =IF($B69="","",I69*$G69) -> 0 | X69: =IF($B69="","",K69*$G69) -> 0 | Y69: =IF($B69="","",L69*$G69) -> 0 | Z69: =IF($B69="","",M69*$G69) -> 0 | AA69: =IF($B69="","",N69*$G69) -> 0 | AB69: =IF(J69="","",IFERROR(SUMIFS($U:$U,$B:$B,B69)/SUMIFS($V:$V,$B:$B,B69),"Indeterminado")) | AC69: =IFERROR(SUMIFS($X:$X,$B:$B,B69)/SUMIFS(W:W,$B:$B,B69),"") | AD69: =IF(OR(B69="",H69=""),"",IFERROR(SUMIFS($Z:$Z,$B:$B,B69)/SUMIFS($AA:$AA,$B:$B,B69),"Indeterminado")) | AE69: =IFERROR(SUMIFS($Z:$Z,$B:$B,B69)/SUMIFS($Y:$Y,$B:$B,B69),"") | AF69: =IFERROR(SUMIFS($Z:$Z,$B:$B,B69)/SUMIFS($W:$W,$B:$B,B69),"") | AG69: =IFERROR(IF(T69=0,"",SUMIFS($T:$T,$B:$B,B69)),"")
A70: 53 | B70: 35 | C70: Gustavo Roso | D70: 88135839 | E70: 2021 | F70: Consorcio RP Bosa | G70: 0.95 | H70: 566675000 | I70: 1041699000 | J70: 5062000 | K70: 21431000 | L70: 1020268000 | M70: 217796000 | N70: 3047000 | O70: =IFERROR(H70/J70,"") -> 111.94686 | P70: =IFERROR(K70/I70,"") -> 0.020573121 | Q70: =IFERROR(M70/N70,"") -> 71.478832 | R70: =IFERROR(M70/L70,"") -> 0.2134694 | S70: =IFERROR(M70/I70,"") -> 0.20907767 | T70: =IFERROR(H70-J70,"") -> 561613000 | U70: =IF($B70="","",H70*$G70) -> 538341250 | V70: =IF($B70="","",J70*$G70) -> 4808900 | W70: =IF($B70="","",I70*$G70) -> 989614050 | X70: =IF($B70="","",K70*$G70) -> 20359450 | Y70: =IF($B70="","",L70*$G70) -> 969254600 | Z70: =IF($B70="","",M70*$G70) -> 206906200 | AA70: =IF($B70="","",N70*$G70) -> 2894650 | AB70: =IF(J70="","",IFERROR(SUMIFS($U:$U,$B:$B,B70)/SUMIFS($V:$V,$B:$B,B70),"Indeterminado")) -> 111.48003 | AC70: =IFERROR(SUMIFS($X:$X,$B:$B,B70)/SUMIFS(W:W,$B:$B,B70),"") -> 0.039765055 | AD70: =IF(OR(B70="",H70=""),"",IFERROR(SUMIFS($Z:$Z,$B:$B,B70)/SUMIFS($AA:$AA,$B:$B,B70),"Indeterminado")) -> 38.715884 | AE70: =IFERROR(SUMIFS($Z:$Z,$B:$B,B70)/SUMIFS($Y:$Y,$B:$B,B70),"") -> 0.21475011 | AF70: =IFERROR(SUMIFS($Z:$Z,$B:$B,B70)/SUMIFS($W:$W,$B:$B,B70),"") -> 0.20621056 | AG70: =IFERROR(IF(T70=0,"",SUMIFS($T:$T,$B:$B,B70)),"") -> 838376363
A71: 54 | B71: 35 | C71: NAIRO ADOLFO PRIETO SUAREZ | D71: 74243283 | E71: 2021 | F71: Consorcio RP Bosa | G71: 0.05 | H71: 279674859 | I71: 765313859 | J71: 2911496 | K71: 410284890 | L71: 355028969 | M71: 101069197 | N71: 51601936 | O71: =IFERROR(H71/J71,"") -> 96.058816 | P71: =IFERROR(K71/I71,"") -> 0.53610017 | Q71: =IFERROR(M71/N71,"") -> 1.9586319 | R71: =IFERROR(M71/L71,"") -> 0.28467873 | S71: =IFERROR(M71/I71,"") -> 0.13206242 | T71: =IFERROR(H71-J71,"") -> 276763363 | U71: =IF($B71="","",H71*$G71) -> 13983743 | V71: =IF($B71="","",J71*$G71) -> 145574.8 | W71: =IF($B71="","",I71*$G71) -> 38265693 | X71: =IF($B71="","",K71*$G71) -> 20514244 | Y71: =IF($B71="","",L71*$G71) -> 17751448 | Z71: =IF($B71="","",M71*$G71) -> 5053459.9 | AA71: =IF($B71="","",N71*$G71) -> 2580096.8 | AB71: =IF(J71="","",IFERROR(SUMIFS($U:$U,$B:$B,B71)/SUMIFS($V:$V,$B:$B,B71),"Indeterminado")) -> 111.48003 | AC71: =IFERROR(SUMIFS($X:$X,$B:$B,B71)/SUMIFS(W:W,$B:$B,B71),"") -> 0.039765055 | AD71: =IF(OR(B71="",H71=""),"",IFERROR(SUMIFS($Z:$Z,$B:$B,B71)/SUMIFS($AA:$AA,$B:$B,B71),"Indeterminado")) -> 38.715884 | AE71: =IFERROR(SUMIFS($Z:$Z,$B:$B,B71)/SUMIFS($Y:$Y,$B:$B,B71),"") -> 0.21475011 | AF71: =IFERROR(SUMIFS($Z:$Z,$B:$B,B71)/SUMIFS($W:$W,$B:$B,B71),"") -> 0.20621056 | AG71: =IFERROR(IF(T71=0,"",SUMIFS($T:$T,$B:$B,B71)),"") -> 838376363
A72: 55 | B72: 36 | C72: OPH INGENIEROS ASOCIADOS S.A.S. | D72: 901048528 | E72: 20221 | F72: CONSORCIO OPH - CAP 2022 | G72: 0.5 | H72: 143046393 | I72: 239942940 | J72: 0 | K72: 0 | L72: 239942940 | M72: 9953217 | N72: 52340 | O72: =IFERROR(H72/J72,"") | P72: =IFERROR(K72/I72,"") -> 0 | Q72: =IFERROR(M72/N72,"") -> 190.16464 | R72: =IFERROR(M72/L72,"") -> 0.0414816 | S72: =IFERROR(M72/I72,"") -> 0.0414816 | T72: =IFERROR(H72-J72,"") -> 143046393 | U72: =IF($B72="","",H72*$G72) -> 71523196 | V72: =IF($B72="","",J72*$G72) -> 0 | W72: =IF($B72="","",I72*$G72) -> 119971470 | X72: =IF($B72="","",K72*$G72) -> 0 | Y72: =IF($B72="","",L72*$G72) -> 119971470 | Z72: =IF($B72="","",M72*$G72) -> 4976608.5 | AA72: =IF($B72="","",N72*$G72) -> 26170 | AB72: =IF(J72="","",IFERROR(SUMIFS($U:$U,$B:$B,B72)/SUMIFS($V:$V,$B:$B,B72),"Indeterminado")) -> 39.169962 | AC72: =IFERROR(SUMIFS($X:$X,$B:$B,B72)/SUMIFS(W:W,$B:$B,B72),"") -> 0.019145304 | AD72: =IF(OR(B72="",H72=""),"",IFERROR(SUMIFS($Z:$Z,$B:$B,B72)/SUMIFS($AA:$AA,$B:$B,B72),"Indeterminado")) -> 57.540506 | AE72: =IFERROR(SUMIFS($Z:$Z,$B:$B,B72)/SUMIFS($Y:$Y,$B:$B,B72),"") -> 0.13899652 | AF72: =IFERROR(SUMIFS($Z:$Z,$B:$B,B72)/SUMIFS($W:$W,$B:$B,B72),"") -> 0.13633539 | AG72: =IFERROR(IF(T72=0,"",SUMIFS($T:$T,$B:$B,B72)),"") -> 1151012989
A73: 56 | B73: 36 | C73: Carlos Alberto Palta Muñoz | D73: 10537995 | E73: 2020 | F73: CONSORCIO OPH - CAP 2022 | G73: 0.5 | H73: 1038121538 | I73: 1335113929 | J73: 30154942 | K73: 30154942 | L73: 1304958987 | M73: 204782773 | N73: 3679570 | O73: =IFERROR(H73/J73,"") -> 34.426249 | P73: =IFERROR(K73/I73,"") -> 0.022586044 | Q73: =IFERROR(M73/N73,"") -> 55.653996 | R73: =IFERROR(M73/L73,"") -> 0.1569266 | S73: =IFERROR(M73/I73,"") -> 0.15338225 | T73: =IFERROR(H73-J73,"") -> 1007966596 | U73: =IF($B73="","",H73*$G73) -> 519060769 | V73: =IF($B73="","",J73*$G73) -> 15077471 | W73: =IF($B73="","",I73*$G73) -> 6.6755696e+08 | X73: =IF($B73="","",K73*$G73) -> 15077471 | Y73: =IF($B73="","",L73*$G73) -> 6.5247949e+08 | Z73: =IF($B73="","",M73*$G73) -> 1.0239139e+08 | AA73: =IF($B73="","",N73*$G73) -> 1839785 | AB73: =IF(J73="","",IFERROR(SUMIFS($U:$U,$B:$B,B73)/SUMIFS($V:$V,$B:$B,B73),"Indeterminado")) -> 39.169962 | AC73: =IFERROR(SUMIFS($X:$X,$B:$B,B73)/SUMIFS(W:W,$B:$B,B73),"") -> 0.019145304 | AD73: =IF(OR(B73="",H73=""),"",IFERROR(SUMIFS($Z:$Z,$B:$B,B73)/SUMIFS($AA:$AA,$B:$B,B73),"Indeterminado")) -> 57.540506 | AE73: =IFERROR(SUMIFS($Z:$Z,$B:$B,B73)/SUMIFS($Y:$Y,$B:$B,B73),"") -> 0.13899652 | AF73: =IFERROR(SUMIFS($Z:$Z,$B:$B,B73)/SUMIFS($W:$W,$B:$B,B73),"") -> 0.13633539 | AG73: =IFERROR(IF(T73=0,"",SUMIFS($T:$T,$B:$B,B73)),"") -> 1151012989
A74: 57 | B74: 37 | C74: ARQINGCO SAS | D74: 900665600 | E74: 2021 | F74: ARQINGCO SAS | G74: 1 | H74: 1809045662 | I74: 3598988047 | J74: 979460767 | K74: 1833213961 | L74: 1765774086 | M74: 18993458 | N74: 6840000 | O74: =IFERROR(H74/J74,"") -> 1.8469812 | P74: =IFERROR(K74/I74,"") -> 0.50936928 | Q74: =IFERROR(M74/N74,"") -> 2.7768213 | R74: =IFERROR(M74/L74,"") -> 0.010756448 | S74: =IFERROR(M74/I74,"") -> 0.005277444 | T74: =IFERROR(H74-J74,"") -> 829584895 | U74: =IF($B74="","",H74*$G74) -> 1809045662 | V74: =IF($B74="","",J74*$G74) -> 979460767 | W74: =IF($B74="","",I74*$G74) -> 3598988047 | X74: =IF($B74="","",K74*$G74) -> 1833213961 | Y74: =IF($B74="","",L74*$G74) -> 1765774086 | Z74: =IF($B74="","",M74*$G74) -> 18993458 | AA74: =IF($B74="","",N74*$G74) -> 6840000 | AB74: =IF(J74="","",IFERROR(SUMIFS($U:$U,$B:$B,B74)/SUMIFS($V:$V,$B:$B,B74),"Indeterminado")) -> 1.8469812 | AC74: =IFERROR(SUMIFS($X:$X,$B:$B,B74)/SUMIFS(W:W,$B:$B,B74),"") -> 0.50936928 | AD74: =IF(OR(B74="",H74=""),"",IFERROR(SUMIFS($Z:$Z,$B:$B,B74)/SUMIFS($AA:$AA,$B:$B,B74),"Indeterminado")) -> 2.7768213 | AE74: =IFERROR(SUMIFS($Z:$Z,$B:$B,B74)/SUMIFS($Y:$Y,$B:$B,B74),"") -> 0.010756448 | AF74: =IFERROR(SUMIFS($Z:$Z,$B:$B,B74)/SUMIFS($W:$W,$B:$B,B74),"") -> 0.005277444 | AG74: =IFERROR(IF(T74=0,"",SUMIFS($T:$T,$B:$B,B74)),"") -> 829584895
A75: 58 | B75: 38 | C75: HERNAN ALONSO VELASQUEZ CABEZA | D75: 10781112 | E75: 2021 | F75: HERNAN ALONSO VELASQUEZ CABEZA | G75: 1 | H75: 431875947 | I75: 473118147 | J75: 18954000 | K75: 55726260 | L75: 417391887 | M75: 256081702 | N75: 2258000 | O75: =IFERROR(H75/J75,"") -> 22.785478 | P75: =IFERROR(K75/I75,"") -> 0.11778508 | Q75: =IFERROR(M75/N75,"") -> 113.41085 | R75: =IFERROR(M75/L75,"") -> 0.61352822 | S75: =IFERROR(M75/I75,"") -> 0.54126375 | T75: =IFERROR(H75-J75,"") -> 412921947 | U75: =IF($B75="","",H75*$G75) -> 431875947 | V75: =IF($B75="","",J75*$G75) -> 18954000 | W75: =IF($B75="","",I75*$G75) -> 473118147 | X75: =IF($B75="","",K75*$G75) -> 55726260 | Y75: =IF($B75="","",L75*$G75) -> 417391887 | Z75: =IF($B75="","",M75*$G75) -> 256081702 | AA75: =IF($B75="","",N75*$G75) -> 2258000 | AB75: =IF(J75="","",IFERROR(SUMIFS($U:$U,$B:$B,B75)/SUMIFS($V:$V,$B:$B,B75),"Indeterminado")) -> 22.785478 | AC75: =IFERROR(SUMIFS($X:$X,$B:$B,B75)/SUMIFS(W:W,$B:$B,B75),"") -> 0.11778508 | AD75: =IF(OR(B75="",H75=""),"",IFERROR(SUMIFS($Z:$Z,$B:$B,B75)/SUMIFS($AA:$AA,$B:$B,B75),"Indeterminado")) -> 113.41085 | AE75: =IFERROR(SUMIFS($Z:$Z,$B:$B,B75)/SUMIFS($Y:$Y,$B:$B,B75),"") -> 0.61352822 | AF75: =IFERROR(SUMIFS($Z:$Z,$B:$B,B75)/SUMIFS($W:$W,$B:$B,B75),"") -> 0.54126375 | AG75: =IFERROR(IF(T75=0,"",SUMIFS($T:$T,$B:$B,B75)),"") -> 412921947
A76: 59 | B76: 39 | C76: HG INGENIERIA Y DESARROLLO S.A.S | D76: 900497862 | E76: 2021 | F76: CONSORCIO INTERSPACIOS BOSA | G76: 0.75 | H76: 819157331 | I76: 1006940331 | J76: 17599705 | K76: 193145002 | L76: 813795329 | M76: 395392089 | N76: 24600 | O76: =IFERROR(H76/J76,"") -> 46.54381 | P76: =IFERROR(K76/I76,"") -> 0.19181375 | Q76: =IFERROR(M76/N76,"") -> 16072.849 | R76: =IFERROR(M76/L76,"") -> 0.48586183 | S76: =IFERROR(M76/I76,"") -> 0.39266685 | T76: =IFERROR(H76-J76,"") -> 801557626 | U76: =IF($B76="","",H76*$G76) -> 6.14368e+08 | V76: =IF($B76="","",J76*$G76) -> 13199779 | W76: =IF($B76="","",I76*$G76) -> 7.5520525e+08 | X76: =IF($B76="","",K76*$G76) -> 1.4485875e+08 | Y76: =IF($B76="","",L76*$G76) -> 6.103465e+08 | Z76: =IF($B76="","",M76*$G76) -> 2.9654407e+08 | AA76: =IF($B76="","",N76*$G76) -> 18450 | AB76: =IF(J76="","",IFERROR(SUMIFS($U:$U,$B:$B,B76)/SUMIFS($V:$V,$B:$B,B76),"Indeterminado")) -> 39.289457 | AC76: =IFERROR(SUMIFS($X:$X,$B:$B,B76)/SUMIFS(W:W,$B:$B,B76),"") -> 0.2660315 | AD76: =IF(OR(B76="",H76=""),"",IFERROR(SUMIFS($Z:$Z,$B:$B,B76)/SUMIFS($AA:$AA,$B:$B,B76),"Indeterminado")) -> 8509.7471 | AE76: =IFERROR(SUMIFS($Z:$Z,$B:$B,B76)/SUMIFS($Y:$Y,$B:$B,B76),"") -> 0.52449131 | AF76: =IFERROR(SUMIFS($Z:$Z,$B:$B,B76)/SUMIFS($W:$W,$B:$B,B76),"") -> 0.3849601 | AG76: =IFERROR(IF(T76=0,"",SUMIFS($T:$T,$B:$B,B76)),"") -> 2482207657
A77: 60 | B77: 39 | C77: CGB SAS | D77: 824006335 | E77: 2021 | F77: CONSORCIO INTERSPACIOS BOSA | G77: 0.25 | H77: 1734546680 | I77: 1926396643 | J77: 53896649 | K77: 736680725 | L77: 1189715918 | M77: 718305126 | N77: 150000 | O77: =IFERROR(H77/J77,"") -> 32.18283 | P77: =IFERROR(K77/I77,"") -> 0.38241383 | Q77: =IFERROR(M77/N77,"") -> 4788.7008 | R77: =IFERROR(M77/L77,"") -> 0.60376189 | S77: =IFERROR(M77/I77,"") -> 0.37287499 | T77: =IFERROR(H77-J77,"") -> 1680650031 | U77: =IF($B77="","",H77*$G77) -> 433636670 | V77: =IF($B77="","",J77*$G77) -> 13474162 | W77: =IF($B77="","",I77*$G77) -> 4.8159916e+08 | X77: =IF($B77="","",K77*$G77) -> 1.8417018e+08 | Y77: =IF($B77="","",L77*$G77) -> 2.9742898e+08 | Z77: =IF($B77="","",M77*$G77) -> 1.7957628e+08 | AA77: =IF($B77="","",N77*$G77) -> 37500 | AB77: =IF(J77="","",IFERROR(SUMIFS($U:$U,$B:$B,B77)/SUMIFS($V:$V,$B:$B,B77),"Indeterminado")) -> 39.289457 | AC77: =IFERROR(SUMIFS($X:$X,$B:$B,B77)/SUMIFS(W:W,$B:$B,B77),"") -> 0.2660315 | AD77: =IF(OR(B77="",H77=""),"",IFERROR(SUMIFS($Z:$Z,$B:$B,B77)/SUMIFS($AA:$AA,$B:$B,B77),"Indeterminado")) -> 8509.7471 | AE77: =IFERROR(SUMIFS($Z:$Z,$B:$B,B77)/SUMIFS($Y:$Y,$B:$B,B77),"") -> 0.52449131 | AF77: =IFERROR(SUMIFS($Z:$Z,$B:$B,B77)/SUMIFS($W:$W,$B:$B,B77),"") -> 0.3849601 | AG77: =IFERROR(IF(T77=0,"",SUMIFS($T:$T,$B:$B,B77)),"") -> 2482207657
A78: 61 | B78: 40 | C78: Smart Planning Projects SAS | D78: 901173019 | E78: 2021 | F78: UT INTERVENTORIA BOSA 2022 | G78: 0.05 | H78: 1003738165 | I78: 1012913962 | J78: 240336390 | K78: 588304825 | L78: 424609137 | M78: 135714335 | N78: 15452629 | O78: =IFERROR(H78/J78,"") -> 4.1763886 | P78: =IFERROR(K78/I78,"") -> 0.58080434 | Q78: =IFERROR(M78/N78,"") -> 8.7826049 | R78: =IFERROR(M78/L78,"") -> 0.3196218 | S78: =IFERROR(M78/I78,"") -> 0.13398407 | T78: =IFERROR(H78-J78,"") -> 763401775 | U78: =IF($B78="","",H78*$G78) -> 50186908 | V78: =IF($B78="","",J78*$G78) -> 12016820 | W78: =IF($B78="","",I78*$G78) -> 50645698 | X78: =IF($B78="","",K78*$G78) -> 29415241 | Y78: =IF($B78="","",L78*$G78) -> 21230457 | Z78: =IF($B78="","",M78*$G78) -> 6785716.8 | AA78: =IF($B78="","",N78*$G78) -> 772631.45 | AB78: =IF(J78="","",IFERROR(SUMIFS($U:$U,$B:$B,B78)/SUMIFS($V:$V,$B:$B,B78),"Indeterminado")) -> 8.9196611 | AC78: =IFERROR(SUMIFS($X:$X,$B:$B,B78)/SUMIFS(W:W,$B:$B,B78),"") -> 0.1089411 | AD78: =IF(OR(B78="",H78=""),"",IFERROR(SUMIFS($Z:$Z,$B:$B,B78)/SUMIFS($AA:$AA,$B:$B,B78),"Indeterminado")) -> 624.78075 | AE78: =IFERROR(SUMIFS($Z:$Z,$B:$B,B78)/SUMIFS($Y:$Y,$B:$B,B78),"") -> 0.47943814 | AF78: =IFERROR(SUMIFS($Z:$Z,$B:$B,B78)/SUMIFS($W:$W,$B:$B,B78),"") -> 0.42720762 | AG78: =IFERROR(IF(T78=0,"",SUMIFS($T:$T,$B:$B,B78)),"") -> 2281863338
A79: 62 | B79: 40 | C79: CONSEINT S.A.S | D79: 901306726 | E79: 2020 | F79: CONSEINT S.A.S | G79: 0.95 | H79: 1702618756 | I79: 2326098994 | J79: 184157193 | K79: 228252153 | L79: 2097846841 | M79: 1009359344 | N79: 813678 | O79: =IFERROR(H79/J79,"") -> 9.2454643 | P79: =IFERROR(K79/I79,"") -> 0.098126586 | Q79: =IFERROR(M79/N79,"") -> 1240.4899 | R79: =IFERROR(M79/L79,"") -> 0.48114063 | S79: =IFERROR(M79/I79,"") -> 0.43392794 | T79: =IFERROR(H79-J79,"") -> 1518461563 | U79: =IF($B79="","",H79*$G79) -> 1.6174878e+09 | V79: =IF($B79="","",J79*$G79) -> 1.7494933e+08 | W79: =IF($B79="","",I79*$G79) -> 2.209794e+09 | X79: =IF($B79="","",K79*$G79) -> 2.1683955e+08 | Y79: =IF($B79="","",L79*$G79) -> 1.9929545e+09 | Z79: =IF($B79="","",M79*$G79) -> 9.5889138e+08 | AA79: =IF($B79="","",N79*$G79) -> 772994.1 | AB79: =IF(J79="","",IFERROR(SUMIFS($U:$U,$B:$B,B79)/SUMIFS($V:$V,$B:$B,B79),"Indeterminado")) -> 8.9196611 | AC79: =IFERROR(SUMIFS($X:$X,$B:$B,B79)/SUMIFS(W:W,$B:$B,B79),"") -> 0.1089411 | AD79: =IF(OR(B79="",H79=""),"",IFERROR(SUMIFS($Z:$Z,$B:$B,B79)/SUMIFS($AA:$AA,$B:$B,B79),"Indeterminado")) -> 624.78075 | AE79: =IFERROR(SUMIFS($Z:$Z,$B:$B,B79)/SUMIFS($Y:$Y,$B:$B,B79),"") -> 0.47943814 | AF79: =IFERROR(SUMIFS($Z:$Z,$B:$B,B79)/SUMIFS($W:$W,$B:$B,B79),"") -> 0.42720762 | AG79: =IFERROR(IF(T79=0,"",SUMIFS($T:$T,$B:$B,B79)),"") -> 2281863338
A80: 63 | B80: 41 | C80: PROYECTCOL SAS | D80: 830144388 | E80: 2021 | F80: PROYECTCOL SAS | G80: 1 | H80: 2457840533 | I80: 2754957733 | J80: 29361929 | K80: 29361929 | L80: 2725595804 | M80: 227419662 | N80: 9720826 | O80: =IFERROR(H80/J80,"") -> 83.708415 | P80: =IFERROR(K80/I80,"") -> 0.010657851 | Q80: =IFERROR(M80/N80,"") -> 23.395096 | R80: =IFERROR(M80/L80,"") -> 0.083438513 | S80: =IFERROR(M80/I80,"") -> 0.082549238 | T80: =IFERROR(H80-J80,"") -> 2428478604 | U80: =IF($B80="","",H80*$G80) -> 2457840533 | V80: =IF($B80="","",J80*$G80) -> 29361929 | W80: =IF($B80="","",I80*$G80) -> 2754957733 | X80: =IF($B80="","",K80*$G80) -> 29361929 | Y80: =IF($B80="","",L80*$G80) -> 2725595804 | Z80: =IF($B80="","",M80*$G80) -> 227419662 | AA80: =IF($B80="","",N80*$G80) -> 9720826 | AB80: =IF(J80="","",IFERROR(SUMIFS($U:$U,$B:$B,B80)/SUMIFS($V:$V,$B:$B,B80),"Indeterminado")) -> 83.708415 | AC80: =IFERROR(SUMIFS($X:$X,$B:$B,B80)/SUMIFS(W:W,$B:$B,B80),"") -> 0.010657851 | AD80: =IF(OR(B80="",H80=""),"",IFERROR(SUMIFS($Z:$Z,$B:$B,B80)/SUMIFS($AA:$AA,$B:$B,B80),"Indeterminado")) -> 23.395096 | AE80: =IFERROR(SUMIFS($Z:$Z,$B:$B,B80)/SUMIFS($Y:$Y,$B:$B,B80),"") -> 0.083438513 | AF80: =IFERROR(SUMIFS($Z:$Z,$B:$B,B80)/SUMIFS($W:$W,$B:$B,B80),"") -> 0.082549238 | AG80: =IFERROR(IF(T80=0,"",SUMIFS($T:$T,$B:$B,B80)),"") -> 2428478604
A81: 64 | B81: 42 | C81: COMPAÑIA DE INTERVENTORIAS Y CONSULTORIAS DE LA COSTA SAS | D81: 900845211 | E81: 2021 | F81: COMPAÑIA DE INTERVENTORIAS Y CONSULTORIAS DE LA COSTA SAS | G81: 1 | H81: 5057288833 | I81: 6195234360 | J81: 210403827 | K81: 2416250857 | L81: 3778983503 | M81: 1767287627 | N81: 18458405 | O81: =IFERROR(H81/J81,"") -> 24.036107 | P81: =IFERROR(K81/I81,"") -> 0.39001767 | Q81: =IFERROR(M81/N81,"") -> 95.74433 | R81: =IFERROR(M81/L81,"") -> 0.46766217 | S81: =IFERROR(M81/I81,"") -> 0.28526566 | T81: =IFERROR(H81-J81,"") -> 4846885006 | U81: =IF($B81="","",H81*$G81) -> 5057288833 | V81: =IF($B81="","",J81*$G81) -> 210403827 | W81: =IF($B81="","",I81*$G81) -> 6195234360 | X81: =IF($B81="","",K81*$G81) -> 2416250857 | Y81: =IF($B81="","",L81*$G81) -> 3778983503 | Z81: =IF($B81="","",M81*$G81) -> 1767287627 | AA81: =IF($B81="","",N81*$G81) -> 18458405 | AB81: =IF(J81="","",IFERROR(SUMIFS($U:$U,$B:$B,B81)/SUMIFS($V:$V,$B:$B,B81),"Indeterminado")) -> 24.036107 | AC81: =IFERROR(SUMIFS($X:$X,$B:$B,B81)/SUMIFS(W:W,$B:$B,B81),"") -> 0.39001767 | AD81: =IF(OR(B81="",H81=""),"",IFERROR(SUMIFS($Z:$Z,$B:$B,B81)/SUMIFS($AA:$AA,$B:$B,B81),"Indeterminado")) -> 95.74433 | AE81: =IFERROR(SUMIFS($Z:$Z,$B:$B,B81)/SUMIFS($Y:$Y,$B:$B,B81),"") -> 0.46766217 | AF81: =IFERROR(SUMIFS($Z:$Z,$B:$B,B81)/SUMIFS($W:$W,$B:$B,B81),"") -> 0.28526566 | AG81: =IFERROR(IF(T81=0,"",SUMIFS($T:$T,$B:$B,B81)),"") -> 4846885006
... A83: 66 | B83: 43 | C83: OPCIONA SAS | D83: 901055520 | E83: 2021 | F83: CONSORCIO INTERBOSA 2022 | G83: 0.05 | H83: 1374228476 | I83: 1374228476 | J83: 232734411 | K83: 640013613 | L83: 734214863 | M83: 142038239 | N83: 697658 | O83: =IFERROR(H83/J83,"") -> 5.9047069 | P83: =IFERROR(K83/I83,"") -> 0.46572577 | Q83: =IFERROR(M83/N83,"") -> 203.59293 | R83: =IFERROR(M83/L83,"") -> 0.19345596 | S83: =IFERROR(M83/I83,"") -> 0.10335853 | T83: =IFERROR(H83-J83,"") -> 1141494065 | U83: =IF($B83="","",H83*$G83) -> 68711424 | V83: =IF($B83="","",J83*$G83) -> 11636721 | W83: =IF($B83="","",I83*$G83) -> 68711424 | X83: =IF($B83="","",K83*$G83) -> 32000681 | Y83: =IF($B83="","",L83*$G83) -> 36710743 | Z83: =IF($B83="","",M83*$G83) -> 7101912 | AA83: =IF($B83="","",N83*$G83) -> 34882.9 | AB83: =IF(J83="","",IFERROR(SUMIFS($U:$U,$B:$B,B83)/SUMIFS($V:$V,$B:$B,B83),"Indeterminado")) -> 7.9844281 | AC83: =IFERROR(SUMIFS($X:$X,$B:$B,B83)/SUMIFS(W:W,$B:$B,B83),"") -> 0.30860951 | AD83: =IF(OR(B83="",H83=""),"",IFERROR(SUMIFS($Z:$Z,$B:$B,B83)/SUMIFS($AA:$AA,$B:$B,B83),"Indeterminado")) -> 2735.7114 | AE83: =IFERROR(SUMIFS($Z:$Z,$B:$B,B83)/SUMIFS($Y:$Y,$B:$B,B83),"") -> 0.65413031 | AF83: =IFERROR(SUMIFS($Z:$Z,$B:$B,B83)/SUMIFS($W:$W,$B:$B,B83),"") -> 0.45225948 | AG83: =IFERROR(IF(T83=0,"",SUMIFS($T:$T,$B:$B,B83)),"") -> 2069417336
A84: 67 | B84: 44 | C84: ALMA Interventoría & Consultoría S.A.S | D84: 901573477 | E84: 2022 | F84: CS ALMA-GILLI | G84: 0.95 | H84: 0 | I84: 800000000 | J84: 0 | K84: 0 | L84: 800000000 | M84: 0 | N84: 0 | O84: =IFERROR(H84/J84,"") | P84: =IFERROR(K84/I84,"") -> 0 | Q84: =IFERROR(M84/N84,"") | R84: =IFERROR(M84/L84,"") -> 0 | S84: =IFERROR(M84/I84,"") -> 0 | T84: =IFERROR(H84-J84,"") -> 0 | U84: =IF($B84="","",H84*$G84) -> 0 | V84: =IF($B84="","",J84*$G84) -> 0 | W84: =IF($B84="","",I84*$G84) -> 760000000 | X84: =IF($B84="","",K84*$G84) -> 0 | Y84: =IF($B84="","",L84*$G84) -> 760000000 | Z84: =IF($B84="","",M84*$G84) -> 0 | AA84: =IF($B84="","",N84*$G84) -> 0 | AB84: =IF(J84="","",IFERROR(SUMIFS($U:$U,$B:$B,B84)/SUMIFS($V:$V,$B:$B,B84),"Indeterminado")) -> 66.436626 | AC84: =IFERROR(SUMIFS($X:$X,$B:$B,B84)/SUMIFS(W:W,$B:$B,B84),"") -> 0.0036383775 | AD84: =IF(OR(B84="",H84=""),"",IFERROR(SUMIFS($Z:$Z,$B:$B,B84)/SUMIFS($AA:$AA,$B:$B,B84),"Indeterminado")) -> Indeterminado | AE84: =IFERROR(SUMIFS($Z:$Z,$B:$B,B84)/SUMIFS($Y:$Y,$B:$B,B84),"") -> 0.0071830225 | AF84: =IFERROR(SUMIFS($Z:$Z,$B:$B,B84)/SUMIFS($W:$W,$B:$B,B84),"") -> 0.007156888 | AG84: =IFERROR(SUMIFS($T:$T,$B:$B,B84),"") -> 336082513
A85: 68 | B85: 44 | C85: CONSTRUCTORA GILLI S.A.S. | D85: 901304579 | E85: 2021 | F85: CS ALMA-GILLI | G85: 0.05 | H85: 341218513 | I85: 341218513 | J85: 5136000 | K85: 56544820 | L85: 284673693 | M85: 111226760 | N85: 0 | O85: =IFERROR(H85/J85,"") -> 66.436626 | P85: =IFERROR(K85/I85,"") -> 0.1657144 | Q85: =IFERROR(M85/N85,"") | R85: =IFERROR(M85/L85,"") -> 0.39071668 | S85: =IFERROR(M85/I85,"") -> 0.3259693 | T85: =IFERROR(H85-J85,"") -> 336082513 | U85: =IF($B85="","",H85*$G85) -> 17060926 | V85: =IF($B85="","",J85*$G85) -> 256800 | W85: =IF($B85="","",I85*$G85) -> 17060926 | X85: =IF($B85="","",K85*$G85) -> 2827241 | Y85: =IF($B85="","",L85*$G85) -> 14233685 | Z85: =IF($B85="","",M85*$G85) -> 5561338 | AA85: =IF($B85="","",N85*$G85) -> 0 | AB85: =IF(J85="","",IFERROR(SUMIFS($U:$U,$B:$B,B85)/SUMIFS($V:$V,$B:$B,B85),"Indeterminado")) -> 66.436626 | AC85: =IFERROR(SUMIFS($X:$X,$B:$B,B85)/SUMIFS(W:W,$B:$B,B85),"") -> 0.0036383775 | AD85: =IF(OR(B85="",H85=""),"",IFERROR(SUMIFS($Z:$Z,$B:$B,B85)/SUMIFS($AA:$AA,$B:$B,B85),"Indeterminado")) -> Indeterminado | AE85: =IFERROR(SUMIFS($Z:$Z,$B:$B,B85)/SUMIFS($Y:$Y,$B:$B,B85),"") -> 0.0071830225 | AF85: =IFERROR(SUMIFS($Z:$Z,$B:$B,B85)/SUMIFS($W:$W,$B:$B,B85),"") -> 0.007156888 | AG85: =IFERROR(IF(T85=0,"",SUMIFS($T:$T,$B:$B,B85)),"") -> 336082513
A86: 69 | B86: 45 | C86: Wilmer Junior Gomez Brito | D86: 79953559 | E86: 2021 | F86: Wilmer Junior Gomez Brito | G86: 1 | H86: 439837400 | I86: 1635775750 | J86: 0 | K86: 239984900 | L86: 1395790850 | M86: 229429800 | N86: 28967900 | O86: =IFERROR(H86/J86,"") | P86: =IFERROR(K86/I86,"") -> 0.14671015 | Q86: =IFERROR(M86/N86,"") -> 7.9201392 | R86: =IFERROR(M86/L86,"") -> 0.16437262 | S86: =IFERROR(M86/I86,"") -> 0.14025749 | T86: =IFERROR(H86-J86,"") -> 439837400 | U86: =IF($B86="","",H86*$G86) -> 439837400 | V86: =IF($B86="","",J86*$G86) -> 0 | W86: =IF($B86="","",I86*$G86) -> 1635775750 | X86: =IF($B86="","",K86*$G86) -> 239984900 | Y86: =IF($B86="","",L86*$G86) -> 1395790850 | Z86: =IF($B86="","",M86*$G86) -> 229429800 | AA86: =IF($B86="","",N86*$G86) -> 28967900 | AB86: =IF(J86="","",IFERROR(SUMIFS($U:$U,$B:$B,B86)/SUMIFS($V:$V,$B:$B,B86),"Indeterminado")) -> Indeterminado | AC86: =IFERROR(SUMIFS($X:$X,$B:$B,B86)/SUMIFS(W:W,$B:$B,B86),"") -> 0.14671015 | AD86: =IF(OR(B86="",H86=""),"",IFERROR(SUMIFS($Z:$Z,$B:$B,B86)/SUMIFS($AA:$AA,$B:$B,B86),"Indeterminado")) -> 7.9201392 | AE86: =IFERROR(SUMIFS($Z:$Z,$B:$B,B86)/SUMIFS($Y:$Y,$B:$B,B86),"") -> 0.16437262 | AF86: =IFERROR(SUMIFS($Z:$Z,$B:$B,B86)/SUMIFS($W:$W,$B:$B,B86),"") -> 0.14025749 | AG86: =IFERROR(IF(T86=0,"",SUMIFS($T:$T,$B:$B,B86)),"") -> 439837400
A87: 70 | B87: 46 | C87: COINZA ING SAS | D87: 901164885 | E87: 2020 | F87: COINZA ING SAS | G87: 1 | H87: 1144527404 | I87: 1144527404 | J87: 127525300 | K87: 691084552 | L87: 453442852 | M87: 96550646 | N87: 5000 | O87: =IFERROR(H87/J87,"") -> 8.9749046 | P87: =IFERROR(K87/I87,"") -> 0.60381652 | Q87: =IFERROR(M87/N87,"") -> 19310.129 | R87: =IFERROR(M87/L87,"") -> 0.21292793 | S87: =IFERROR(M87/I87,"") -> 0.084358527 | T87: =IFERROR(H87-J87,"") -> 1017002104 | U87: =IF($B87="","",H87*$G87) -> 1144527404 | V87: =IF($B87="","",J87*$G87) -> 127525300 | W87: =IF($B87="","",I87*$G87) -> 1144527404 | X87: =IF($B87="","",K87*$G87) -> 691084552 | Y87: =IF($B87="","",L87*$G87) -> 453442852 | Z87: =IF($B87="","",M87*$G87) -> 96550646 | AA87: =IF($B87="","",N87*$G87) -> 5000 | AB87: =IF(J87="","",IFERROR(SUMIFS($U:$U,$B:$B,B87)/SUMIFS($V:$V,$B:$B,B87),"Indeterminado")) -> 8.9749046 | AC87: =IFERROR(SUMIFS($X:$X,$B:$B,B87)/SUMIFS(W:W,$B:$B,B87),"") -> 0.60381652 | AD87: =IF(OR(B87="",H87=""),"",IFERROR(SUMIFS($Z:$Z,$B:$B,B87)/SUMIFS($AA:$AA,$B:$B,B87),"Indeterminado")) -> 19310.129 | AE87: =IFERROR(SUMIFS($Z:$Z,$B:$B,B87)/SUMIFS($Y:$Y,$B:$B,B87),"") -> 0.21292793 | AF87: =IFERROR(SUMIFS($Z:$Z,$B:$B,B87)/SUMIFS($W:$W,$B:$B,B87),"") -> 0.084358527 | AG87: =IFERROR(IF(T87=0,"",SUMIFS($T:$T,$B:$B,B87)),"") -> 1017002104
A88: 71 | B88: 47 | C88: INFRALAR S.A.S. | D88: 900284623 | E88: 2021 | F88: CONSORCIO BOSA INFRA-VIAL | G88: 0.95 | H88: 3193406039 | I88: 3648306436 | J88: 1280851304 | K88: 1290851384 | L88: 2357455052 | M88: 676856346 | N88: 1290692 | O88: =IFERROR(H88/J88,"") -> 2.4931903 | P88: =IFERROR(K88/I88,"") -> 0.35382208 | Q88: =IFERROR(M88/N88,"") -> 524.41353 | R88: =IFERROR(M88/L88,"") -> 0.28711315 | S88: =IFERROR(M88/I88,"") -> 0.18552618 | T88: =IFERROR(H88-J88,"") -> 1912554735 | U88: =IF($B88="","",H88*$G88) -> 3.0337357e+09 | V88: =IF($B88="","",J88*$G88) -> 1.2168087e+09 | W88: =IF($B88="","",I88*$G88) -> 3.4658911e+09 | X88: =IF($B88="","",K88*$G88) -> 1.2263088e+09 | Y88: =IF($B88="","",L88*$G88) -> 2.2395823e+09 | Z88: =IF($B88="","",M88*$G88) -> 6.4301353e+08 | AA88: =IF($B88="","",N88*$G88) -> 1226157.4 | AB88: =IF(J88="","",IFERROR(SUMIFS($U:$U,$B:$B,B88)/SUMIFS($V:$V,$B:$B,B88),"Indeterminado")) -> 2.4933498 | AC88: =IFERROR(SUMIFS($X:$X,$B:$B,B88)/SUMIFS(W:W,$B:$B,B88),"") -> 0.3534338 | AD88: =IF(OR(B88="",H88=""),"",IFERROR(SUMIFS($Z:$Z,$B:$B,B88)/SUMIFS($AA:$AA,$B:$B,B88),"Indeterminado")) -> 418.97523 | AE88: =IFERROR(SUMIFS($Z:$Z,$B:$B,B88)/SUMIFS($Y:$Y,$B:$B,B88),"") -> 0.28740188 | AF88: =IFERROR(SUMIFS($Z:$Z,$B:$B,B88)/SUMIFS($W:$W,$B:$B,B88),"") -> 0.18582434 | AG88: =IFERROR(IF(T88=0,"",SUMIFS($T:$T,$B:$B,B88)),"") -> 2084256114
A89: 72 | B89: 47 | C89: VERTICE INTERVENTORIA DE PROYECTOS SAS | D89: 901038896 | E89: 2021 | F89: CONSORCIO BOSA INFRA-VIAL | G89: 0.05 | H89: 284079745 | I89: 394114580 | J89: 112378366 | K89: 112378366 | L89: 281736214 | M89: 93904254 | N89: 6395565 | O89: =IFERROR(H89/J89,"") -> 2.5278864 | P89: =IFERROR(K89/I89,"") -> 0.28514136 | Q89: =IFERROR(M89/N89,"") -> 14.682714 | R89: =IFERROR(M89/L89,"") -> 0.33330559 | S89: =IFERROR(M89/I89,"") -> 0.23826638 | T89: =IFERROR(H89-J89,"") -> 171701379 | U89: =IF($B89="","",H89*$G89) -> 14203987 | V89: =IF($B89="","",J89*$G89) -> 5618918.3 | W89: =IF($B89="","",I89*$G89) -> 19705729 | X89: =IF($B89="","",K89*$G89) -> 5618918.3 | Y89: =IF($B89="","",L89*$G89) -> 14086811 | Z89: =IF($B89="","",M89*$G89) -> 4695212.7 | AA89: =IF($B89="","",N89*$G89) -> 319778.25 | AB89: =IF(J89="","",IFERROR(SUMIFS($U:$U,$B:$B,B89)/SUMIFS($V:$V,$B:$B,B89),"Indeterminado")) -> 2.4933498 | AC89: =IFERROR(SUMIFS($X:$X,$B:$B,B89)/SUMIFS(W:W,$B:$B,B89),"") -> 0.3534338 | AD89: =IF(OR(B89="",H89=""),"",IFERROR(SUMIFS($Z:$Z,$B:$B,B89)/SUMIFS($AA:$AA,$B:$B,B89),"Indeterminado")) -> 418.97523 | AE89: =IFERROR(SUMIFS($Z:$Z,$B:$B,B89)/SUMIFS($Y:$Y,$B:$B,B89),"") -> 0.28740188 | AF89: =IFERROR(SUMIFS($Z:$Z,$B:$B,B89)/SUMIFS($W:$W,$B:$B,B89),"") -> 0.18582434 | AG89: =IFERROR(IF(T89=0,"",SUMIFS($T:$T,$B:$B,B89)),"") -> 2084256114
A90: 73 | B90: 48 | C90: JPS INGENIERIA S.A.S | D90: 830035398 | E90: 2021 | F90: CS BOSA JI 004 | G90: 0.95 | H90: 6111056000 | I90: 6781172000 | J90: 1252580000 | K90: 2922770000 | L90: 3858402000 | M90: 324869000 | N90: 14077000 | O90: =IFERROR(H90/J90,"") -> 4.878775 | P90: =IFERROR(K90/I90,"") -> 0.43101252 | Q90: =IFERROR(M90/N90,"") -> 23.078 | R90: =IFERROR(M90/L90,"") -> 0.08419781 | S90: =IFERROR(M90/I90,"") -> 0.0479075 | T90: =IFERROR(H90-J90,"") -> 4858476000 | U90: =IF($B90="","",H90*$G90) -> 5805503200 | V90: =IF($B90="","",J90*$G90) -> 1189951000 | W90: =IF($B90="","",I90*$G90) -> 6442113400 | X90: =IF($B90="","",K90*$G90) -> 2776631500 | Y90: =IF($B90="","",L90*$G90) -> 3665481900 | Z90: =IF($B90="","",M90*$G90) -> 308625550 | AA90: =IF($B90="","",N90*$G90) -> 13373150 | AB90: =IF(J90="","",IFERROR(SUMIFS($U:$U,$B:$B,B90)/SUMIFS($V:$V,$B:$B,B90),"Indeterminado")) -> 4.9069633 | AC90: =IFERROR(SUMIFS($X:$X,$B:$B,B90)/SUMIFS(W:W,$B:$B,B90),"") -> 0.42880833 | AD90: =IF(OR(B90="",H90=""),"",IFERROR(SUMIFS($Z:$Z,$B:$B,B90)/SUMIFS($AA:$AA,$B:$B,B90),"Indeterminado")) -> 23.088266 | AE90: =IFERROR(SUMIFS($Z:$Z,$B:$B,B90)/SUMIFS($Y:$Y,$B:$B,B90),"") -> 0.083387892 | AF90: =IFERROR(SUMIFS($Z:$Z,$B:$B,B90)/SUMIFS($W:$W,$B:$B,B90),"") -> 0.04763047 | AG90: =IFERROR(IF(T90=0,"",SUMIFS($T:$T,$B:$B,B90)),"") -> 5637755000
A91: 74 | B91: 48 | C91: INFRAING SAS | D91: 900802713 | E91: 2021 | F91: CS BOSA JI 004 | G91: 0.05 | H91: 807031000 | I91: 807031000 | J91: 27752000 | K91: 62069000 | L91: 744962000 | M91: 2746000 | N91: 0 | O91: =IFERROR(H91/J91,"") -> 29.080102 | P91: =IFERROR(K91/I91,"") -> 0.076910305 | Q91: =IFERROR(M91/N91,"") | R91: =IFERROR(M91/L91,"") -> 0.0036860941 | S91: =IFERROR(M91/I91,"") -> 0.0034025954 | T91: =IFERROR(H91-J91,"") -> 779279000 | U91: =IF($B91="","",H91*$G91) -> 40351550 | V91: =IF($B91="","",J91*$G91) -> 1387600 | W91: =IF($B91="","",I91*$G91) -> 40351550 | X91: =IF($B91="","",K91*$G91) -> 3103450 | Y91: =IF($B91="","",L91*$G91) -> 37248100 | Z91: =IF($B91="","",M91*$G91) -> 137300 | AA91: =IF($B91="","",N91*$G91) -> 0 | AB91: =IF(J91="","",IFERROR(SUMIFS($U:$U,$B:$B,B91)/SUMIFS($V:$V,$B:$B,B91),"Indeterminado")) -> 4.9069633 | AC91: =IFERROR(SUMIFS($X:$X,$B:$B,B91)/SUMIFS(W:W,$B:$B,B91),"") -> 0.42880833 | AD91: =IF(OR(B91="",H91=""),"",IFERROR(SUMIFS($Z:$Z,$B:$B,B91)/SUMIFS($AA:$AA,$B:$B,B91),"Indeterminado")) -> 23.088266 | AE91: =IFERROR(SUMIFS($Z:$Z,$B:$B,B91)/SUMIFS($Y:$Y,$B:$B,B91),"") -> 0.083387892 | AF91: =IFERROR(SUMIFS($Z:$Z,$B:$B,B91)/SUMIFS($W:$W,$B:$B,B91),"") -> 0.04763047 | AG91: =IFERROR(IF(T91=0,"",SUMIFS($T:$T,$B:$B,B91)),"") -> 5637755000
A92: 75 | B92: 49 | C92: ELSA MARIA RUEDA LANDINEZ INGENIERIA SAS | D92: 901254479 | E92: 2021 | F92: ELSA MARIA RUEDA LANDINEZ INGENIERIA SAS | G92: 1 | H92: 505574854 | I92: 505574854 | J92: 0 | K92: 0 | L92: 505574854 | M92: 85495360 | N92: 26503561 | O92: =IFERROR(H92/J92,"") | P92: =IFERROR(K92/I92,"") -> 0 | Q92: =IFERROR(M92/N92,"") -> 3.2258065 | R92: =IFERROR(M92/L92,"") -> 0.16910525 | S92: =IFERROR(M92/I92,"") -> 0.16910525 | T92: =IFERROR(H92-J92,"") -> 505574854 | U92: =IF($B92="","",H92*$G92) -> 505574854 | V92: =IF($B92="","",J92*$G92) -> 0 | W92: =IF($B92="","",I92*$G92) -> 505574854 | X92: =IF($B92="","",K92*$G92) -> 0 | Y92: =IF($B92="","",L92*$G92) -> 505574854 | Z92: =IF($B92="","",M92*$G92) -> 85495360 | AA92: =IF($B92="","",N92*$G92) -> 26503561 | AB92: =IF(J92="","",IFERROR(SUMIFS($U:$U,$B:$B,B92)/SUMIFS($V:$V,$B:$B,B92),"Indeterminado")) -> Indeterminado | AC92: =IFERROR(SUMIFS($X:$X,$B:$B,B92)/SUMIFS(W:W,$B:$B,B92),"") -> 0 | AD92: =IF(OR(B92="",H92=""),"",IFERROR(SUMIFS($Z:$Z,$B:$B,B92)/SUMIFS($AA:$AA,$B:$B,B92),"Indeterminado")) -> 3.2258065 | AE92: =IFERROR(SUMIFS($Z:$Z,$B:$B,B92)/SUMIFS($Y:$Y,$B:$B,B92),"") -> 0.16910525 | AF92: =IFERROR(SUMIFS($Z:$Z,$B:$B,B92)/SUMIFS($W:$W,$B:$B,B92),"") -> 0.16910525 | AG92: =IFERROR(IF(T92=0,"",SUMIFS($T:$T,$B:$B,B92)),"") -> 505574854
A93: 76 | B93: 50 | C93: BATEMAN INGENIERIA SAS | D93: 800061409 | E93: 2021 | F93: INTERBOGOTA B&B | G93: 0.5 | H93: 9152869793 | I93: 10214748079 | J93: 1167742471 | K93: 2744325792 | L93: 7470422287 | M93: 1377757615 | N93: 74360004 | O93: =IFERROR(H93/J93,"") -> 7.8380893 | P93: =IFERROR(K93/I93,"") -> 0.26866309 | Q93: =IFERROR(M93/N93,"") -> 18.528208 | R93: =IFERROR(M93/L93,"") -> 0.18442834 | S93: =IFERROR(M93/I93,"") -> 0.13487926 | T93: =IFERROR(H93-J93,"") -> 7985127322 | U93: =IF($B93="","",H93*$G93) -> 4.5764349e+09 | V93: =IF($B93="","",J93*$G93) -> 5.8387124e+08 | W93: =IF($B93="","",I93*$G93) -> 5.107374e+09 | X93: =IF($B93="","",K93*$G93) -> 1372162896 | Y93: =IF($B93="","",L93*$G93) -> 3.7352111e+09 | Z93: =IF($B93="","",M93*$G93) -> 6.8887881e+08 | AA93: =IF($B93="","",N93*$G93) -> 37180002 | AB93: =IF(J93="","",IFERROR(SUMIFS($U:$U,$B:$B,B93)/SUMIFS($V:$V,$B:$B,B93),"Indeterminado")) -> 8.1456517 | AC93: =IFERROR(SUMIFS($X:$X,$B:$B,B93)/SUMIFS(W:W,$B:$B,B93),"") -> 0.28143646 | AD93: =IF(OR(B93="",H93=""),"",IFERROR(SUMIFS($Z:$Z,$B:$B,B93)/SUMIFS($AA:$AA,$B:$B,B93),"Indeterminado")) -> 20.019307 | AE93: =IFERROR(SUMIFS($Z:$Z,$B:$B,B93)/SUMIFS($Y:$Y,$B:$B,B93),"") -> 0.1919946 | AF93: =IFERROR(SUMIFS($Z:$Z,$B:$B,B93)/SUMIFS($W:$W,$B:$B,B93),"") -> 0.13796032 | AG93: =IFERROR(IF(T93=0,"",SUMIFS($T:$T,$B:$B,B93)),"") -> 8729606599
A94: 77 | B94: 50 | C94: BATEMAN INGENIEROS S.A.S | D94: 900420109 | E94: 2021 | F94: INTERBOGOTA B&B | G94: 0.5 | H94: 798403766 | I94: 854811727 | J94: 53924489 | K94: 371051987 | L94: 483759740 | M94: 149402359 | N94: 1924355 | O94: =IFERROR(H94/J94,"") -> 14.805959 | P94: =IFERROR(K94/I94,"") -> 0.43407452 | Q94: =IFERROR(M94/N94,"") -> 77.637629 | R94: =IFERROR(M94/L94,"") -> 0.30883587 | S94: =IFERROR(M94/I94,"") -> 0.17477809 | T94: =IFERROR(H94-J94,"") -> 744479277 | U94: =IF($B94="","",H94*$G94) -> 399201883 | V94: =IF($B94="","",J94*$G94) -> 26962244 | W94: =IF($B94="","",I94*$G94) -> 4.2740586e+08 | X94: =IF($B94="","",K94*$G94) -> 1.8552599e+08 | Y94: =IF($B94="","",L94*$G94) -> 241879870 | Z94: =IF($B94="","",M94*$G94) -> 74701180 | AA94: =IF($B94="","",N94*$G94) -> 962177.5 | AB94: =IF(J94="","",IFERROR(SUMIFS($U:$U,$B:$B,B94)/SUMIFS($V:$V,$B:$B,B94),"Indeterminado")) -> 8.1456517 | AC94: =IFERROR(SUMIFS($X:$X,$B:$B,B94)/SUMIFS(W:W,$B:$B,B94),"") -> 0.28143646 | AD94: =IF(OR(B94="",H94=""),"",IFERROR(SUMIFS($Z:$Z,$B:$B,B94)/SUMIFS($AA:$AA,$B:$B,B94),"Indeterminado")) -> 20.019307 | AE94: =IFERROR(SUMIFS($Z:$Z,$B:$B,B94)/SUMIFS($Y:$Y,$B:$B,B94),"") -> 0.1919946 | AF94: =IFERROR(SUMIFS($Z:$Z,$B:$B,B94)/SUMIFS($W:$W,$B:$B,B94),"") -> 0.13796032 | AG94: =IFERROR(IF(T94=0,"",SUMIFS($T:$T,$B:$B,B94)),"") -> 8729606599
A95: 78 | B95: 51 | C95: IAR PROYECTOS SAS | D95: 900709306 | E95: 2021 | F95: INTERVIAL BOGOTA | G95: 0.75 | H95: 1167370499 | I95: 1661136738 | J95: 90494245 | K95: 90494245 | L95: 1570642493 | M95: 267085278 | N95: 142000 | O95: =IFERROR(H95/J95,"") -> 12.899942 | P95: =IFERROR(K95/I95,"") -> 0.0544773 | Q95: =IFERROR(M95/N95,"") -> 1880.8822 | R95: =IFERROR(M95/L95,"") -> 0.17004842 | S95: =IFERROR(M95/I95,"") -> 0.16078464 | T95: =IFERROR(H95-J95,"") -> 1076876254 | U95: =IF($B95="","",H95*$G95) -> 8.7552787e+08 | V95: =IF($B95="","",J95*$G95) -> 67870684 | W95: =IF($B95="","",I95*$G95) -> 1.2458526e+09 | X95: =IF($B95="","",K95*$G95) -> 67870684 | Y95: =IF($B95="","",L95*$G95) -> 1.1779819e+09 | Z95: =IF($B95="","",M95*$G95) -> 2.0031396e+08 | AA95: =IF($B95="","",N95*$G95) -> 106500 | AB95: =IF(J95="","",IFERROR(SUMIFS($U:$U,$B:$B,B95)/SUMIFS($V:$V,$B:$B,B95),"Indeterminado")) -> 11.976304 | AC95: =IFERROR(SUMIFS($X:$X,$B:$B,B95)/SUMIFS(W:W,$B:$B,B95),"") -> 0.059896839 | AD95: =IF(OR(B95="",H95=""),"",IFERROR(SUMIFS($Z:$Z,$B:$B,B95)/SUMIFS($AA:$AA,$B:$B,B95),"Indeterminado")) -> 1930.7625 | AE95: =IFERROR(SUMIFS($Z:$Z,$B:$B,B95)/SUMIFS($Y:$Y,$B:$B,B95),"") -> 0.17243423 | AF95: =IFERROR(SUMIFS($Z:$Z,$B:$B,B95)/SUMIFS($W:$W,$B:$B,B95),"") -> 0.16210597 | AG95: =IFERROR(IF(T95=0,"",SUMIFS($T:$T,$B:$B,B95)),"") -> 1291670510
A96: 79 | B96: 51 | C96: PROYECTOS IAR SAS | D96: 900974559 | E96: 2021 | F96: INTERVIAL BOGOTA | G96: 0.25 | H96: 257207983 | I96: 257207983 | J96: 42413727 | K96: 42413727 | L96: 214794256 | M96: 48279645 | N96: 14000 | O96: =IFERROR(H96/J96,"") -> 6.0642627 | P96: =IFERROR(K96/I96,"") -> 0.16490051 | Q96: =IFERROR(M96/N96,"") -> 3448.5461 | R96: =IFERROR(M96/L96,"") -> 0.22477158 | S96: =IFERROR(M96/I96,"") -> 0.18770664 | T96: =IFERROR(H96-J96,"") -> 214794256 | U96: =IF($B96="","",H96*$G96) -> 64301996 | V96: =IF($B96="","",J96*$G96) -> 10603432 | W96: =IF($B96="","",I96*$G96) -> 64301996 | X96: =IF($B96="","",K96*$G96) -> 10603432 | Y96: =IF($B96="","",L96*$G96) -> 53698564 | Z96: =IF($B96="","",M96*$G96) -> 12069911 | AA96: =IF($B96="","",N96*$G96) -> 3500 | AB96: =IF(J96="","",IFERROR(SUMIFS($U:$U,$B:$B,B96)/SUMIFS($V:$V,$B:$B,B96),"Indeterminado")) -> 11.976304 | AC96: =IFERROR(SUMIFS($X:$X,$B:$B,B96)/SUMIFS(W:W,$B:$B,B96),"") -> 0.059896839 | AD96: =IF(OR(B96="",H96=""),"",IFERROR(SUMIFS($Z:$Z,$B:$B,B96)/SUMIFS($AA:$AA,$B:$B,B96),"Indeterminado")) -> 1930.7625 | AE96: =IFERROR(SUMIFS($Z:$Z,$B:$B,B96)/SUMIFS($Y:$Y,$B:$B,B96),"") -> 0.17243423 | AF96: =IFERROR(SUMIFS($Z:$Z,$B:$B,B96)/SUMIFS($W:$W,$B:$B,B96),"") -> 0.16210597 | AG96: =IFERROR(IF(T96=0,"",SUMIFS($T:$T,$B:$B,B96)),"") -> 1291670510
... A172: 155 | B172: 96 | C172: INTERSA S.A. | D172: 860450644 | E172: 2021 | F172: INTERSA S.A. | G172: 1 | H172: 2972054000 | I172: 3005731000 | J172: 603505000 | K172: 1090172000 | L172: 1915559000 | M172: 150374000 | N172: 10531000 | O172: =IFERROR(H172/J172,"") -> 4.9246551 | P172: =IFERROR(K172/I172,"") -> 0.36269779 | Q172: =IFERROR(M172/N172,"") -> 14.279176 | R172: =IFERROR(M172/L172,"") -> 0.078501367 | S172: =IFERROR(M172/I172,"") -> 0.050029094 | T172: =IFERROR(H172-J172,"") -> 2368549000 | U172: =IF($B172="","",H172*$G172) -> 2972054000 | V172: =IF($B172="","",J172*$G172) -> 603505000 | W172: =IF($B172="","",I172*$G172) -> 3005731000 | X172: =IF($B172="","",K172*$G172) -> 1090172000 | Y172: =IF($B172="","",L172*$G172) -> 1915559000 | Z172: =IF($B172="","",M172*$G172) -> 150374000 | AA172: =IF($B172="","",N172*$G172) -> 10531000 | AB172: =IF(J172="","",IFERROR(SUMIFS($U:$U,$B:$B,B172)/SUMIFS($V:$V,$B:$B,B172),"Indeterminado")) -> 4.9246551 | AC172: =IFERROR(SUMIFS($X:$X,$B:$B,B172)/SUMIFS(W:W,$B:$B,B172),"") -> 0.36269779 | AD172: =IF(OR(B172="",H172=""),"",IFERROR(SUMIFS($Z:$Z,$B:$B,B172)/SUMIFS($AA:$AA,$B:$B,B172),"Indeterminado")) -> 14.279176 | AE172: =IFERROR(SUMIFS($Z:$Z,$B:$B,B172)/SUMIFS($Y:$Y,$B:$B,B172),"") -> 0.078501367 | AF172: =IFERROR(SUMIFS($Z:$Z,$B:$B,B172)/SUMIFS($W:$W,$B:$B,B172),"") -> 0.050029094 | AG172: =IFERROR(IF(T172=0,"",SUMIFS($T:$T,$B:$B,B172)),"") -> 2368549000
A173: 156 | O173: =IFERROR(H173/J173,"") | P173: =IFERROR(K173/I173,"") | Q173: =IFERROR(M173/N173,"") | R173: =IFERROR(M173/L173,"") | S173: =IFERROR(M173/I173,"") | T173: =IFERROR(H173-J173,"") -> 0 | U173: =IF($B173="","",H173*$G173) | V173: =IF($B173="","",J173*$G173) | W173: =IF($B173="","",I173*$G173) | X173: =IF($B173="","",K173*$G173) | Y173: =IF($B173="","",L173*$G173) | Z173: =IF($B173="","",M173*$G173) | AA173: =IF($B173="","",N173*$G173) | AB173: =IF(J173="","",IFERROR(SUMIFS($U:$U,$B:$B,B173)/SUMIFS($V:$V,$B:$B,B173),"Indeterminado")) | AC173: =IFERROR(SUMIFS($X:$X,$B:$B,B173)/SUMIFS(W:W,$B:$B,B173),"") | AD173: =IF(OR(B173="",H173=""),"",IFERROR(SUMIFS($Z:$Z,$B:$B,B173)/SUMIFS($AA:$AA,$B:$B,B173),"Indeterminado")) | AE173: =IFERROR(SUMIFS($Z:$Z,$B:$B,B173)/SUMIFS($Y:$Y,$B:$B,B173),"") | AF173: =IFERROR(SUMIFS($Z:$Z,$B:$B,B173)/SUMIFS($W:$W,$B:$B,B173),"") | AG173: =IFERROR(IF(T173=0,"",SUMIFS($T:$T,$B:$B,B173)),"")
A174: 157 | O174: =IFERROR(H174/J174,"") | P174: =IFERROR(K174/I174,"") | Q174: =IFERROR(M174/N174,"") | R174: =IFERROR(M174/L174,"") | S174: =IFERROR(M174/I174,"") | T174: =IFERROR(H174-J174,"") -> 0 | U174: =IF($B174="","",H174*$G174) | V174: =IF($B174="","",J174*$G174) | W174: =IF($B174="","",I174*$G174) | X174: =IF($B174="","",K174*$G174) | Y174: =IF($B174="","",L174*$G174) | Z174: =IF($B174="","",M174*$G174) | AA174: =IF($B174="","",N174*$G174) | AB174: =IF(J174="","",IFERROR(SUMIFS($U:$U,$B:$B,B174)/SUMIFS($V:$V,$B:$B,B174),"Indeterminado")) | AC174: =IFERROR(SUMIFS($X:$X,$B:$B,B174)/SUMIFS(W:W,$B:$B,B174),"") | AD174: =IF(OR(B174="",H174=""),"",IFERROR(SUMIFS($Z:$Z,$B:$B,B174)/SUMIFS($AA:$AA,$B:$B,B174),"Indeterminado")) | AE174: =IFERROR(SUMIFS($Z:$Z,$B:$B,B174)/SUMIFS($Y:$Y,$B:$B,B174),"") | AF174: =IFERROR(SUMIFS($Z:$Z,$B:$B,B174)/SUMIFS($W:$W,$B:$B,B174),"") | AG174: =IFERROR(IF(T174=0,"",SUMIFS($T:$T,$B:$B,B174)),"")
A175: 158 | O175: =IFERROR(H175/J175,"") | P175: =IFERROR(K175/I175,"") | Q175: =IFERROR(M175/N175,"") | R175: =IFERROR(M175/L175,"") | S175: =IFERROR(M175/I175,"") | T175: =IFERROR(H175-J175,"") -> 0 | U175: =IF($B175="","",H175*$G175) | V175: =IF($B175="","",J175*$G175) | W175: =IF($B175="","",I175*$G175) | X175: =IF($B175="","",K175*$G175) | Y175: =IF($B175="","",L175*$G175) | Z175: =IF($B175="","",M175*$G175) | AA175: =IF($B175="","",N175*$G175) | AB175: =IF(J175="","",IFERROR(SUMIFS($U:$U,$B:$B,B175)/SUMIFS($V:$V,$B:$B,B175),"Indeterminado")) | AC175: =IFERROR(SUMIFS($X:$X,$B:$B,B175)/SUMIFS(W:W,$B:$B,B175),"") | AD175: =IF(OR(B175="",H175=""),"",IFERROR(SUMIFS($Z:$Z,$B:$B,B175)/SUMIFS($AA:$AA,$B:$B,B175),"Indeterminado")) | AE175: =IFERROR(SUMIFS($Z:$Z,$B:$B,B175)/SUMIFS($Y:$Y,$B:$B,B175),"") | AF175: =IFERROR(SUMIFS($Z:$Z,$B:$B,B175)/SUMIFS($W:$W,$B:$B,B175),"") | AG175: =IFERROR(IF(T175=0,"",SUMIFS($T:$T,$B:$B,B175)),"")
A176: 159 | O176: =IFERROR(H176/J176,"") | P176: =IFERROR(K176/I176,"") | Q176: =IFERROR(M176/N176,"") | R176: =IFERROR(M176/L176,"") | S176: =IFERROR(M176/I176,"") | T176: =IFERROR(H176-J176,"") -> 0 | U176: =IF($B176="","",H176*$G176) | V176: =IF($B176="","",J176*$G176) | W176: =IF($B176="","",I176*$G176) | X176: =IF($B176="","",K176*$G176) | Y176: =IF($B176="","",L176*$G176) | Z176: =IF($B176="","",M176*$G176) | AA176: =IF($B176="","",N176*$G176) | AB176: =IF(J176="","",IFERROR(SUMIFS($U:$U,$B:$B,B176)/SUMIFS($V:$V,$B:$B,B176),"Indeterminado")) | AC176: =IFERROR(SUMIFS($X:$X,$B:$B,B176)/SUMIFS(W:W,$B:$B,B176),"") | AD176: =IF(OR(B176="",H176=""),"",IFERROR(SUMIFS($Z:$Z,$B:$B,B176)/SUMIFS($AA:$AA,$B:$B,B176),"Indeterminado")) | AE176: =IFERROR(SUMIFS($Z:$Z,$B:$B,B176)/SUMIFS($Y:$Y,$B:$B,B176),"") | AF176: =IFERROR(SUMIFS($Z:$Z,$B:$B,B176)/SUMIFS($W:$W,$B:$B,B176),"") | AG176: =IFERROR(IF(T176=0,"",SUMIFS($T:$T,$B:$B,B176)),"")
A177: 160 | O177: =IFERROR(H177/J177,"") | P177: =IFERROR(K177/I177,"") | Q177: =IFERROR(M177/N177,"") | R177: =IFERROR(M177/L177,"") | S177: =IFERROR(M177/I177,"") | T177: =IFERROR(H177-J177,"") -> 0 | U177: =IF($B177="","",H177*$G177) | V177: =IF($B177="","",J177*$G177) | W177: =IF($B177="","",I177*$G177) | X177: =IF($B177="","",K177*$G177) | Y177: =IF($B177="","",L177*$G177) | Z177: =IF($B177="","",M177*$G177) | AA177: =IF($B177="","",N177*$G177) | AB177: =IF(J177="","",IFERROR(SUMIFS($U:$U,$B:$B,B177)/SUMIFS($V:$V,$B:$B,B177),"Indeterminado")) | AC177: =IFERROR(SUMIFS($X:$X,$B:$B,B177)/SUMIFS(W:W,$B:$B,B177),"") | AD177: =IF(OR(B177="",H177=""),"",IFERROR(SUMIFS($Z:$Z,$B:$B,B177)/SUMIFS($AA:$AA,$B:$B,B177),"Indeterminado")) | AE177: =IFERROR(SUMIFS($Z:$Z,$B:$B,B177)/SUMIFS($Y:$Y,$B:$B,B177),"") | AF177: =IFERROR(SUMIFS($Z:$Z,$B:$B,B177)/SUMIFS($W:$W,$B:$B,B177),"") | AG177: =IFERROR(IF(T177=0,"",SUMIFS($T:$T,$B:$B,B177)),"")
A178: 161 | O178: =IFERROR(H178/J178,"") | P178: =IFERROR(K178/I178,"") | Q178: =IFERROR(M178/N178,"") | R178: =IFERROR(M178/L178,"") | S178: =IFERROR(M178/I178,"") | T178: =IFERROR(H178-J178,"") -> 0 | U178: =IF($B178="","",H178*$G178) | V178: =IF($B178="","",J178*$G178) | W178: =IF($B178="","",I178*$G178) | X178: =IF($B178="","",K178*$G178) | Y178: =IF($B178="","",L178*$G178) | Z178: =IF($B178="","",M178*$G178) | AA178: =IF($B178="","",N178*$G178) | AB178: =IF(J178="","",IFERROR(SUMIFS($U:$U,$B:$B,B178)/SUMIFS($V:$V,$B:$B,B178),"Indeterminado")) | AC178: =IFERROR(SUMIFS($X:$X,$B:$B,B178)/SUMIFS(W:W,$B:$B,B178),"") | AD178: =IF(OR(B178="",H178=""),"",IFERROR(SUMIFS($Z:$Z,$B:$B,B178)/SUMIFS($AA:$AA,$B:$B,B178),"Indeterminado")) | AE178: =IFERROR(SUMIFS($Z:$Z,$B:$B,B178)/SUMIFS($Y:$Y,$B:$B,B178),"") | AF178: =IFERROR(SUMIFS($Z:$Z,$B:$B,B178)/SUMIFS($W:$W,$B:$B,B178),"") | AG178: =IFERROR(IF(T178=0,"",SUMIFS($T:$T,$B:$B,B178)),"")
A179: 162 | O179: =IFERROR(H179/J179,"") | P179: =IFERROR(K179/I179,"") | Q179: =IFERROR(M179/N179,"") | R179: =IFERROR(M179/L179,"") | S179: =IFERROR(M179/I179,"") | T179: =IFERROR(H179-J179,"") -> 0 | U179: =IF($B179="","",H179*$G179) | V179: =IF($B179="","",J179*$G179) | W179: =IF($B179="","",I179*$G179) | X179: =IF($B179="","",K179*$G179) | Y179: =IF($B179="","",L179*$G179) | Z179: =IF($B179="","",M179*$G179) | AA179: =IF($B179="","",N179*$G179) | AB179: =IF(J179="","",IFERROR(SUMIFS($U:$U,$B:$B,B179)/SUMIFS($V:$V,$B:$B,B179),"Indeterminado")) | AC179: =IFERROR(SUMIFS($X:$X,$B:$B,B179)/SUMIFS(W:W,$B:$B,B179),"") | AD179: =IF(OR(B179="",H179=""),"",IFERROR(SUMIFS($Z:$Z,$B:$B,B179)/SUMIFS($AA:$AA,$B:$B,B179),"Indeterminado")) | AE179: =IFERROR(SUMIFS($Z:$Z,$B:$B,B179)/SUMIFS($Y:$Y,$B:$B,B179),"") | AF179: =IFERROR(SUMIFS($Z:$Z,$B:$B,B179)/SUMIFS($W:$W,$B:$B,B179),"") | AG179: =IFERROR(IF(T179=0,"",SUMIFS($T:$T,$B:$B,B179)),"")
A180: 163 | O180: =IFERROR(H180/J180,"") | P180: =IFERROR(K180/I180,"") | Q180: =IFERROR(M180/N180,"") | R180: =IFERROR(M180/L180,"") | S180: =IFERROR(M180/I180,"") | T180: =IFERROR(H180-J180,"") -> 0 | U180: =IF($B180="","",H180*$G180) | V180: =IF($B180="","",J180*$G180) | W180: =IF($B180="","",I180*$G180) | X180: =IF($B180="","",K180*$G180) | Y180: =IF($B180="","",L180*$G180) | Z180: =IF($B180="","",M180*$G180) | AA180: =IF($B180="","",N180*$G180) | AB180: =IF(J180="","",IFERROR(SUMIFS($U:$U,$B:$B,B180)/SUMIFS($V:$V,$B:$B,B180),"Indeterminado")) | AC180: =IFERROR(SUMIFS($X:$X,$B:$B,B180)/SUMIFS(W:W,$B:$B,B180),"") | AD180: =IF(OR(B180="",H180=""),"",IFERROR(SUMIFS($Z:$Z,$B:$B,B180)/SUMIFS($AA:$AA,$B:$B,B180),"Indeterminado")) | AE180: =IFERROR(SUMIFS($Z:$Z,$B:$B,B180)/SUMIFS($Y:$Y,$B:$B,B180),"") | AF180: =IFERROR(SUMIFS($Z:$Z,$B:$B,B180)/SUMIFS($W:$W,$B:$B,B180),"") | AG180: =IFERROR(IF(T180=0,"",SUMIFS($T:$T,$B:$B,B180)),"")

Sheet GCO-GCI-107_1 a 15
C1: VERIFICACIÓN FINANCIERA Y CAPACIDAD ORGANIZACIONAL | Q1: Código: GCO-GCI-F107 Versión: 02 Vigencia: 23 de diciembre de 2021 Caso HOLA: 209033
B6: ="PROCESO DE SELECCIÓN "&Indicadores_Generales!D4 -> PROCESO DE SELECCIÓN FDLBOSACM-004-2022(71937)
B7: ="OBJETO: "&UPPER(Indicadores_Generales!D6) -> OBJETO: REALIZAR LA INTERVENTORÍA TÉCNICA, ADMINISTRATIVA, FINANCIERA, JURÍDICA, SOCIAL, AMBIENTAL Y SST AL CONTRATO DE OBRA PÚBLICA QUE TENDRÁ POR OBJETO CONTRACTUAL EJECUTAR POR EL SISTEMA DE PRECIOS UNITARIOS FIJOS SIN FORMULA DE REAJUSTE Y A MONTO AGOTABLE LAS ACTIVIDADES NECESARIAS PARA LA EJECUCIÓN DE LAS OBRAS DE CONSTRUCCIÓN DE MALLA VIAL Y ESPACIO PUBLICO ASOCIADO DE LA LOCALIDAD DE BOSA, DE ACUERDO CON LA DESCRIPCIÓN, ESPECIFICACIONES, ESTUDIOS, DISEÑOS Y DEMÁS CONDICIONES ESTABLECIDAS EN EL ANEXO TÉCNICO
B8: CONCEPTO / PROPONENTE | C8: =IFERROR(IF(VLOOKUP(C9,Indicadores_Generales!$B$17:$AG$143,5,0)=0,"",VLOOKUP(C9,Indicadores_Generales!$B$17:$AG$143,5,0)),"") -> SITELSA SAS | D8: =IFERROR(IF(VLOOKUP(D9,Indicadores_Generales!$B$17:$AG$143,5,0)=0,"",VLOOKUP(D9,Indicadores_Generales!$B$17:$AG$143,5,0)),"") -> PROESING | E8: =IFERROR(IF(VLOOKUP(E9,Indicadores_Generales!$B$17:$AG$143,5,0)=0,"",VLOOKUP(E9,Indicadores_Generales!$B$17:$AG$143,5,0)),"") -> CB INGENIEROS SAS | F8: =IFERROR(IF(VLOOKUP(F9,Indicadores_Generales!$B$17:$AG$143,5,0)=0,"",VLOOKUP(F9,Indicadores_Generales!$B$17:$AG$143,5,0)),"") -> JASEN CONSULTORES S.A.S. | G8: =IFERROR(IF(VLOOKUP(G9,Indicadores_Generales!$B$17:$AG$143,5,0)=0,"",VLOOKUP(G9,Indicadores_Generales!$B$17:$AG$143,5,0)),"") -> BOSA SIGLO XXI | H8: =IFERROR(IF(VLOOKUP(H9,Indicadores_Generales!$B$17:$AG$143,5,0)=0,"",VLOOKUP(H9,Indicadores_Generales!$B$17:$AG$143,5,0)),"") -> CONSORCIO ODESSA | I8: =IFERROR(IF(VLOOKUP(I9,Indicadores_Generales!$B$17:$AG$143,5,0)=0,"",VLOOKUP(I9,Indicadores_Generales!$B$17:$AG$143,5,0)),"") -> GMC | J8: =IFERROR(IF(VLOOKUP(J9,Indicadores_Generales!$B$17:$AG$143,5,0)=0,"",VLOOKUP(J9,Indicadores_Generales!$B$17:$AG$143,5,0)),"") -> CONCIC S.A.S. | ... Q8: =IFERROR(IF(VLOOKUP(Q9,Indicadores_Generales!$B$17:$AG$143,5,0)=0,"",VLOOKUP(Q9,Indicadores_Generales!$B$17:$AG$143,5,0)),"") -> PIV Ingenieria S.A.S.
B9: Numero Proponente | C9: 1 | D9: 2 | E9: 3 | F9: 4 | G9: 5 | H9: 6 | I9: 7 | J9: 8 | K9: 9 | L9: 10 | M9: 11 | N9: 12 | O9: 13 | P9: 14 | Q9: 15
B10: BALANCE GENERAL CON CORTE A 31 DE DICIEMBRE AÑO | C10: =IF(C8="","",IFERROR(IF(VLOOKUP(C9,Indicadores_Generales!$B$17:$AG$143,4,0)=0,"",DATE(VLOOKUP(C9,Indicadores_Generales!$B$17:$AG$143,4,0),12,31)),"")) -> 44561 | D10: =IF(D8="","",IFERROR(IF(VLOOKUP(D9,Indicadores_Generales!$B$17:$AG$143,4,0)=0,"",DATE(VLOOKUP(D9,Indicadores_Generales!$B$17:$AG$143,4,0),12,31)),"")) -> 44561 | E10: =IF(E8="","",IFERROR(IF(VLOOKUP(E9,Indicadores_Generales!$B$17:$AG$143,4,0)=0,"",DATE(VLOOKUP(E9,Indicadores_Generales!$B$17:$AG$143,4,0),12,31)),"")) -> 44196 | F10: =IF(F8="","",IFERROR(IF(VLOOKUP(F9,Indicadores_Generales!$B$17:$AG$143,4,0)=0,"",DATE(VLOOKUP(F9,Indicadores_Generales!$B$17:$AG$143,4,0),12,31)),"")) -> 44561 | G10: =IF(G8="","",IFERROR(IF(VLOOKUP(G9,Indicadores_Generales!$B$17:$AG$143,4,0)=0,"",DATE(VLOOKUP(G9,Indicadores_Generales!$B$17:$AG$143,4,0),12,31)),"")) -> 44561 | H10: =IF(H8="","",IFERROR(IF(VLOOKUP(H9,Indicadores_Generales!$B$17:$AG$143,4,0)=0,"",DATE(VLOOKUP(H9,Indicadores_Generales!$B$17:$AG$143,4,0),12,31)),"")) -> 44561 | I10: =IF(I8="","",IFERROR(IF(VLOOKUP(I9,Indicadores_Generales!$B$17:$AG$143,4,0)=0,"",DATE(VLOOKUP(I9,Indicadores_Generales!$B$17:$AG$143,4,0),12,31)),"")) -> 44561 | J10: =IF(J8="","",IFERROR(IF(VLOOKUP(J9,Indicadores_Generales!$B$17:$AG$143,4,0)=0,"",DATE(VLOOKUP(J9,Indicadores_Generales!$B$17:$AG$143,4,0),12,31)),"")) -> 44561 | ... Q10: =IF(Q8="","",IFERROR(IF(VLOOKUP(Q9,Indicadores_Generales!$B$17:$AG$143,4,0)=0,"",DATE(VLOOKUP(Q9,Indicadores_Generales!$B$17:$AG$143,4,0),12,31)),"")) -> 44561
B11: PRESENTACIÓN DE RUP VIGENTE | C11: =IF(C8="","",IF(C10="","","VIGENTE")) -> VIGENTE | D11: =IF(D8="","",IF(D10="","","VIGENTE")) -> VIGENTE | E11: =IF(E8="","",IF(E10="","","VIGENTE")) -> VIGENTE | F11: =IF(F8="","",IF(F10="","","VIGENTE")) -> VIGENTE | G11: =IF(G8="","",IF(G10="","","VIGENTE")) -> VIGENTE | H11: =IF(H8="","",IF(H10="","","VIGENTE")) -> VIGENTE | I11: =IF(I8="","",IF(I10="","","VIGENTE")) -> VIGENTE | J11: =IF(J8="","",IF(J10="","","VIGENTE")) -> VIGENTE | ... Q11: =IF(Q8="","",IF(Q10="","","VIGENTE")) -> VIGENTE
B12: INFORMACION TOMADA DEL RUP VIGENTE | C12: =IF(C8="","",SUMIFS(Indicadores_Generales!$G:$G,Indicadores_Generales!$B:$B,C9)) -> 1 | D12: =IF(D8="","",SUMIFS(Indicadores_Generales!$G:$G,Indicadores_Generales!$B:$B,D9)) -> 1 | E12: =IF(E8="","",SUMIFS(Indicadores_Generales!$G:$G,Indicadores_Generales!$B:$B,E9)) -> 1 | F12: =IF(F8="","",SUMIFS(Indicadores_Generales!$G:$G,Indicadores_Generales!$B:$B,F9)) -> 1 | G12: =IF(G8="","",SUMIFS(Indicadores_Generales!$G:$G,Indicadores_Generales!$B:$B,G9)) -> 1 | H12: =IF(H8="","",SUMIFS(Indicadores_Generales!$G:$G,Indicadores_Generales!$B:$B,H9)) -> 1 | I12: =IF(I8="","",SUMIFS(Indicadores_Generales!$G:$G,Indicadores_Generales!$B:$B,I9)) -> 1 | J12: =IF(J8="","",SUMIFS(Indicadores_Generales!$G:$G,Indicadores_Generales!$B:$B,J9)) -> 1 | ... Q12: =IF(Q8="","",SUMIFS(Indicadores_Generales!$G:$G,Indicadores_Generales!$B:$B,Q9)) -> 1
B13: ACTIVO CORRIENTE | C13: =IF(C8="","",SUMIFS(Indicadores_Generales!$U:$U,Indicadores_Generales!$B:$B,C9)) -> 4820015628 | D13: =IF(D8="","",SUMIFS(Indicadores_Generales!$U:$U,Indicadores_Generales!$B:$B,D9)) -> 680485318 | E13: =IF(E8="","",SUMIFS(Indicadores_Generales!$U:$U,Indicadores_Generales!$B:$B,E9)) -> 2106100738 | F13: =IF(F8="","",SUMIFS(Indicadores_Generales!$U:$U,Indicadores_Generales!$B:$B,F9)) -> 4136257451 | G13: =IF(G8="","",SUMIFS(Indicadores_Generales!$U:$U,Indicadores_Generales!$B:$B,G9)) -> 12025091828 | H13: =IF(H8="","",SUMIFS(Indicadores_Generales!$U:$U,Indicadores_Generales!$B:$B,H9)) -> 2.5079144e+09 | I13: =IF(I8="","",SUMIFS(Indicadores_Generales!$U:$U,Indicadores_Generales!$B:$B,I9)) -> 5.5685768e+09 | J13: =IF(J8="","",SUMIFS(Indicadores_Generales!$U:$U,Indicadores_Generales!$B:$B,J9)) -> 5823796147 | ... Q13: =IF(Q8="","",SUMIFS(Indicadores_Generales!$U:$U,Indicadores_Generales!$B:$B,Q9)) -> 2056786073
B14: PASIVO CORRIENTE | C14: =IF(C8="","",SUMIFS(Indicadores_Generales!$V:$V,Indicadores_Generales!$B:$B,C9)) -> 237511652 | D14: =IF(D8="","",SUMIFS(Indicadores_Generales!$V:$V,Indicadores_Generales!$B:$B,D9)) -> 264354718 | E14: =IF(E8="","",SUMIFS(Indicadores_Generales!$V:$V,Indicadores_Generales!$B:$B,E9)) -> 223352757 | F14: =IF(F8="","",SUMIFS(Indicadores_Generales!$V:$V,Indicadores_Generales!$B:$B,F9)) -> 1009599294 | G14: =IF(G8="","",SUMIFS(Indicadores_Generales!$V:$V,Indicadores_Generales!$B:$B,G9)) -> 1860936211 | H14: =IF(H8="","",SUMIFS(Indicadores_Generales!$V:$V,Indicadores_Generales!$B:$B,H9)) -> 1.2017661e+09 | I14: =IF(I8="","",SUMIFS(Indicadores_Generales!$V:$V,Indicadores_Generales!$B:$B,I9)) -> 7.0290587e+08 | J14: =IF(J8="","",SUMIFS(Indicadores_Generales!$V:$V,Indicadores_Generales!$B:$B,J9)) -> 351765345 | ... Q14: =IF(Q8="","",SUMIFS(Indicadores_Generales!$V:$V,Indicadores_Generales!$B:$B,Q9)) -> 1239780342
B15: ACTIVO TOTAL | C15: =IF(C8="","",SUMIFS(Indicadores_Generales!$W:$W,Indicadores_Generales!$B:$B,C9)) -> 5236581840 | D15: =IF(D8="","",SUMIFS(Indicadores_Generales!$W:$W,Indicadores_Generales!$B:$B,D9)) -> 680485318 | E15: =IF(E8="","",SUMIFS(Indicadores_Generales!$W:$W,Indicadores_Generales!$B:$B,E9)) -> 3240135572 | F15: =IF(F8="","",SUMIFS(Indicadores_Generales!$W:$W,Indicadores_Generales!$B:$B,F9)) -> 4684320284 | G15: =IF(G8="","",SUMIFS(Indicadores_Generales!$W:$W,Indicadores_Generales!$B:$B,G9)) -> 13194376821 | H15: =IF(H8="","",SUMIFS(Indicadores_Generales!$W:$W,Indicadores_Generales!$B:$B,H9)) -> 4.0901945e+09 | I15: =IF(I8="","",SUMIFS(Indicadores_Generales!$W:$W,Indicadores_Generales!$B:$B,I9)) -> 5.8136298e+09 | J15: =IF(J8="","",SUMIFS(Indicadores_Generales!$W:$W,Indicadores_Generales!$B:$B,J9)) -> 5826285766 | ... Q15: =IF(Q8="","",SUMIFS(Indicadores_Generales!$W:$W,Indicadores_Generales!$B:$B,Q9)) -> 4893290691
B16: PASIVO TOTAL | C16: =IF(C8="","",SUMIFS(Indicadores_Generales!$X:$X,Indicadores_Generales!$B:$B,C9)) -> 1760253849 | D16: =IF(D8="","",SUMIFS(Indicadores_Generales!$X:$X,Indicadores_Generales!$B:$B,D9)) -> 264354718 | E16: =IF(E8="","",SUMIFS(Indicadores_Generales!$X:$X,Indicadores_Generales!$B:$B,E9)) -> 1799680207 | F16: =IF(F8="","",SUMIFS(Indicadores_Generales!$X:$X,Indicadores_Generales!$B:$B,F9)) -> 2189984072 | G16: =IF(G8="","",SUMIFS(Indicadores_Generales!$X:$X,Indicadores_Generales!$B:$B,G9)) -> 2750925837 | H16: =IF(H8="","",SUMIFS(Indicadores_Generales!$X:$X,Indicadores_Generales!$B:$B,H9)) -> 1.2133534e+09 | I16: =IF(I8="","",SUMIFS(Indicadores_Generales!$X:$X,Indicadores_Generales!$B:$B,I9)) -> 7.843028e+08 | J16: =IF(J8="","",SUMIFS(Indicadores_Generales!$X:$X,Indicadores_Generales!$B:$B,J9)) -> 2272754882 | ... Q16: =IF(Q8="","",SUMIFS(Indicadores_Generales!$X:$X,Indicadores_Generales!$B:$B,Q9)) -> 2680133333
B17: PATRIMONIO | C17: =IF(C8="","",SUMIFS(Indicadores_Generales!$Y:$Y,Indicadores_Generales!$B:$B,C9)) -> 3476327991 | D17: =IF(D8="","",SUMIFS(Indicadores_Generales!$Y:$Y,Indicadores_Generales!$B:$B,D9)) -> 416130600 | E17: =IF(E8="","",SUMIFS(Indicadores_Generales!$Y:$Y,Indicadores_Generales!$B:$B,E9)) -> 1440455365 | F17: =IF(F8="","",SUMIFS(Indicadores_Generales!$Y:$Y,Indicadores_Generales!$B:$B,F9)) -> 2494336212 | G17: =IF(G8="","",SUMIFS(Indicadores_Generales!$Y:$Y,Indicadores_Generales!$B:$B,G9)) -> 10543450984 | H17: =IF(H8="","",SUMIFS(Indicadores_Generales!$Y:$Y,Indicadores_Generales!$B:$B,H9)) -> 2.8768411e+09 | I17: =IF(I8="","",SUMIFS(Indicadores_Generales!$Y:$Y,Indicadores_Generales!$B:$B,I9)) -> 5.029327e+09 | J17: =IF(J8="","",SUMIFS(Indicadores_Generales!$Y:$Y,Indicadores_Generales!$B:$B,J9)) -> 3553530884 | ... Q17: =IF(Q8="","",SUMIFS(Indicadores_Generales!$Y:$Y,Indicadores_Generales!$B:$B,Q9)) -> 2213157358
B18: Activo total-Pasivo total-Patrimonio | C18: =IF(C8="","",C15-C16-C17) -> 0 | D18: =IF(D8="","",D15-D16-D17) -> 0 | E18: =IF(E8="","",E15-E16-E17) -> 0 | F18: =IF(F8="","",F15-F16-F17) -> 0 | G18: =IF(G8="","",G15-G16-G17) -> -100000000 | H18: =IF(H8="","",H15-H16-H17) -> -4.7683716e-07 | I18: =IF(I8="","",I15-I16-I17) -> 0 | J18: =IF(J8="","",J15-J16-J17) -> 0 | ... Q18: =IF(Q8="","",Q15-Q16-Q17) -> 0
B19: UTILIDAD OPERACIONAL | C19: =IF(C8="","",SUMIFS(Indicadores_Generales!$Z:$Z,Indicadores_Generales!$B:$B,C9)) -> 715304142 | D19: =IF(D8="","",SUMIFS(Indicadores_Generales!$Z:$Z,Indicadores_Generales!$B:$B,D9)) -> 81880663 | E19: =IF(E8="","",SUMIFS(Indicadores_Generales!$Z:$Z,Indicadores_Generales!$B:$B,E9)) -> 446836579 | F19: =IF(F8="","",SUMIFS(Indicadores_Generales!$Z:$Z,Indicadores_Generales!$B:$B,F9)) -> 1005374063 | G19: =IF(G8="","",SUMIFS(Indicadores_Generales!$Z:$Z,Indicadores_Generales!$B:$B,G9)) -> 2437652030 | H19: =IF(H8="","",SUMIFS(Indicadores_Generales!$Z:$Z,Indicadores_Generales!$B:$B,H9)) -> 5.4200815e+08 | I19: =IF(I8="","",SUMIFS(Indicadores_Generales!$Z:$Z,Indicadores_Generales!$B:$B,I9)) -> 2.9623356e+09 | J19: =IF(J8="","",SUMIFS(Indicadores_Generales!$Z:$Z,Indicadores_Generales!$B:$B,J9)) -> 813217441 | ... Q19: =IF(Q8="","",SUMIFS(Indicadores_Generales!$Z:$Z,Indicadores_Generales!$B:$B,Q9)) -> 927348097
B20: GASTOS DE INTERESES | C20: =IF(C8="","",SUMIFS(Indicadores_Generales!$AA:$AA,Indicadores_Generales!$B:$B,C9)) -> 128398575 | D20: =IF(D8="","",SUMIFS(Indicadores_Generales!$AA:$AA,Indicadores_Generales!$B:$B,D9)) -> 5607667 | E20: =IF(E8="","",SUMIFS(Indicadores_Generales!$AA:$AA,Indicadores_Generales!$B:$B,E9)) -> 58621899 | F20: =IF(F8="","",SUMIFS(Indicadores_Generales!$AA:$AA,Indicadores_Generales!$B:$B,F9)) -> 93713114 | G20: =IF(G8="","",SUMIFS(Indicadores_Generales!$AA:$AA,Indicadores_Generales!$B:$B,G9)) -> 222985000 | H20: =IF(H8="","",SUMIFS(Indicadores_Generales!$AA:$AA,Indicadores_Generales!$B:$B,H9)) -> 2758455.1 | I20: =IF(I8="","",SUMIFS(Indicadores_Generales!$AA:$AA,Indicadores_Generales!$B:$B,I9)) -> 2532565.5 | J20: =IF(J8="","",SUMIFS(Indicadores_Generales!$AA:$AA,Indicadores_Generales!$B:$B,J9)) -> 29945362 | ... Q20: =IF(Q8="","",SUMIFS(Indicadores_Generales!$AA:$AA,Indicadores_Generales!$B:$B,Q9)) -> 12815847
B21: Rentabilidad del Patrimonio = Utilidad Operacional / Patrimonio | C21: =IF(C8="","",C19/C17) -> 0.20576428 | D21: =IF(D8="","",D19/D17) -> 0.19676674 | E21: =IF(E8="","",E19/E17) -> 0.31020509 | F21: =IF(F8="","",F19/F17) -> 0.40306277 | G21: =IF(G8="","",G19/G17) -> 0.23120058 | H21: =IF(H8="","",H19/H17) -> 0.18840393 | I21: =IF(I8="","",I19/I17) -> 0.58901234 | J21: =IF(J8="","",J19/J17) -> 0.22884772 | ... Q21: =IF(Q8="","",Q19/Q17) -> 0.41901589
B22: Rentabilidad del Activo = Utilidad Operacional / Activo Total | C22: =IF(C8="","",C19/C15) -> 0.13659753 | D22: =IF(D8="","",D19/D15) -> 0.12032686 | E22: =IF(E8="","",E19/E15) -> 0.13790675 | F22: =IF(F8="","",F19/F15) -> 0.21462539 | G22: =IF(G8="","",G19/G15) -> 0.18474931 | H22: =IF(H8="","",H19/H15) -> 0.13251403 | I22: =IF(I8="","",I19/I15) -> 0.5095501 | J22: =IF(J8="","",J19/J15) -> 0.13957734 | ... Q22: =IF(Q8="","",Q19/Q15) -> 0.18951421
B23: VALOR DEL PRESUPUESTO OFICIAL | C23: =IF(C8="","",Indicadores_Generales!$D$5) -> 800053615 | D23: =IF(D8="","",Indicadores_Generales!$D$5) -> 800053615 | E23: =IF(E8="","",Indicadores_Generales!$D$5) -> 800053615 | F23: =IF(F8="","",Indicadores_Generales!$D$5) -> 800053615 | G23: =IF(G8="","",Indicadores_Generales!$D$5) -> 800053615 | H23: =IF(H8="","",Indicadores_Generales!$D$5) -> 800053615 | I23: =IF(I8="","",Indicadores_Generales!$D$5) -> 800053615 | J23: =IF(J8="","",Indicadores_Generales!$D$5) -> 800053615 | ... Q23: =IF(Q8="","",Indicadores_Generales!$D$5) -> 800053615
B24: CRITERIO DE VERIFICACIÓN FINANCIERA
B25: HÁBIL | N25: NO HÁBIL
B27: CRITERIO DE VERIFICACIÓN FINANCIERA
B28: =Indicadores_Generales!C9 -> Indice de Liquidez: (mín. 1, ) veces. | C28: =IF(C8="","",IFERROR(IF(C29>=Indicadores_Generales!$D$9,$B$25,$N$25),"")) -> HÁBIL | D28: =IF(D8="","",IFERROR(IF(D29>=Indicadores_Generales!$D$9,$B$25,$N$25),"")) -> HÁBIL | E28: =IF(E8="","",IFERROR(IF(E29>=Indicadores_Generales!$D$9,$B$25,$N$25),"")) -> HÁBIL | F28: =IF(F8="","",IFERROR(IF(F29>=Indicadores_Generales!$D$9,$B$25,$N$25),"")) -> HÁBIL | G28: =IF(G8="","",IFERROR(IF(G29>=Indicadores_Generales!$D$9,$B$25,$N$25),"")) -> HÁBIL | H28: =IF(H8="","",IFERROR(IF(H29>=Indicadores_Generales!$D$9,$B$25,$N$25),"")) -> HÁBIL | I28: =IF(I8="","",IFERROR(IF(I29>=Indicadores_Generales!$D$9,$B$25,$N$25),"")) -> HÁBIL | J28: =IF(J8="","",IFERROR(IF(J29>=Indicadores_Generales!$D$9,$B$25,$N$25),"")) -> HÁBIL | ... Q28: =IF(Q8="","",IFERROR(IF(Q29>=Indicadores_Generales!$D$9,$B$25,$N$25),"")) -> HÁBIL
B29: Activo corriente / Pasivo corriente | C29: =IF(C8="","",IFERROR(C13/C14,"Indeterminado")) -> 20.293807 | D29: =IF(D8="","",IFERROR(D13/D14,"Indeterminado")) -> 2.5741372 | E29: =IF(E8="","",IFERROR(E13/E14,"Indeterminado")) -> 9.4294817 | F29: =IF(F8="","",IFERROR(F13/F14,"Indeterminado")) -> 4.0969298 | G29: =IF(G8="","",IFERROR(G13/G14,"Indeterminado")) -> 6.4618506 | H29: =IF(H8="","",IFERROR(H13/H14,"Indeterminado")) -> 2.0868574 | I29: =IF(I8="","",IFERROR(I13/I14,"Indeterminado")) -> 7.9222227 | J29: =IF(J8="","",IFERROR(J13/J14,"Indeterminado")) -> 16.555912 | ... Q29: =IF(Q8="","",IFERROR(Q13/Q14,"Indeterminado")) -> 1.6589923
B30: =Indicadores_Generales!C10 -> Endeudamiento total: (máx. 70,%). | C30: =IF(C8="","",IFERROR(IF(C31<=Indicadores_Generales!$D$10,$B$25,$N$25),"")) -> HÁBIL | D30: =IF(D8="","",IFERROR(IF(D31<=Indicadores_Generales!$D$10,$B$25,$N$25),"")) -> HÁBIL | E30: =IF(E8="","",IFERROR(IF(E31<=Indicadores_Generales!$D$10,$B$25,$N$25),"")) -> HÁBIL | F30: =IF(F8="","",IFERROR(IF(F31<=Indicadores_Generales!$D$10,$B$25,$N$25),"")) -> HÁBIL | G30: =IF(G8="","",IFERROR(IF(G31<=Indicadores_Generales!$D$10,$B$25,$N$25),"")) -> HÁBIL | H30: =IF(H8="","",IFERROR(IF(H31<=Indicadores_Generales!$D$10,$B$25,$N$25),"")) -> HÁBIL | I30: =IF(I8="","",IFERROR(IF(I31<=Indicadores_Generales!$D$10,$B$25,$N$25),"")) -> HÁBIL | J30: =IF(J8="","",IFERROR(IF(J31<=Indicadores_Generales!$D$10,$B$25,$N$25),"")) -> HÁBIL | ... Q30: =IF(Q8="","",IFERROR(IF(Q31<=Indicadores_Generales!$D$10,$B$25,$N$25),"")) -> HÁBIL
B31: (Pasivo total / Activo total)*100 | C31: =IF(C8="","",C16/C15) -> 0.33614558 | D31: =IF(D8="","",D16/D15) -> 0.38847968 | E31: =IF(E8="","",E16/E15) -> 0.55543361 | F31: =IF(F8="","",F16/F15) -> 0.46751374 | G31: =IF(G8="","",G16/G15) -> 0.20849229 | H31: =IF(H8="","",H16/H15) -> 0.29664932 | I31: =IF(I8="","",I16/I15) -> 0.13490759 | J31: =IF(J8="","",J16/J15) -> 0.39008641 | ... Q31: =IF(Q8="","",Q16/Q15) -> 0.54771594
B32: =Indicadores_Generales!C11 -> Razon de Cobertura de Intereses (>= a 1, veces) ó Indeterminado. | C32: =IF(C8="","",IFERROR(IF(C33>Indicadores_Generales!$D$11,$B$25,$N$25),"")) -> HÁBIL | D32: =IF(D8="","",IFERROR(IF(D33>Indicadores_Generales!$D$11,$B$25,$N$25),"")) -> HÁBIL | E32: =IF(E8="","",IFERROR(IF(E33>Indicadores_Generales!$D$11,$B$25,$N$25),"")) -> HÁBIL | F32: =IF(F8="","",IFERROR(IF(F33>Indicadores_Generales!$D$11,$B$25,$N$25),"")) -> HÁBIL | G32: =IF(G8="","",IFERROR(IF(G33>Indicadores_Generales!$D$11,$B$25,$N$25),"")) -> HÁBIL | H32: =IF(H8="","",IFERROR(IF(H33>Indicadores_Generales!$D$11,$B$25,$N$25),"")) -> HÁBIL | I32: =IF(I8="","",IFERROR(IF(I33>Indicadores_Generales!$D$11,$B$25,$N$25),"")) -> HÁBIL | J32: =IF(J8="","",IFERROR(IF(J33>Indicadores_Generales!$D$11,$B$25,$N$25),"")) -> HÁBIL | ... Q32: =IF(Q8="","",IFERROR(IF(Q33>Indicadores_Generales!$D$11,$B$25,$N$25),"")) -> HÁBIL
B33: RC= (Utilidad Operacional) / (Gastos de Intereses) | C33: =IF(C8="","",IFERROR(C19/C20,"Indeterminado")) -> 5.5709664 | D33: =IF(D8="","",IFERROR(D19/D20,"Indeterminado")) -> 14.601556 | E33: =IF(E8="","",IFERROR(E19/E20,"Indeterminado")) -> 7.6223491 | F33: =IF(F8="","",IFERROR(F19/F20,"Indeterminado")) -> 10.728211 | G33: =IF(G8="","",IFERROR(G19/G20,"Indeterminado")) -> 10.93191 | H33: =IF(H8="","",IFERROR(H19/H20,"Indeterminado")) -> 196.48975 | I33: =IF(I8="","",IFERROR(I19/I20,"Indeterminado")) -> 1169.6975 | J33: =IF(J8="","",IFERROR(J19/J20,"Indeterminado")) -> 27.156708 | ... Q33: =IF(Q8="","",IFERROR(Q19/Q20,"Indeterminado")) -> 72.359486
B34: =Indicadores_Generales!C12 -> Capital de Trabajo ≥ A 25,% del PPTO Oficial. | C34: =IFERROR(IF(C35>(C23*Indicadores_Generales!$D$12),$B$25,$N$25),"") -> HÁBIL | D34: =IFERROR(IF(D35>(D23*Indicadores_Generales!$D$12),$B$25,$N$25),"") -> HÁBIL | E34: =IFERROR(IF(E35>(E23*Indicadores_Generales!$D$12),$B$25,$N$25),"") -> HÁBIL | F34: =IFERROR(IF(F35>(F23*Indicadores_Generales!$D$12),$B$25,$N$25),"") -> HÁBIL | G34: =IFERROR(IF(G35>(G23*Indicadores_Generales!$D$12),$B$25,$N$25),"") -> HÁBIL | H34: =IFERROR(IF(H35>(H23*Indicadores_Generales!$D$12),$B$25,$N$25),"") -> HÁBIL | I34: =IFERROR(IF(I35>(I23*Indicadores_Generales!$D$12),$B$25,$N$25),"") -> HÁBIL | J34: =IFERROR(IF(J35>(J23*Indicadores_Generales!$D$12),$B$25,$N$25),"") -> HÁBIL | ... Q34: =IFERROR(IF(Q35>(Q23*Indicadores_Generales!$D$12),$B$25,$N$25),"") -> HÁBIL
B35: ="CT = Activo Corriente - Pasivo Corriente ≥ $ "&FIXED(Indicadores_Generales!D5*Indicadores_Generales!D12,0,FALSE) -> CT = Activo Corriente - Pasivo Corriente ≥ $ 200.013.404 | C35: =IF(C8="","",SUMIFS(Indicadores_Generales!$T:$T,Indicadores_Generales!$B:$B,C9)) -> 4582503976 | D35: =IF(D8="","",SUMIFS(Indicadores_Generales!$T:$T,Indicadores_Generales!$B:$B,D9)) -> 416130600 | E35: =IF(E8="","",SUMIFS(Indicadores_Generales!$T:$T,Indicadores_Generales!$B:$B,E9)) -> 1882747981 | F35: =IF(F8="","",SUMIFS(Indicadores_Generales!$T:$T,Indicadores_Generales!$B:$B,F9)) -> 3126658157 | G35: =IF(G8="","",SUMIFS(Indicadores_Generales!$T:$T,Indicadores_Generales!$B:$B,G9)) -> 20328311234 | H35: =IF(H8="","",SUMIFS(Indicadores_Generales!$T:$T,Indicadores_Generales!$B:$B,H9)) -> 1555298951 | I35: =IF(I8="","",SUMIFS(Indicadores_Generales!$T:$T,Indicadores_Generales!$B:$B,I9)) -> 6851206710 | J35: =IF(J8="","",SUMIFS(Indicadores_Generales!$T:$T,Indicadores_Generales!$B:$B,J9)) -> 5472030802 | ... Q35: =IF(Q8="","",SUMIFS(Indicadores_Generales!$T:$T,Indicadores_Generales!$B:$B,Q9)) -> 817005731
B36: CRITERIO DE VERIFICACIÓN CAPACIDAD ORGANIZACIONAL
B38: =Indicadores_Generales!C13 -> Indicador Rentabilidad del Patrimonio RP => AL 0% | C38: =IF(C8="","",IFERROR(IF(C39>=Indicadores_Generales!$D$13,$B$25,$N$25),"")) -> HÁBIL | D38: =IF(D8="","",IFERROR(IF(D39>=Indicadores_Generales!$D$13,$B$25,$N$25),"")) -> HÁBIL | E38: =IF(E8="","",IFERROR(IF(E39>=Indicadores_Generales!$D$13,$B$25,$N$25),"")) -> HÁBIL | F38: =IF(F8="","",IFERROR(IF(F39>=Indicadores_Generales!$D$13,$B$25,$N$25),"")) -> HÁBIL | G38: =IF(G8="","",IFERROR(IF(G39>=Indicadores_Generales!$D$13,$B$25,$N$25),"")) -> HÁBIL | H38: =IF(H8="","",IFERROR(IF(H39>=Indicadores_Generales!$D$13,$B$25,$N$25),"")) -> HÁBIL | I38: =IF(I8="","",IFERROR(IF(I39>=Indicadores_Generales!$D$13,$B$25,$N$25),"")) -> HÁBIL | J38: =IF(J8="","",IFERROR(IF(J39>=Indicadores_Generales!$D$13,$B$25,$N$25),"")) -> HÁBIL | ... Q38: =IF(Q8="","",IFERROR(IF(Q39>=Indicadores_Generales!$D$13,$B$25,$N$25),"")) -> HÁBIL
B39: RP = (Utilidad Operacional / Patrimonio) | C39: =IF(C8="","",C19/C17) -> 0.20576428 | D39: =IF(D8="","",D19/D17) -> 0.19676674 | E39: =IF(E8="","",E19/E17) -> 0.31020509 | F39: =IF(F8="","",F19/F17) -> 0.40306277 | G39: =IF(G8="","",G19/G17) -> 0.23120058 | H39: =IF(H8="","",H19/H17) -> 0.18840393 | I39: =IF(I8="","",I19/I17) -> 0.58901234 | J39: =IF(J8="","",J19/J17) -> 0.22884772 | ... Q39: =IF(Q8="","",Q19/Q17) -> 0.41901589
B40: =Indicadores_Generales!C14 -> Indicador Rentabilidad del Activo RAct => AL 0% | C40: =IF(C8="","",IFERROR(IF(C41>=Indicadores_Generales!$D$14,$B$25,$N$25),"")) -> HÁBIL | D40: =IF(D8="","",IFERROR(IF(D41>=Indicadores_Generales!$D$14,$B$25,$N$25),"")) -> HÁBIL | E40: =IF(E8="","",IFERROR(IF(E41>=Indicadores_Generales!$D$14,$B$25,$N$25),"")) -> HÁBIL | F40: =IF(F8="","",IFERROR(IF(F41>=Indicadores_Generales!$D$14,$B$25,$N$25),"")) -> HÁBIL | G40: =IF(G8="","",IFERROR(IF(G41>=Indicadores_Generales!$D$14,$B$25,$N$25),"")) -> HÁBIL | H40: =IF(H8="","",IFERROR(IF(H41>=Indicadores_Generales!$D$14,$B$25,$N$25),"")) -> HÁBIL | I40: =IF(I8="","",IFERROR(IF(I41>=Indicadores_Generales!$D$14,$B$25,$N$25),"")) -> HÁBIL | J40: =IF(J8="","",IFERROR(IF(J41>=Indicadores_Generales!$D$14,$B$25,$N$25),"")) -> HÁBIL | ... Q40: =IF(Q8="","",IFERROR(IF(Q41>=Indicadores_Generales!$D$14,$B$25,$N$25),"")) -> HÁBIL
B41: RA = (Utilidad Operacional / Activo Total) | C41: =IF(C8="","",C19/C15) -> 0.13659753 | D41: =IF(D8="","",D19/D15) -> 0.12032686 | E41: =IF(E8="","",E19/E15) -> 0.13790675 | F41: =IF(F8="","",F19/F15) -> 0.21462539 | G41: =IF(G8="","",G19/G15) -> 0.18474931 | H41: =IF(H8="","",H19/H15) -> 0.13251403 | I41: =IF(I8="","",I19/I15) -> 0.5095501 | J41: =IF(J8="","",J19/J15) -> 0.13957734 | ... Q41: =IF(Q8="","",Q19/Q15) -> 0.18951421
B42: CUMPLIMIENTO REQUISITOS HABLITANTES | C42: =IF(C8="","",IF(COUNTIF(C28:C41,"NO HÁBIL")>=1,"NO HABILITADO","HABILITADO")) -> HABILITADO | D42: =IF(D8="","",IF(COUNTIF(D28:D41,"NO HÁBIL")>=1,"NO HABILITADO","HABILITADO")) -> HABILITADO | E42: =IF(E8="","",IF(COUNTIF(E28:E41,"NO HÁBIL")>=1,"NO HABILITADO","HABILITADO")) -> HABILITADO | F42: =IF(F8="","",IF(COUNTIF(F28:F41,"NO HÁBIL")>=1,"NO HABILITADO","HABILITADO")) -> HABILITADO | G42: =IF(G8="","",IF(COUNTIF(G28:G41,"NO HÁBIL")>=1,"NO HABILITADO","HABILITADO")) -> HABILITADO | H42: =IF(H8="","",IF(COUNTIF(H28:H41,"NO HÁBIL")>=1,"NO HABILITADO","HABILITADO")) -> HABILITADO | I42: =IF(I8="","",IF(COUNTIF(I28:I41,"NO HÁBIL")>=1,"NO HABILITADO","HABILITADO")) -> HABILITADO | J42: =IF(J8="","",IF(COUNTIF(J28:J41,"NO HÁBIL")>=1,"NO HABILITADO","HABILITADO")) -> HABILITADO | ... Q42: =IF(Q8="","",IF(COUNTIF(Q28:Q41,"NO HÁBIL")>=1,"NO HABILITADO","HABILITADO")) -> HABILITADO
B44: NOTA: Una vez verificada la Informacion Finaciera presentada por cada uno de los proponentes, nos permitimos informar que las sociedades arriba descritas, que cúmplen con lo solicitado en los pliegos de condiciones definitivos en cuanto a los Indicadores Financieros requeridos se encuentran HABILITADAS.
B51: Comité Evaluador Financiero | D51: Comité Evaluador Financiero | H51: Comité Evaluador Financiero | L51: Directora Financiera SDG | O51: Contadora SDG
B53: ="NOTA: La fecha de corte de la información financiera registrada en el RUP debe ser de acuerdo a lo establecido en el pliego definitivo de condiciones del proceso "&Indicadores_Generales!D4&"." -> NOTA: La fecha de corte de la información financiera registrada en el RUP debe ser de acuerdo a lo establecido en el pliego definitivo de condiciones del proceso FDLBOSACM-004-2022(71937).

Sheet GCO-GCI-107_16 a 30
C1: VERIFICACIÓN FINANCIERA Y CAPACIDAD ORGANIZACIONAL | Q1: Código: GCO-GCI-F107 Versión: 02 Vigencia: 23 de diciembre de 2021 Caso HOLA: 209033
B6: ="PROCESO DE SELECCIÓN "&Indicadores_Generales!D4 -> PROCESO DE SELECCIÓN FDLBOSACM-004-2022(71937)
B7: ="OBJETO: "&UPPER(Indicadores_Generales!D6) -> OBJETO: REALIZAR LA INTERVENTORÍA TÉCNICA, ADMINISTRATIVA, FINANCIERA, JURÍDICA, SOCIAL, AMBIENTAL Y SST AL CONTRATO DE OBRA PÚBLICA QUE TENDRÁ POR OBJETO CONTRACTUAL EJECUTAR POR EL SISTEMA DE PRECIOS UNITARIOS FIJOS SIN FORMULA DE REAJUSTE Y A MONTO AGOTABLE LAS ACTIVIDADES NECESARIAS PARA LA EJECUCIÓN DE LAS OBRAS DE CONSTRUCCIÓN DE MALLA VIAL Y ESPACIO PUBLICO ASOCIADO DE LA LOCALIDAD DE BOSA, DE ACUERDO CON LA DESCRIPCIÓN, ESPECIFICACIONES, ESTUDIOS, DISEÑOS Y DEMÁS CONDICIONES ESTABLECIDAS EN EL ANEXO TÉCNICO
B8: CONCEPTO | C8: =IFERROR(IF(VLOOKUP(C9,Indicadores_Generales!$B$17:$AG$143,5,0)=0,"",VLOOKUP(C9,Indicadores_Generales!$B$17:$AG$143,5,0)),"") -> CONSORCIO CMP BOSA | D8: =IFERROR(IF(VLOOKUP(D9,Indicadores_Generales!$B$17:$AG$143,5,0)=0,"",VLOOKUP(D9,Indicadores_Generales!$B$17:$AG$143,5,0)),"") -> INGENIEROS CONSULTORES Y CONSTRUCTORES ARG SAS | E8: =IFERROR(IF(VLOOKUP(E9,Indicadores_Generales!$B$17:$AG$143,5,0)=0,"",VLOOKUP(E9,Indicadores_Generales!$B$17:$AG$143,5,0)),"") -> ICE S.A.S. | F8: =IFERROR(IF(VLOOKUP(F9,Indicadores_Generales!$B$17:$AG$143,5,0)=0,"",VLOOKUP(F9,Indicadores_Generales!$B$17:$AG$143,5,0)),"") -> CONSORCIO SG 0595 | G8: =IFERROR(IF(VLOOKUP(G9,Indicadores_Generales!$B$17:$AG$143,5,0)=0,"",VLOOKUP(G9,Indicadores_Generales!$B$17:$AG$143,5,0)),"") -> Estructurador Colombia SAS | H8: =IFERROR(IF(VLOOKUP(H9,Indicadores_Generales!$B$17:$AG$143,5,0)=0,"",VLOOKUP(H9,Indicadores_Generales!$B$17:$AG$143,5,0)),"") -> SMA S.A.S | I8: =IFERROR(IF(VLOOKUP(I9,Indicadores_Generales!$B$17:$AG$143,5,0)=0,"",VLOOKUP(I9,Indicadores_Generales!$B$17:$AG$143,5,0)),"") -> INGEOCILCON S.A.S. | J8: =IFERROR(IF(VLOOKUP(J9,Indicadores_Generales!$B$17:$AG$143,5,0)=0,"",VLOOKUP(J9,Indicadores_Generales!$B$17:$AG$143,5,0)),"") -> GNG SERVICIOS DE INGENIERIA S.A.S. | ... Q8: =IFERROR(IF(VLOOKUP(Q9,Indicadores_Generales!$B$17:$AG$143,5,0)=0,"",VLOOKUP(Q9,Indicadores_Generales!$B$17:$AG$143,5,0)),"") -> CONSULTORES DONOVAN SAS
B9: Numero Proponente | C9: 16 | D9: 17 | E9: 18 | F9: 19 | G9: 20 | H9: 21 | I9: 22 | J9: 23 | K9: 24 | L9: 25 | M9: 26 | N9: 27 | O9: 28 | P9: 29 | Q9: 30
B10: BALANCE GENERAL CON CORTE A 31 DE DICIEMBRE AÑO | C10: =IF(C8="","",IFERROR(IF(VLOOKUP(C9,Indicadores_Generales!$B$17:$AG$143,4,0)=0,"",DATE(VLOOKUP(C9,Indicadores_Generales!$B$17:$AG$143,4,0),12,31)),"")) -> 44561 | D10: =IF(D8="","",IFERROR(IF(VLOOKUP(D9,Indicadores_Generales!$B$17:$AG$143,4,0)=0,"",DATE(VLOOKUP(D9,Indicadores_Generales!$B$17:$AG$143,4,0),12,31)),"")) -> 44561 | E10: =IF(E8="","",IFERROR(IF(VLOOKUP(E9,Indicadores_Generales!$B$17:$AG$143,4,0)=0,"",DATE(VLOOKUP(E9,Indicadores_Generales!$B$17:$AG$143,4,0),12,31)),"")) -> 44561 | F10: =IF(F8="","",IFERROR(IF(VLOOKUP(F9,Indicadores_Generales!$B$17:$AG$143,4,0)=0,"",DATE(VLOOKUP(F9,Indicadores_Generales!$B$17:$AG$143,4,0),12,31)),"")) -> 44561 | G10: =IF(G8="","",IFERROR(IF(VLOOKUP(G9,Indicadores_Generales!$B$17:$AG$143,4,0)=0,"",DATE(VLOOKUP(G9,Indicadores_Generales!$B$17:$AG$143,4,0),12,31)),"")) -> 44561 | H10: =IF(H8="","",IFERROR(IF(VLOOKUP(H9,Indicadores_Generales!$B$17:$AG$143,4,0)=0,"",DATE(VLOOKUP(H9,Indicadores_Generales!$B$17:$AG$143,4,0),12,31)),"")) -> 44561 | I10: =IF(I8="","",IFERROR(IF(VLOOKUP(I9,Indicadores_Generales!$B$17:$AG$143,4,0)=0,"",DATE(VLOOKUP(I9,Indicadores_Generales!$B$17:$AG$143,4,0),12,31)),"")) -> 44561 | J10: =IF(J8="","",IFERROR(IF(VLOOKUP(J9,Indicadores_Generales!$B$17:$AG$143,4,0)=0,"",DATE(VLOOKUP(J9,Indicadores_Generales!$B$17:$AG$143,4,0),12,31)),"")) -> 44561 | ... Q10: =IF(Q8="","",IFERROR(IF(VLOOKUP(Q9,Indicadores_Generales!$B$17:$AG$143,4,0)=0,"",DATE(VLOOKUP(Q9,Indicadores_Generales!$B$17:$AG$143,4,0),12,31)),"")) -> 44561
B11: PRESENTACIÓN DE RUP VIGENTE | C11: =IF(C8="","",IF(C10="","","VIGENTE")) -> VIGENTE | D11: =IF(D8="","",IF(D10="","","VIGENTE")) -> VIGENTE | E11: =IF(E8="","",IF(E10="","","VIGENTE")) -> VIGENTE | F11: =IF(F8="","",IF(F10="","","VIGENTE")) -> VIGENTE | G11: =IF(G8="","",IF(G10="","","VIGENTE")) -> VIGENTE | H11: =IF(H8="","",IF(H10="","","VIGENTE")) -> VIGENTE | I11: =IF(I8="","",IF(I10="","","VIGENTE")) -> VIGENTE | J11: =IF(J8="","",IF(J10="","","VIGENTE")) -> VIGENTE | ... Q11: =IF(Q8="","",IF(Q10="","","VIGENTE")) -> VIGENTE
B12: INFORMACION TOMADA DEL RUP VIGENTE | C12: =IF(C8="","",SUMIFS(Indicadores_Generales!$G:$G,Indicadores_Generales!$B:$B,C9)) -> 1 | D12: =IF(D8="","",SUMIFS(Indicadores_Generales!$G:$G,Indicadores_Generales!$B:$B,D9)) -> 1 | E12: =IF(E8="","",SUMIFS(Indicadores_Generales!$G:$G,Indicadores_Generales!$B:$B,E9)) -> 1 | F12: =IF(F8="","",SUMIFS(Indicadores_Generales!$G:$G,Indicadores_Generales!$B:$B,F9)) -> 1 | G12: =IF(G8="","",SUMIFS(Indicadores_Generales!$G:$G,Indicadores_Generales!$B:$B,G9)) -> 1 | H12: =IF(H8="","",SUMIFS(Indicadores_Generales!$G:$G,Indicadores_Generales!$B:$B,H9)) -> 1 | I12: =IF(I8="","",SUMIFS(Indicadores_Generales!$G:$G,Indicadores_Generales!$B:$B,I9)) -> 1 | J12: =IF(J8="","",SUMIFS(Indicadores_Generales!$G:$G,Indicadores_Generales!$B:$B,J9)) -> 1 | ... Q12: =IF(Q8="","",SUMIFS(Indicadores_Generales!$G:$G,Indicadores_Generales!$B:$B,Q9)) -> 1
B13: ACTIVO CORRIENTE | C13: =IF(C8="","",SUMIFS(Indicadores_Generales!$U:$U,Indicadores_Generales!$B:$B,C9)) -> 9.4562958e+08 | D13: =IF(D8="","",SUMIFS(Indicadores_Generales!$U:$U,Indicadores_Generales!$B:$B,D9)) -> 1814368734 | E13: =IF(E8="","",SUMIFS(Indicadores_Generales!$U:$U,Indicadores_Generales!$B:$B,E9)) -> 5425765350 | F13: =IF(F8="","",SUMIFS(Indicadores_Generales!$U:$U,Indicadores_Generales!$B:$B,F9)) -> 4.0264847e+09 | G13: =IF(G8="","",SUMIFS(Indicadores_Generales!$U:$U,Indicadores_Generales!$B:$B,G9)) -> 5186721027 | H13: =IF(H8="","",SUMIFS(Indicadores_Generales!$U:$U,Indicadores_Generales!$B:$B,H9)) -> 41274166741 | I13: =IF(I8="","",SUMIFS(Indicadores_Generales!$U:$U,Indicadores_Generales!$B:$B,I9)) -> 707840439 | J13: =IF(J8="","",SUMIFS(Indicadores_Generales!$U:$U,Indicadores_Generales!$B:$B,J9)) -> 1649986000 | ... Q13: =IF(Q8="","",SUMIFS(Indicadores_Generales!$U:$U,Indicadores_Generales!$B:$B,Q9)) -> 8628340411
B14: PASIVO CORRIENTE | C14: =IF(C8="","",SUMIFS(Indicadores_Generales!$V:$V,Indicadores_Generales!$B:$B,C9)) -> 1.2609243e+08 | D14: =IF(D8="","",SUMIFS(Indicadores_Generales!$V:$V,Indicadores_Generales!$B:$B,D9)) -> 725405354 | E14: =IF(E8="","",SUMIFS(Indicadores_Generales!$V:$V,Indicadores_Generales!$B:$B,E9)) -> 175964483 | F14: =IF(F8="","",SUMIFS(Indicadores_Generales!$V:$V,Indicadores_Generales!$B:$B,F9)) -> 5.3489377e+08 | G14: =IF(G8="","",SUMIFS(Indicadores_Generales!$V:$V,Indicadores_Generales!$B:$B,G9)) -> 3154745800 | H14: =IF(H8="","",SUMIFS(Indicadores_Generales!$V:$V,Indicadores_Generales!$B:$B,H9)) -> 12358742404 | I14: =IF(I8="","",SUMIFS(Indicadores_Generales!$V:$V,Indicadores_Generales!$B:$B,I9)) -> 43420303 | J14: =IF(J8="","",SUMIFS(Indicadores_Generales!$V:$V,Indicadores_Generales!$B:$B,J9)) -> 105484000 | ... Q14: =IF(Q8="","",SUMIFS(Indicadores_Generales!$V:$V,Indicadores_Generales!$B:$B,Q9)) -> 559703390
B15: ACTIVO TOTAL | C15: =IF(C8="","",SUMIFS(Indicadores_Generales!$W:$W,Indicadores_Generales!$B:$B,C9)) -> 1.0656318e+09 | D15: =IF(D8="","",SUMIFS(Indicadores_Generales!$W:$W,Indicadores_Generales!$B:$B,D9)) -> 1814368734 | E15: =IF(E8="","",SUMIFS(Indicadores_Generales!$W:$W,Indicadores_Generales!$B:$B,E9)) -> 5668707859 | F15: =IF(F8="","",SUMIFS(Indicadores_Generales!$W:$W,Indicadores_Generales!$B:$B,F9)) -> 4.5742201e+09 | G15: =IF(G8="","",SUMIFS(Indicadores_Generales!$W:$W,Indicadores_Generales!$B:$B,G9)) -> 6150759186 | H15: =IF(H8="","",SUMIFS(Indicadores_Generales!$W:$W,Indicadores_Generales!$B:$B,H9)) -> 49038892930 | I15: =IF(I8="","",SUMIFS(Indicadores_Generales!$W:$W,Indicadores_Generales!$B:$B,I9)) -> 937244057 | J15: =IF(J8="","",SUMIFS(Indicadores_Generales!$W:$W,Indicadores_Generales!$B:$B,J9)) -> 2106978000 | ... Q15: =IF(Q8="","",SUMIFS(Indicadores_Generales!$W:$W,Indicadores_Generales!$B:$B,Q9)) -> 8744010431
B16: PASIVO TOTAL | C16: =IF(C8="","",SUMIFS(Indicadores_Generales!$X:$X,Indicadores_Generales!$B:$B,C9)) -> 2.331385e+08 | D16: =IF(D8="","",SUMIFS(Indicadores_Generales!$X:$X,Indicadores_Generales!$B:$B,D9)) -> 999516566 | E16: =IF(E8="","",SUMIFS(Indicadores_Generales!$X:$X,Indicadores_Generales!$B:$B,E9)) -> 1828323310 | F16: =IF(F8="","",SUMIFS(Indicadores_Generales!$X:$X,Indicadores_Generales!$B:$B,F9)) -> 2.132546e+09 | G16: =IF(G8="","",SUMIFS(Indicadores_Generales!$X:$X,Indicadores_Generales!$B:$B,G9)) -> 3299614712 | H16: =IF(H8="","",SUMIFS(Indicadores_Generales!$X:$X,Indicadores_Generales!$B:$B,H9)) -> 16936928404 | I16: =IF(I8="","",SUMIFS(Indicadores_Generales!$X:$X,Indicadores_Generales!$B:$B,I9)) -> 437086182 | J16: =IF(J8="","",SUMIFS(Indicadores_Generales!$X:$X,Indicadores_Generales!$B:$B,J9)) -> 1109947000 | ... Q16: =IF(Q8="","",SUMIFS(Indicadores_Generales!$X:$X,Indicadores_Generales!$B:$B,Q9)) -> 5994622372
B17: PATRIMONIO | C17: =IF(C8="","",SUMIFS(Indicadores_Generales!$Y:$Y,Indicadores_Generales!$B:$B,C9)) -> 8.3249334e+08 | D17: =IF(D8="","",SUMIFS(Indicadores_Generales!$Y:$Y,Indicadores_Generales!$B:$B,D9)) -> 814852168 | E17: =IF(E8="","",SUMIFS(Indicadores_Generales!$Y:$Y,Indicadores_Generales!$B:$B,E9)) -> 3840384549 | F17: =IF(F8="","",SUMIFS(Indicadores_Generales!$Y:$Y,Indicadores_Generales!$B:$B,F9)) -> 2.4416741e+09 | G17: =IF(G8="","",SUMIFS(Indicadores_Generales!$Y:$Y,Indicadores_Generales!$B:$B,G9)) -> 2851144474 | H17: =IF(H8="","",SUMIFS(Indicadores_Generales!$Y:$Y,Indicadores_Generales!$B:$B,H9)) -> 32101964526 | I17: =IF(I8="","",SUMIFS(Indicadores_Generales!$Y:$Y,Indicadores_Generales!$B:$B,I9)) -> 500157875 | J17: =IF(J8="","",SUMIFS(Indicadores_Generales!$Y:$Y,Indicadores_Generales!$B:$B,J9)) -> 997031000 | ... Q17: =IF(Q8="","",SUMIFS(Indicadores_Generales!$Y:$Y,Indicadores_Generales!$B:$B,Q9)) -> 2749388059
B18: Activo total-Pasivo total-Patrimonio | C18: =IF(C8="","",C15-C16-C17) -> 0 | D18: =IF(D8="","",D15-D16-D17) -> 0 | E18: =IF(E8="","",E15-E16-E17) -> 0 | F18: =IF(F8="","",F15-F16-F17) -> -4.7683716e-07 | G18: =IF(G8="","",G15-G16-G17) -> 0 | H18: =IF(H8="","",H15-H16-H17) -> 0 | I18: =IF(I8="","",I15-I16-I17) -> 0 | J18: =IF(J8="","",J15-J16-J17) -> 0 | ... Q18: =IF(Q8="","",Q15-Q16-Q17) -> 0
B19: UTILIDAD OPERACIONAL | C19: =IF(C8="","",SUMIFS(Indicadores_Generales!$Z:$Z,Indicadores_Generales!$B:$B,C9)) -> 99197760 | D19: =IF(D8="","",SUMIFS(Indicadores_Generales!$Z:$Z,Indicadores_Generales!$B:$B,D9)) -> 129357493 | E19: =IF(E8="","",SUMIFS(Indicadores_Generales!$Z:$Z,Indicadores_Generales!$B:$B,E9)) -> 439386173 | F19: =IF(F8="","",SUMIFS(Indicadores_Generales!$Z:$Z,Indicadores_Generales!$B:$B,F9)) -> 8.1901463e+08 | G19: =IF(G8="","",SUMIFS(Indicadores_Generales!$Z:$Z,Indicadores_Generales!$B:$B,G9)) -> 605124093 | H19: =IF(H8="","",SUMIFS(Indicadores_Generales!$Z:$Z,Indicadores_Generales!$B:$B,H9)) -> 15987724841 | I19: =IF(I8="","",SUMIFS(Indicadores_Generales!$Z:$Z,Indicadores_Generales!$B:$B,I9)) -> 60405884 | J19: =IF(J8="","",SUMIFS(Indicadores_Generales!$Z:$Z,Indicadores_Generales!$B:$B,J9)) -> 216424000 | ... Q19: =IF(Q8="","",SUMIFS(Indicadores_Generales!$Z:$Z,Indicadores_Generales!$B:$B,Q9)) -> 539148679
B20: GASTOS DE INTERESES | C20: =IF(C8="","",SUMIFS(Indicadores_Generales!$AA:$AA,Indicadores_Generales!$B:$B,C9)) -> 3059155 | D20: =IF(D8="","",SUMIFS(Indicadores_Generales!$AA:$AA,Indicadores_Generales!$B:$B,D9)) -> 0 | E20: =IF(E8="","",SUMIFS(Indicadores_Generales!$AA:$AA,Indicadores_Generales!$B:$B,E9)) -> 434888 | F20: =IF(F8="","",SUMIFS(Indicadores_Generales!$AA:$AA,Indicadores_Generales!$B:$B,F9)) -> 33351865 | G20: =IF(G8="","",SUMIFS(Indicadores_Generales!$AA:$AA,Indicadores_Generales!$B:$B,G9)) -> 9529557 | H20: =IF(H8="","",SUMIFS(Indicadores_Generales!$AA:$AA,Indicadores_Generales!$B:$B,H9)) -> 159226008 | I20: =IF(I8="","",SUMIFS(Indicadores_Generales!$AA:$AA,Indicadores_Generales!$B:$B,I9)) -> 8016404 | J20: =IF(J8="","",SUMIFS(Indicadores_Generales!$AA:$AA,Indicadores_Generales!$B:$B,J9)) -> 1420000 | ... Q20: =IF(Q8="","",SUMIFS(Indicadores_Generales!$AA:$AA,Indicadores_Generales!$B:$B,Q9)) -> 202765
B21: Rentabilidad del Patrimonio = Utilidad Operacional / Patrimonio | C21: =IF(C8="","",C19/C17) -> 0.11915742 | D21: =IF(D8="","",D19/D17) -> 0.15874965 | E21: =IF(E8="","",E19/E17) -> 0.11441202 | F21: =IF(F8="","",F19/F17) -> 0.33543159 | G21: =IF(G8="","",G19/G17) -> 0.21223901 | H21: =IF(H8="","",H19/H17) -> 0.49802948 | I21: =IF(I8="","",I19/I17) -> 0.12077363 | J21: =IF(J8="","",J19/J17) -> 0.21706848 | ... Q21: =IF(Q8="","",Q19/Q17) -> 0.1960977
B22: Rentabilidad del Activo = Utilidad Operacional / Activo Total | C22: =IF(C8="","",C19/C15) -> 0.09308821 | D22: =IF(D8="","",D19/D15) -> 0.071296143 | E22: =IF(E8="","",E19/E15) -> 0.077510816 | F22: =IF(F8="","",F19/F15) -> 0.17905011 | G22: =IF(G8="","",G19/G15) -> 0.098382017 | H22: =IF(H8="","",H19/H15) -> 0.32602132 | I22: =IF(I8="","",I19/I15) -> 0.064450538 | J22: =IF(J8="","",J19/J15) -> 0.10271773 | ... Q22: =IF(Q8="","",Q19/Q15) -> 0.061659199
B23: VALOR DEL PRESUPUESTO OFICIAL | C23: =IF(C8="","",Indicadores_Generales!$D$5) -> 800053615 | D23: =IF(D8="","",Indicadores_Generales!$D$5) -> 800053615 | E23: =IF(E8="","",Indicadores_Generales!$D$5) -> 800053615 | F23: =IF(F8="","",Indicadores_Generales!$D$5) -> 800053615 | G23: =IF(G8="","",Indicadores_Generales!$D$5) -> 800053615 | H23: =IF(H8="","",Indicadores_Generales!$D$5) -> 800053615 | I23: =IF(I8="","",Indicadores_Generales!$D$5) -> 800053615 | J23: =IF(J8="","",Indicadores_Generales!$D$5) -> 800053615 | ... Q23: =IF(Q8="","",Indicadores_Generales!$D$5) -> 800053615
B24: CRITERIO DE VERIFICACIÓN FINANCIERA
B25: HÁBIL | N25: NO HÁBIL
B27: CRITERIO DE VERIFICACIÓN FINANCIERA
B28: =Indicadores_Generales!C9 -> Indice de Liquidez: (mín. 1, ) veces. | C28: =IF(C8="","",IFERROR(IF(C29>=Indicadores_Generales!$D$9,$B$25,$N$25),"")) -> HÁBIL | D28: =IF(D8="","",IFERROR(IF(D29>=Indicadores_Generales!$D$9,$B$25,$N$25),"")) -> HÁBIL | E28: =IF(E8="","",IFERROR(IF(E29>=Indicadores_Generales!$D$9,$B$25,$N$25),"")) -> HÁBIL | F28: =IF(F8="","",IFERROR(IF(F29>=Indicadores_Generales!$D$9,$B$25,$N$25),"")) -> HÁBIL | G28: =IF(G8="","",IFERROR(IF(G29>=Indicadores_Generales!$D$9,$B$25,$N$25),"")) -> HÁBIL | H28: =IF(H8="","",IFERROR(IF(H29>=Indicadores_Generales!$D$9,$B$25,$N$25),"")) -> HÁBIL | I28: =IF(I8="","",IFERROR(IF(I29>=Indicadores_Generales!$D$9,$B$25,$N$25),"")) -> HÁBIL | J28: =IF(J8="","",IFERROR(IF(J29>=Indicadores_Generales!$D$9,$B$25,$N$25),"")) -> HÁBIL | ... Q28: =IF(Q8="","",IFERROR(IF(Q29>=Indicadores_Generales!$D$9,$B$25,$N$25),"")) -> HÁBIL
B29: Activo corriente / Pasivo corriente | C29: =IF(C8="","",IFERROR(C13/C14,"Indeterminado")) -> 7.4994951 | D29: =IF(D8="","",IFERROR(D13/D14,"Indeterminado")) -> 2.5011791 | E29: =IF(E8="","",IFERROR(E13/E14,"Indeterminado")) -> 30.834435 | F29: =IF(F8="","",IFERROR(F13/F14,"Indeterminado")) -> 7.5276343 | G29: =IF(G8="","",IFERROR(G13/G14,"Indeterminado")) -> 1.6441011 | H29: =IF(H8="","",IFERROR(H13/H14,"Indeterminado")) -> 3.3396737 | I29: =IF(I8="","",IFERROR(I13/I14,"Indeterminado")) -> 16.302061 | J29: =IF(J8="","",IFERROR(J13/J14,"Indeterminado")) -> 15.64205 | ... Q29: =IF(Q8="","",IFERROR(Q13/Q14,"Indeterminado")) -> 15.415916
B30: =Indicadores_Generales!C10 -> Endeudamiento total: (máx. 70,%). | C30: =IF(C8="","",IFERROR(IF(C31<=Indicadores_Generales!$D$10,$B$25,$N$25),"")) -> HÁBIL | D30: =IF(D8="","",IFERROR(IF(D31<=Indicadores_Generales!$D$10,$B$25,$N$25),"")) -> HÁBIL | E30: =IF(E8="","",IFERROR(IF(E31<=Indicadores_Generales!$D$10,$B$25,$N$25),"")) -> HÁBIL | F30: =IF(F8="","",IFERROR(IF(F31<=Indicadores_Generales!$D$10,$B$25,$N$25),"")) -> HÁBIL | G30: =IF(G8="","",IFERROR(IF(G31<=Indicadores_Generales!$D$10,$B$25,$N$25),"")) -> HÁBIL | H30: =IF(H8="","",IFERROR(IF(H31<=Indicadores_Generales!$D$10,$B$25,$N$25),"")) -> HÁBIL | I30: =IF(I8="","",IFERROR(IF(I31<=Indicadores_Generales!$D$10,$B$25,$N$25),"")) -> HÁBIL | J30: =IF(J8="","",IFERROR(IF(J31<=Indicadores_Generales!$D$10,$B$25,$N$25),"")) -> HÁBIL | ... Q30: =IF(Q8="","",IFERROR(IF(Q31<=Indicadores_Generales!$D$10,$B$25,$N$25),"")) -> HÁBIL
B31: (Pasivo total / Activo total)*100 | C31: =IF(C8="","",C16/C15) -> 0.21877959 | D31: =IF(D8="","",D16/D15) -> 0.55088943 | E31: =IF(E8="","",E16/E15) -> 0.32252911 | F31: =IF(F8="","",F16/F15) -> 0.46620975 | G31: =IF(G8="","",G16/G15) -> 0.53645649 | H31: =IF(H8="","",H16/H15) -> 0.34537746 | I31: =IF(I8="","",I16/I15) -> 0.46635258 | J31: =IF(J8="","",J16/J15) -> 0.52679572 | ... Q31: =IF(Q8="","",Q16/Q15) -> 0.68556899
B32: =Indicadores_Generales!C11 -> Razon de Cobertura de Intereses (>= a 1, veces) ó Indeterminado. | C32: =IF(C8="","",IFERROR(IF(C33>Indicadores_Generales!$D$11,$B$25,$N$25),"")) -> HÁBIL | D32: =IF(D8="","",IFERROR(IF(D33>Indicadores_Generales!$D$11,$B$25,$N$25),"")) -> HÁBIL | E32: =IF(E8="","",IFERROR(IF(E33>Indicadores_Generales!$D$11,$B$25,$N$25),"")) -> HÁBIL | F32: =IF(F8="","",IFERROR(IF(F33>Indicadores_Generales!$D$11,$B$25,$N$25),"")) -> HÁBIL | G32: =IF(G8="","",IFERROR(IF(G33>Indicadores_Generales!$D$11,$B$25,$N$25),"")) -> HÁBIL | H32: =IF(H8="","",IFERROR(IF(H33>Indicadores_Generales!$D$11,$B$25,$N$25),"")) -> HÁBIL | I32: =IF(I8="","",IFERROR(IF(I33>Indicadores_Generales!$D$11,$B$25,$N$25),"")) -> HÁBIL | J32: =IF(J8="","",IFERROR(IF(J33>Indicadores_Generales!$D$11,$B$25,$N$25),"")) -> HÁBIL | ... Q32: =IF(Q8="","",IFERROR(IF(Q33>Indicadores_Generales!$D$11,$B$25,$N$25),"")) -> HÁBIL
B33: RC= (Utilidad Operacional) / (Gastos de Intereses) | C33: =IF(C8="","",IFERROR(C19/C20,"Indeterminado")) -> 32.426523 | D33: =IF(D8="","",IFERROR(D19/D20,"Indeterminado")) -> Indeterminado | E33: =IF(E8="","",IFERROR(E19/E20,"Indeterminado")) -> 1010.3433 | F33: =IF(F8="","",IFERROR(F19/F20,"Indeterminado")) -> 24.556786 | G33: =IF(G8="","",IFERROR(G19/G20,"Indeterminado")) -> 63.499709 | H33: =IF(H8="","",IFERROR(H19/H20,"Indeterminado")) -> 100.409 | I33: =IF(I8="","",IFERROR(I19/I20,"Indeterminado")) -> 7.5352844 | J33: =IF(J8="","",IFERROR(J19/J20,"Indeterminado")) -> 152.41127 | ... Q33: =IF(Q8="","",IFERROR(Q19/Q20,"Indeterminado")) -> 2658.983
B34: =Indicadores_Generales!C12 -> Capital de Trabajo ≥ A 25,% del PPTO Oficial. | C34: =IFERROR(IF(C35>(C23*Indicadores_Generales!$D$12),$B$25,$N$25),"") -> HÁBIL | D34: =IFERROR(IF(D35>(D23*Indicadores_Generales!$D$12),$B$25,$N$25),"") -> HÁBIL | E34: =IFERROR(IF(E35>(E23*Indicadores_Generales!$D$12),$B$25,$N$25),"") -> HÁBIL | F34: =IFERROR(IF(F35>(F23*Indicadores_Generales!$D$12),$B$25,$N$25),"") -> HÁBIL | G34: =IFERROR(IF(G35>(G23*Indicadores_Generales!$D$12),$B$25,$N$25),"") -> HÁBIL | H34: =IFERROR(IF(H35>(H23*Indicadores_Generales!$D$12),$B$25,$N$25),"") -> HÁBIL | I34: =IFERROR(IF(I35>(I23*Indicadores_Generales!$D$12),$B$25,$N$25),"") -> HÁBIL | J34: =IFERROR(IF(J35>(J23*Indicadores_Generales!$D$12),$B$25,$N$25),"") -> HÁBIL | ... Q34: =IFERROR(IF(Q35>(Q23*Indicadores_Generales!$D$12),$B$25,$N$25),"") -> HÁBIL
B35: ="CT = Activo Corriente - Pasivo Corriente ≥ $ "&FIXED(Indicadores_Generales!D5*Indicadores_Generales!D12,0,FALSE) -> CT = Activo Corriente - Pasivo Corriente ≥ $ 200.013.404 | C35: =IF(C8="","",SUMIFS(Indicadores_Generales!$T:$T,Indicadores_Generales!$B:$B,C9)) -> 2135275737 | D35: =IF(D8="","",SUMIFS(Indicadores_Generales!$T:$T,Indicadores_Generales!$B:$B,D9)) -> 1088963380 | E35: =IF(E8="","",SUMIFS(Indicadores_Generales!$T:$T,Indicadores_Generales!$B:$B,E9)) -> 5249800867 | F35: =IF(F8="","",SUMIFS(Indicadores_Generales!$T:$T,Indicadores_Generales!$B:$B,F9)) -> 3874106185 | G35: =IF(G8="","",SUMIFS(Indicadores_Generales!$T:$T,Indicadores_Generales!$B:$B,G9)) -> 2031975227 | H35: =IF(H8="","",SUMIFS(Indicadores_Generales!$T:$T,Indicadores_Generales!$B:$B,H9)) -> 28915424337 | I35: =IF(I8="","",SUMIFS(Indicadores_Generales!$T:$T,Indicadores_Generales!$B:$B,I9)) -> 664420136 | J35: =IF(J8="","",SUMIFS(Indicadores_Generales!$T:$T,Indicadores_Generales!$B:$B,J9)) -> 1544502000 | ... Q35: =IF(Q8="","",SUMIFS(Indicadores_Generales!$T:$T,Indicadores_Generales!$B:$B,Q9)) -> 8068637021
B36: CRITERIO DE VERIFICACIÓN CAPACIDAD ORGANIZACIONAL
B38: =Indicadores_Generales!C13 -> Indicador Rentabilidad del Patrimonio RP => AL 0% | C38: =IF(C8="","",IFERROR(IF(C39>=Indicadores_Generales!$D$13,$B$25,$N$25),"")) -> HÁBIL | D38: =IF(D8="","",IFERROR(IF(D39>=Indicadores_Generales!$D$13,$B$25,$N$25),"")) -> HÁBIL | E38: =IF(E8="","",IFERROR(IF(E39>=Indicadores_Generales!$D$13,$B$25,$N$25),"")) -> HÁBIL | F38: =IF(F8="","",IFERROR(IF(F39>=Indicadores_Generales!$D$13,$B$25,$N$25),"")) -> HÁBIL | G38: =IF(G8="","",IFERROR(IF(G39>=Indicadores_Generales!$D$13,$B$25,$N$25),"")) -> HÁBIL | H38: =IF(H8="","",IFERROR(IF(H39>=Indicadores_Generales!$D$13,$B$25,$N$25),"")) -> HÁBIL | I38: =IF(I8="","",IFERROR(IF(I39>=Indicadores_Generales!$D$13,$B$25,$N$25),"")) -> HÁBIL | J38: =IF(J8="","",IFERROR(IF(J39>=Indicadores_Generales!$D$13,$B$25,$N$25),"")) -> HÁBIL | ... Q38: =IF(Q8="","",IFERROR(IF(Q39>=Indicadores_Generales!$D$13,$B$25,$N$25),"")) -> HÁBIL
B39: RP = (Utilidad Operacional / Patrimonio) | C39: =IF(C8="","",C19/C17) -> 0.11915742 | D39: =IF(D8="","",D19/D17) -> 0.15874965 | E39: =IF(E8="","",E19/E17) -> 0.11441202 | F39: =IF(F8="","",F19/F17) -> 0.33543159 | G39: =IF(G8="","",G19/G17) -> 0.21223901 | H39: =IF(H8="","",H19/H17) -> 0.49802948 | I39: =IF(I8="","",I19/I17) -> 0.12077363 | J39: =IF(J8="","",J19/J17) -> 0.21706848 | ... Q39: =IF(Q8="","",Q19/Q17) -> 0.1960977
B40: =Indicadores_Generales!C14 -> Indicador Rentabilidad del Activo RAct => AL 0% | C40: =IF(C8="","",IFERROR(IF(C41>=Indicadores_Generales!$D$14,$B$25,$N$25),"")) -> HÁBIL | D40: =IF(D8="","",IFERROR(IF(D41>=Indicadores_Generales!$D$14,$B$25,$N$25),"")) -> HÁBIL | E40: =IF(E8="","",IFERROR(IF(E41>=Indicadores_Generales!$D$14,$B$25,$N$25),"")) -> HÁBIL | F40: =IF(F8="","",IFERROR(IF(F41>=Indicadores_Generales!$D$14,$B$25,$N$25),"")) -> HÁBIL | G40: =IF(G8="","",IFERROR(IF(G41>=Indicadores_Generales!$D$14,$B$25,$N$25),"")) -> HÁBIL | H40: =IF(H8="","",IFERROR(IF(H41>=Indicadores_Generales!$D$14,$B$25,$N$25),"")) -> HÁBIL | I40: =IF(I8="","",IFERROR(IF(I41>=Indicadores_Generales!$D$14,$B$25,$N$25),"")) -> HÁBIL | J40: =IF(J8="","",IFERROR(IF(J41>=Indicadores_Generales!$D$14,$B$25,$N$25),"")) -> HÁBIL | ... Q40: =IF(Q8="","",IFERROR(IF(Q41>=Indicadores_Generales!$D$14,$B$25,$N$25),"")) -> HÁBIL
B41: RA = (Utilidad Operacional / Activo Total) | C41: =IF(C8="","",C19/C15) -> 0.09308821 | D41: =IF(D8="","",D19/D15) -> 0.071296143 | E41: =IF(E8="","",E19/E15) -> 0.077510816 | F41: =IF(F8="","",F19/F15) -> 0.17905011 | G41: =IF(G8="","",G19/G15) -> 0.098382017 | H41: =IF(H8="","",H19/H15) -> 0.32602132 | I41: =IF(I8="","",I19/I15) -> 0.064450538 | J41: =IF(J8="","",J19/J15) -> 0.10271773 | ... Q41: =IF(Q8="","",Q19/Q15) -> 0.061659199
B42: CUMPLIMIENTO REQUISITOS HABLITANTES | C42: =IF(C8="","",IF(COUNTIF(C28:C41,"NO HÁBIL")>=1,"NO HABILITADO","HABILITADO")) -> HABILITADO | D42: =IF(D8="","",IF(COUNTIF(D28:D41,"NO HÁBIL")>=1,"NO HABILITADO","HABILITADO")) -> HABILITADO | E42: =IF(E8="","",IF(COUNTIF(E28:E41,"NO HÁBIL")>=1,"NO HABILITADO","HABILITADO")) -> HABILITADO | F42: =IF(F8="","",IF(COUNTIF(F28:F41,"NO HÁBIL")>=1,"NO HABILITADO","HABILITADO")) -> HABILITADO | G42: =IF(G8="","",IF(COUNTIF(G28:G41,"NO HÁBIL")>=1,"NO HABILITADO","HABILITADO")) -> HABILITADO | H42: =IF(H8="","",IF(COUNTIF(H28:H41,"NO HÁBIL")>=1,"NO HABILITADO","HABILITADO")) -> HABILITADO | I42: =IF(I8="","",IF(COUNTIF(I28:I41,"NO HÁBIL")>=1,"NO HABILITADO","HABILITADO")) -> HABILITADO | J42: =IF(J8="","",IF(COUNTIF(J28:J41,"NO HÁBIL")>=1,"NO HABILITADO","HABILITADO")) -> HABILITADO | ... Q42: =IF(Q8="","",IF(COUNTIF(Q28:Q41,"NO HÁBIL")>=1,"NO HABILITADO","HABILITADO")) -> HABILITADO
B44: NOTA: Una vez verificada la Informacion Finaciera presentada por cada uno de los proponentes, nos permitimos informar que las sociedades arriba descritas, que cúmplen con lo solicitado en los pliegos de condiciones definitivos en cuanto a los Indicadores Financieros requeridos se encuentran HABILITADAS.
B51: Comité Evaluador Financiero | D51: Comité Evaluador Financiero | H51: Comité Evaluador Financiero | L51: Directora Financiera SDG | O51: Contadora SDG
B53: ="NOTA: La fecha de corte de la información financiera registrada en el RUP debe ser de acuerdo a lo establecido en el pliego definitivo de condiciones del proceso "&Indicadores_Generales!D4&"." -> NOTA: La fecha de corte de la información financiera registrada en el RUP debe ser de acuerdo a lo establecido en el pliego definitivo de condiciones del proceso FDLBOSACM-004-2022(71937).

Sheet GCO-GCI-107_31 a 45
C1: VERIFICACIÓN FINANCIERA Y CAPACIDAD ORGANIZACIONAL | Q1: Código: GCO-GCI-F107 Versión: 02 Vigencia: 23 de diciembre de 2021 Caso HOLA: 209033
B6: ="PROCESO DE SELECCIÓN "&Indicadores_Generales!D4 -> PROCESO DE SELECCIÓN FDLBOSACM-004-2022(71937)
B7: ="OBJETO: "&UPPER(Indicadores_Generales!D6) -> OBJETO: REALIZAR LA INTERVENTORÍA TÉCNICA, ADMINISTRATIVA, FINANCIERA, JURÍDICA, SOCIAL, AMBIENTAL Y SST AL CONTRATO DE OBRA PÚBLICA QUE TENDRÁ POR OBJETO CONTRACTUAL EJECUTAR POR EL SISTEMA DE PRECIOS UNITARIOS FIJOS SIN FORMULA DE REAJUSTE Y A MONTO AGOTABLE LAS ACTIVIDADES NECESARIAS PARA LA EJECUCIÓN DE LAS OBRAS DE CONSTRUCCIÓN DE MALLA VIAL Y ESPACIO PUBLICO ASOCIADO DE LA LOCALIDAD DE BOSA, DE ACUERDO CON LA DESCRIPCIÓN, ESPECIFICACIONES, ESTUDIOS, DISEÑOS Y DEMÁS CONDICIONES ESTABLECIDAS EN EL ANEXO TÉCNICO
B8: CONCEPTO | C8: =IFERROR(IF(VLOOKUP(C9,Indicadores_Generales!$B$17:$AG$143,5,0)=0,"",VLOOKUP(C9,Indicadores_Generales!$B$17:$AG$143,5,0)),"") -> MAB INGENIERIA DE VALOR S.A. | D8: =IFERROR(IF(VLOOKUP(D9,Indicadores_Generales!$B$17:$AG$143,5,0)=0,"",VLOOKUP(D9,Indicadores_Generales!$B$17:$AG$143,5,0)),"") -> CONSORCIO GIS BOSA | E8: =IFERROR(IF(VLOOKUP(E9,Indicadores_Generales!$B$17:$AG$143,5,0)=0,"",VLOOKUP(E9,Indicadores_Generales!$B$17:$AG$143,5,0)),"") -> RAFAEL JAVIER GUISA RUEDA | F8: =IFERROR(IF(VLOOKUP(F9,Indicadores_Generales!$B$17:$AG$143,5,0)=0,"",VLOOKUP(F9,Indicadores_Generales!$B$17:$AG$143,5,0)),"") -> CONSORCIO INTERMALLAVIAL BOSA | G8: =IFERROR(IF(VLOOKUP(G9,Indicadores_Generales!$B$17:$AG$143,5,0)=0,"",VLOOKUP(G9,Indicadores_Generales!$B$17:$AG$143,5,0)),"") -> Consorcio RP Bosa | H8: =IFERROR(IF(VLOOKUP(H9,Indicadores_Generales!$B$17:$AG$143,5,0)=0,"",VLOOKUP(H9,Indicadores_Generales!$B$17:$AG$143,5,0)),"") -> CONSORCIO OPH - CAP 2022 | I8: =IFERROR(IF(VLOOKUP(I9,Indicadores_Generales!$B$17:$AG$143,5,0)=0,"",VLOOKUP(I9,Indicadores_Generales!$B$17:$AG$143,5,0)),"") -> ARQINGCO SAS | J8: =IFERROR(IF(VLOOKUP(J9,Indicadores_Generales!$B$17:$AG$143,5,0)=0,"",VLOOKUP(J9,Indicadores_Generales!$B$17:$AG$143,5,0)),"") -> HERNAN ALONSO VELASQUEZ CABEZA | ... Q8: =IFERROR(IF(VLOOKUP(Q9,Indicadores_Generales!$B$17:$AG$143,5,0)=0,"",VLOOKUP(Q9,Indicadores_Generales!$B$17:$AG$143,5,0)),"") -> Wilmer Junior Gomez Brito
B9: Numero Proponente | C9: 31 | D9: 32 | E9: 33 | F9: 34 | G9: 35 | H9: 36 | I9: 37 | J9: 38 | K9: 39 | L9: 40 | M9: 41 | N9: 42 | O9: 43 | P9: 44 | Q9: 45
B10: BALANCE GENERAL CON CORTE A 31 DE DICIEMBRE AÑO | C10: =IF(C8="","",IFERROR(IF(VLOOKUP(C9,Indicadores_Generales!$B$17:$AG$143,4,0)=0,"",DATE(VLOOKUP(C9,Indicadores_Generales!$B$17:$AG$143,4,0),12,31)),"")) -> 44561 | D10: =IF(D8="","",IFERROR(IF(VLOOKUP(D9,Indicadores_Generales!$B$17:$AG$143,4,0)=0,"",DATE(VLOOKUP(D9,Indicadores_Generales!$B$17:$AG$143,4,0),12,31)),"")) -> 44561 | E10: =IF(E8="","",IFERROR(IF(VLOOKUP(E9,Indicadores_Generales!$B$17:$AG$143,4,0)=0,"",DATE(VLOOKUP(E9,Indicadores_Generales!$B$17:$AG$143,4,0),12,31)),"")) -> 44561 | F10: =IF(F8="","",IFERROR(IF(VLOOKUP(F9,Indicadores_Generales!$B$17:$AG$143,4,0)=0,"",DATE(VLOOKUP(F9,Indicadores_Generales!$B$17:$AG$143,4,0),12,31)),"")) | G10: =IF(G8="","",IFERROR(IF(VLOOKUP(G9,Indicadores_Generales!$B$17:$AG$143,4,0)=0,"",DATE(VLOOKUP(G9,Indicadores_Generales!$B$17:$AG$143,4,0),12,31)),"")) -> 44561 | H10: =IF(H8="","",IFERROR(IF(VLOOKUP(H9,Indicadores_Generales!$B$17:$AG$143,4,0)=0,"",DATE(VLOOKUP(H9,Indicadores_Generales!$B$17:$AG$143,4,0),12,31)),"")) | I10: =IF(I8="","",IFERROR(IF(VLOOKUP(I9,Indicadores_Generales!$B$17:$AG$143,4,0)=0,"",DATE(VLOOKUP(I9,Indicadores_Generales!$B$17:$AG$143,4,0),12,31)),"")) -> 44561 | J10: =IF(J8="","",IFERROR(IF(VLOOKUP(J9,Indicadores_Generales!$B$17:$AG$143,4,0)=0,"",DATE(VLOOKUP(J9,Indicadores_Generales!$B$17:$AG$143,4,0),12,31)),"")) -> 44561 | ... Q10: =IF(Q8="","",IFERROR(IF(VLOOKUP(Q9,Indicadores_Generales!$B$17:$AG$143,4,0)=0,"",DATE(VLOOKUP(Q9,Indicadores_Generales!$B$17:$AG$143,4,0),12,31)),"")) -> 44561
B11: PRESENTACIÓN DE RUP VIGENTE | C11: =IF(C8="","",IF(C10="","","VIGENTE")) -> VIGENTE | D11: =IF(D8="","",IF(D10="","","VIGENTE")) -> VIGENTE | E11: =IF(E8="","",IF(E10="","","VIGENTE")) -> VIGENTE | F11: =IF(F8="","",IF(F10="","","VIGENTE")) | G11: =IF(G8="","",IF(G10="","","VIGENTE")) -> VIGENTE | H11: =IF(H8="","",IF(H10="","","VIGENTE")) | I11: =IF(I8="","",IF(I10="","","VIGENTE")) -> VIGENTE | J11: =IF(J8="","",IF(J10="","","VIGENTE")) -> VIGENTE | ... Q11: =IF(Q8="","",IF(Q10="","","VIGENTE")) -> VIGENTE
B12: INFORMACION TOMADA DEL RUP VIGENTE | C12: =IF(C8="","",SUMIFS(Indicadores_Generales!$G:$G,Indicadores_Generales!$B:$B,C9)) -> 1 | D12: =IF(D8="","",SUMIFS(Indicadores_Generales!$G:$G,Indicadores_Generales!$B:$B,D9)) -> 1 | E12: =IF(E8="","",SUMIFS(Indicadores_Generales!$G:$G,Indicadores_Generales!$B:$B,E9)) -> 1 | F12: =IF(F8="","",SUMIFS(Indicadores_Generales!$G:$G,Indicadores_Generales!$B:$B,F9)) -> 1 | G12: =IF(G8="","",SUMIFS(Indicadores_Generales!$G:$G,Indicadores_Generales!$B:$B,G9)) -> 1 | H12: =IF(H8="","",SUMIFS(Indicadores_Generales!$G:$G,Indicadores_Generales!$B:$B,H9)) -> 1 | I12: =IF(I8="","",SUMIFS(Indicadores_Generales!$G:$G,Indicadores_Generales!$B:$B,I9)) -> 1 | J12: =IF(J8="","",SUMIFS(Indicadores_Generales!$G:$G,Indicadores_Generales!$B:$B,J9)) -> 1 | ... Q12: =IF(Q8="","",SUMIFS(Indicadores_Generales!$G:$G,Indicadores_Generales!$B:$B,Q9)) -> 1
B13: ACTIVO CORRIENTE | C13: =IF(C8="","",SUMIFS(Indicadores_Generales!$U:$U,Indicadores_Generales!$B:$B,C9)) -> 35711048300 | D13: =IF(D8="","",SUMIFS(Indicadores_Generales!$U:$U,Indicadores_Generales!$B:$B,D9)) -> 2.5919441e+08 | E13: =IF(E8="","",SUMIFS(Indicadores_Generales!$U:$U,Indicadores_Generales!$B:$B,E9)) -> 1843941750 | F13: =IF(F8="","",SUMIFS(Indicadores_Generales!$U:$U,Indicadores_Generales!$B:$B,F9)) -> 0 | G13: =IF(G8="","",SUMIFS(Indicadores_Generales!$U:$U,Indicadores_Generales!$B:$B,G9)) -> 5.5232499e+08 | H13: =IF(H8="","",SUMIFS(Indicadores_Generales!$U:$U,Indicadores_Generales!$B:$B,H9)) -> 5.9058397e+08 | I13: =IF(I8="","",SUMIFS(Indicadores_Generales!$U:$U,Indicadores_Generales!$B:$B,I9)) -> 1809045662 | J13: =IF(J8="","",SUMIFS(Indicadores_Generales!$U:$U,Indicadores_Generales!$B:$B,J9)) -> 431875947 | ... Q13: =IF(Q8="","",SUMIFS(Indicadores_Generales!$U:$U,Indicadores_Generales!$B:$B,Q9)) -> 439837400
B14: PASIVO CORRIENTE | C14: =IF(C8="","",SUMIFS(Indicadores_Generales!$V:$V,Indicadores_Generales!$B:$B,C9)) -> 13958788092 | D14: =IF(D8="","",SUMIFS(Indicadores_Generales!$V:$V,Indicadores_Generales!$B:$B,D9)) -> 2.1042408e+08 | E14: =IF(E8="","",SUMIFS(Indicadores_Generales!$V:$V,Indicadores_Generales!$B:$B,E9)) -> 22740530 | F14: =IF(F8="","",SUMIFS(Indicadores_Generales!$V:$V,Indicadores_Generales!$B:$B,F9)) -> 0 | G14: =IF(G8="","",SUMIFS(Indicadores_Generales!$V:$V,Indicadores_Generales!$B:$B,G9)) -> 4954474.8 | H14: =IF(H8="","",SUMIFS(Indicadores_Generales!$V:$V,Indicadores_Generales!$B:$B,H9)) -> 15077471 | I14: =IF(I8="","",SUMIFS(Indicadores_Generales!$V:$V,Indicadores_Generales!$B:$B,I9)) -> 979460767 | J14: =IF(J8="","",SUMIFS(Indicadores_Generales!$V:$V,Indicadores_Generales!$B:$B,J9)) -> 18954000 | ... Q14: =IF(Q8="","",SUMIFS(Indicadores_Generales!$V:$V,Indicadores_Generales!$B:$B,Q9)) -> 0
B15: ACTIVO TOTAL | C15: =IF(C8="","",SUMIFS(Indicadores_Generales!$W:$W,Indicadores_Generales!$B:$B,C9)) -> 40471562272 | D15: =IF(D8="","",SUMIFS(Indicadores_Generales!$W:$W,Indicadores_Generales!$B:$B,D9)) -> 3.1291979e+08 | E15: =IF(E8="","",SUMIFS(Indicadores_Generales!$W:$W,Indicadores_Generales!$B:$B,E9)) -> 2985941750 | F15: =IF(F8="","",SUMIFS(Indicadores_Generales!$W:$W,Indicadores_Generales!$B:$B,F9)) -> 0 | G15: =IF(G8="","",SUMIFS(Indicadores_Generales!$W:$W,Indicadores_Generales!$B:$B,G9)) -> 1.0278797e+09 | H15: =IF(H8="","",SUMIFS(Indicadores_Generales!$W:$W,Indicadores_Generales!$B:$B,H9)) -> 7.8752843e+08 | I15: =IF(I8="","",SUMIFS(Indicadores_Generales!$W:$W,Indicadores_Generales!$B:$B,I9)) -> 3598988047 | J15: =IF(J8="","",SUMIFS(Indicadores_Generales!$W:$W,Indicadores_Generales!$B:$B,J9)) -> 473118147 | ... Q15: =IF(Q8="","",SUMIFS(Indicadores_Generales!$W:$W,Indicadores_Generales!$B:$B,Q9)) -> 1635775750
B16: PASIVO TOTAL | C16: =IF(C8="","",SUMIFS(Indicadores_Generales!$X:$X,Indicadores_Generales!$B:$B,C9)) -> 21823391119 | D16: =IF(D8="","",SUMIFS(Indicadores_Generales!$X:$X,Indicadores_Generales!$B:$B,D9)) -> 2.1042408e+08 | E16: =IF(E8="","",SUMIFS(Indicadores_Generales!$X:$X,Indicadores_Generales!$B:$B,E9)) -> 1599457712 | F16: =IF(F8="","",SUMIFS(Indicadores_Generales!$X:$X,Indicadores_Generales!$B:$B,F9)) -> 0 | G16: =IF(G8="","",SUMIFS(Indicadores_Generales!$X:$X,Indicadores_Generales!$B:$B,G9)) -> 40873694 | H16: =IF(H8="","",SUMIFS(Indicadores_Generales!$X:$X,Indicadores_Generales!$B:$B,H9)) -> 15077471 | I16: =IF(I8="","",SUMIFS(Indicadores_Generales!$X:$X,Indicadores_Generales!$B:$B,I9)) -> 1833213961 | J16: =IF(J8="","",SUMIFS(Indicadores_Generales!$X:$X,Indicadores_Generales!$B:$B,J9)) -> 55726260 | ... Q16: =IF(Q8="","",SUMIFS(Indicadores_Generales!$X:$X,Indicadores_Generales!$B:$B,Q9)) -> 239984900
B17: PATRIMONIO | C17: =IF(C8="","",SUMIFS(Indicadores_Generales!$Y:$Y,Indicadores_Generales!$B:$B,C9)) -> 18648171153 | D17: =IF(D8="","",SUMIFS(Indicadores_Generales!$Y:$Y,Indicadores_Generales!$B:$B,D9)) -> 1.0249571e+08 | E17: =IF(E8="","",SUMIFS(Indicadores_Generales!$Y:$Y,Indicadores_Generales!$B:$B,E9)) -> 1386484038 | F17: =IF(F8="","",SUMIFS(Indicadores_Generales!$Y:$Y,Indicadores_Generales!$B:$B,F9)) -> 0 | G17: =IF(G8="","",SUMIFS(Indicadores_Generales!$Y:$Y,Indicadores_Generales!$B:$B,G9)) -> 9.8700605e+08 | H17: =IF(H8="","",SUMIFS(Indicadores_Generales!$Y:$Y,Indicadores_Generales!$B:$B,H9)) -> 7.7245096e+08 | I17: =IF(I8="","",SUMIFS(Indicadores_Generales!$Y:$Y,Indicadores_Generales!$B:$B,I9)) -> 1765774086 | J17: =IF(J8="","",SUMIFS(Indicadores_Generales!$Y:$Y,Indicadores_Generales!$B:$B,J9)) -> 417391887 | ... Q17: =IF(Q8="","",SUMIFS(Indicadores_Generales!$Y:$Y,Indicadores_Generales!$B:$B,Q9)) -> 1395790850
B18: Activo total-Pasivo total-Patrimonio | C18: =IF(C8="","",C15-C16-C17) -> 0 | D18: =IF(D8="","",D15-D16-D17) -> 2.9802322e-08 | E18: =IF(E8="","",E15-E16-E17) -> 0 | F18: =IF(F8="","",F15-F16-F17) -> 0 | G18: =IF(G8="","",G15-G16-G17) -> 0 | H18: =IF(H8="","",H15-H16-H17) -> 0 | I18: =IF(I8="","",I15-I16-I17) -> 0 | J18: =IF(J8="","",J15-J16-J17) -> 0 | ... Q18: =IF(Q8="","",Q15-Q16-Q17) -> 0
B19: UTILIDAD OPERACIONAL | C19: =IF(C8="","",SUMIFS(Indicadores_Generales!$Z:$Z,Indicadores_Generales!$B:$B,C9)) -> 8714902879 | D19: =IF(D8="","",SUMIFS(Indicadores_Generales!$Z:$Z,Indicadores_Generales!$B:$B,D9)) -> 14096176 | E19: =IF(E8="","",SUMIFS(Indicadores_Generales!$Z:$Z,Indicadores_Generales!$B:$B,E9)) -> 89762966 | F19: =IF(F8="","",SUMIFS(Indicadores_Generales!$Z:$Z,Indicadores_Generales!$B:$B,F9)) -> 0 | G19: =IF(G8="","",SUMIFS(Indicadores_Generales!$Z:$Z,Indicadores_Generales!$B:$B,G9)) -> 2.1195966e+08 | H19: =IF(H8="","",SUMIFS(Indicadores_Generales!$Z:$Z,Indicadores_Generales!$B:$B,H9)) -> 107367995 | I19: =IF(I8="","",SUMIFS(Indicadores_Generales!$Z:$Z,Indicadores_Generales!$B:$B,I9)) -> 18993458 | J19: =IF(J8="","",SUMIFS(Indicadores_Generales!$Z:$Z,Indicadores_Generales!$B:$B,J9)) -> 256081702 | ... Q19: =IF(Q8="","",SUMIFS(Indicadores_Generales!$Z:$Z,Indicadores_Generales!$B:$B,Q9)) -> 229429800
B20: GASTOS DE INTERESES | C20: =IF(C8="","",SUMIFS(Indicadores_Generales!$AA:$AA,Indicadores_Generales!$B:$B,C9)) -> 74471767 | D20: =IF(D8="","",SUMIFS(Indicadores_Generales!$AA:$AA,Indicadores_Generales!$B:$B,D9)) -> 0 | E20: =IF(E8="","",SUMIFS(Indicadores_Generales!$AA:$AA,Indicadores_Generales!$B:$B,E9)) -> 785600 | F20: =IF(F8="","",SUMIFS(Indicadores_Generales!$AA:$AA,Indicadores_Generales!$B:$B,F9)) -> 0 | G20: =IF(G8="","",SUMIFS(Indicadores_Generales!$AA:$AA,Indicadores_Generales!$B:$B,G9)) -> 5474746.8 | H20: =IF(H8="","",SUMIFS(Indicadores_Generales!$AA:$AA,Indicadores_Generales!$B:$B,H9)) -> 1865955 | I20: =IF(I8="","",SUMIFS(Indicadores_Generales!$AA:$AA,Indicadores_Generales!$B:$B,I9)) -> 6840000 | J20: =IF(J8="","",SUMIFS(Indicadores_Generales!$AA:$AA,Indicadores_Generales!$B:$B,J9)) -> 2258000 | ... Q20: =IF(Q8="","",SUMIFS(Indicadores_Generales!$AA:$AA,Indicadores_Generales!$B:$B,Q9)) -> 28967900
B21: Rentabilidad del Patrimonio = Utilidad Operacional / Patrimonio | C21: =IF(C8="","",C19/C17) -> 0.46733285 | D21: =IF(D8="","",D19/D17) -> 0.13752943 | E21: =IF(E8="","",E19/E17) -> 0.064741435 | F21: =IF(F8="","",F19/F17) -> #DIV/0! | G21: =IF(G8="","",G19/G17) -> 0.21475011 | H21: =IF(H8="","",H19/H17) -> 0.13899652 | I21: =IF(I8="","",I19/I17) -> 0.010756448 | J21: =IF(J8="","",J19/J17) -> 0.61352822 | ... Q21: =IF(Q8="","",Q19/Q17) -> 0.16437262
B22: Rentabilidad del Activo = Utilidad Operacional / Activo Total | C22: =IF(C8="","",C19/C15) -> 0.21533399 | D22: =IF(D8="","",D19/D15) -> 0.04504725 | E22: =IF(E8="","",E19/E15) -> 0.030061861 | F22: =IF(F8="","",F19/F15) -> #DIV/0! | G22: =IF(G8="","",G19/G15) -> 0.20621056 | H22: =IF(H8="","",H19/H15) -> 0.13633539 | I22: =IF(I8="","",I19/I15) -> 0.005277444 | J22: =IF(J8="","",J19/J15) -> 0.54126375 | ... Q22: =IF(Q8="","",Q19/Q15) -> 0.14025749
B23: VALOR DEL PRESUPUESTO OFICIAL | C23: =IF(C8="","",Indicadores_Generales!$D$5) -> 800053615 | D23: =IF(D8="","",Indicadores_Generales!$D$5) -> 800053615 | E23: =IF(E8="","",Indicadores_Generales!$D$5) -> 800053615 | F23: =IF(F8="","",Indicadores_Generales!$D$5) -> 800053615 | G23: =IF(G8="","",Indicadores_Generales!$D$5) -> 800053615 | H23: =IF(H8="","",Indicadores_Generales!$D$5) -> 800053615 | I23: =IF(I8="","",Indicadores_Generales!$D$5) -> 800053615 | J23: =IF(J8="","",Indicadores_Generales!$D$5) -> 800053615 | ... Q23: =IF(Q8="","",Indicadores_Generales!$D$5) -> 800053615
B24: CRITERIO DE VERIFICACIÓN FINANCIERA
B25: HÁBIL | N25: NO HÁBIL
B27: CRITERIO DE VERIFICACIÓN FINANCIERA
B28: =Indicadores_Generales!C9 -> Indice de Liquidez: (mín. 1, ) veces. | C28: =IF(C8="","",IFERROR(IF(C29>=Indicadores_Generales!$D$9,$B$25,$N$25),"")) -> HÁBIL | D28: =IF(D8="","",IFERROR(IF(D29>=Indicadores_Generales!$D$9,$B$25,$N$25),"")) -> HÁBIL | E28: =IF(E8="","",IFERROR(IF(E29>=Indicadores_Generales!$D$9,$B$25,$N$25),"")) -> HÁBIL | F28: =IF(F8="","",IFERROR(IF(F29>=Indicadores_Generales!$D$9,$B$25,$N$25),"")) -> HÁBIL | G28: =IF(G8="","",IFERROR(IF(G29>=Indicadores_Generales!$D$9,$B$25,$N$25),"")) -> HÁBIL | H28: =IF(H8="","",IFERROR(IF(H29>=Indicadores_Generales!$D$9,$B$25,$N$25),"")) -> HÁBIL | I28: =IF(I8="","",IFERROR(IF(I29>=Indicadores_Generales!$D$9,$B$25,$N$25),"")) -> HÁBIL | J28: =IF(J8="","",IFERROR(IF(J29>=Indicadores_Generales!$D$9,$B$25,$N$25),"")) -> HÁBIL | ... Q28: =IF(Q8="","",IFERROR(IF(Q29>=Indicadores_Generales!$D$9,$B$25,$N$25),"")) -> HÁBIL
B29: Activo corriente / Pasivo corriente | C29: =IF(C8="","",IFERROR(C13/C14,"Indeterminado")) -> 2.5583201 | D29: =IF(D8="","",IFERROR(D13/D14,"Indeterminado")) -> 1.2317716 | E29: =IF(E8="","",IFERROR(E13/E14,"Indeterminado")) -> 81.086138 | F29: =IF(F8="","",IFERROR(F13/F14,"Indeterminado")) -> Indeterminado | G29: =IF(G8="","",IFERROR(G13/G14,"Indeterminado")) -> 111.48003 | H29: =IF(H8="","",IFERROR(H13/H14,"Indeterminado")) -> 39.169962 | I29: =IF(I8="","",IFERROR(I13/I14,"Indeterminado")) -> 1.8469812 | J29: =IF(J8="","",IFERROR(J13/J14,"Indeterminado")) -> 22.785478 | ... Q29: =IF(Q8="","",IFERROR(Q13/Q14,"Indeterminado")) -> Indeterminado
B30: =Indicadores_Generales!C10 -> Endeudamiento total: (máx. 70,%). | C30: =IF(C8="","",IFERROR(IF(C31<=Indicadores_Generales!$D$10,$B$25,$N$25),"")) -> HÁBIL | D30: =IF(D8="","",IFERROR(IF(D31<=Indicadores_Generales!$D$10,$B$25,$N$25),"")) -> HÁBIL | E30: =IF(E8="","",IFERROR(IF(E31<=Indicadores_Generales!$D$10,$B$25,$N$25),"")) -> HÁBIL | F30: =IF(F8="","",IFERROR(IF(F31<=Indicadores_Generales!$D$10,$B$25,$N$25),"")) | G30: =IF(G8="","",IFERROR(IF(G31<=Indicadores_Generales!$D$10,$B$25,$N$25),"")) -> HÁBIL | H30: =IF(H8="","",IFERROR(IF(H31<=Indicadores_Generales!$D$10,$B$25,$N$25),"")) -> HÁBIL | I30: =IF(I8="","",IFERROR(IF(I31<=Indicadores_Generales!$D$10,$B$25,$N$25),"")) -> HÁBIL | J30: =IF(J8="","",IFERROR(IF(J31<=Indicadores_Generales!$D$10,$B$25,$N$25),"")) -> HÁBIL | ... Q30: =IF(Q8="","",IFERROR(IF(Q31<=Indicadores_Generales!$D$10,$B$25,$N$25),"")) -> HÁBIL
B31: (Pasivo total / Activo total)*100 | C31: =IF(C8="","",C16/C15) -> 0.53922779 | D31: =IF(D8="","",D16/D15) -> 0.67245374 | E31: =IF(E8="","",E16/E15) -> 0.53566273 | F31: =IF(F8="","",F16/F15) -> #DIV/0! | G31: =IF(G8="","",G16/G15) -> 0.039765055 | H31: =IF(H8="","",H16/H15) -> 0.019145304 | I31: =IF(I8="","",I16/I15) -> 0.50936928 | J31: =IF(J8="","",J16/J15) -> 0.11778508 | ... Q31: =IF(Q8="","",Q16/Q15) -> 0.14671015
B32: =Indicadores_Generales!C11 -> Razon de Cobertura de Intereses (>= a 1, veces) ó Indeterminado. | C32: =IF(C8="","",IFERROR(IF(C33>Indicadores_Generales!$D$11,$B$25,$N$25),"")) -> HÁBIL | D32: =IF(D8="","",IFERROR(IF(D33>Indicadores_Generales!$D$11,$B$25,$N$25),"")) -> HÁBIL | E32: =IF(E8="","",IFERROR(IF(E33>Indicadores_Generales!$D$11,$B$25,$N$25),"")) -> HÁBIL | F32: =IF(F8="","",IFERROR(IF(F33>Indicadores_Generales!$D$11,$B$25,$N$25),"")) -> HÁBIL | G32: =IF(G8="","",IFERROR(IF(G33>Indicadores_Generales!$D$11,$B$25,$N$25),"")) -> HÁBIL | H32: =IF(H8="","",IFERROR(IF(H33>Indicadores_Generales!$D$11,$B$25,$N$25),"")) -> HÁBIL | I32: =IF(I8="","",IFERROR(IF(I33>Indicadores_Generales!$D$11,$B$25,$N$25),"")) -> HÁBIL | J32: =IF(J8="","",IFERROR(IF(J33>Indicadores_Generales!$D$11,$B$25,$N$25),"")) -> HÁBIL | ... Q32: =IF(Q8="","",IFERROR(IF(Q33>Indicadores_Generales!$D$11,$B$25,$N$25),"")) -> HÁBIL
B33: RC= (Utilidad Operacional) / (Gastos de Intereses) | C33: =IF(C8="","",IFERROR(C19/C20,"Indeterminado")) -> 117.02291 | D33: =IF(D8="","",IFERROR(D19/D20,"Indeterminado")) -> Indeterminado | E33: =IF(E8="","",IFERROR(E19/E20,"Indeterminado")) -> 114.26039 | F33: =IF(F8="","",IFERROR(F19/F20,"Indeterminado")) -> Indeterminado | G33: =IF(G8="","",IFERROR(G19/G20,"Indeterminado")) -> 38.715884 | H33: =IF(H8="","",IFERROR(H19/H20,"Indeterminado")) -> 57.540506 | I33: =IF(I8="","",IFERROR(I19/I20,"Indeterminado")) -> 2.7768213 | J33: =IF(J8="","",IFERROR(J19/J20,"Indeterminado")) -> 113.41085 | ... Q33: =IF(Q8="","",IFERROR(Q19/Q20,"Indeterminado")) -> 7.9201392
B34: =Indicadores_Generales!C12 -> Capital de Trabajo ≥ A 25,% del PPTO Oficial. | C34: =IFERROR(IF(C35>(C23*Indicadores_Generales!$D$12),$B$25,$N$25),"") -> HÁBIL | D34: =IFERROR(IF(D35>(D23*Indicadores_Generales!$D$12),$B$25,$N$25),"") -> HÁBIL | E34: =IFERROR(IF(E35>(E23*Indicadores_Generales!$D$12),$B$25,$N$25),"") -> HÁBIL | F34: =IFERROR(IF(F35>(F23*Indicadores_Generales!$D$12),$B$25,$N$25),"") -> NO HÁBIL | G34: =IFERROR(IF(G35>(G23*Indicadores_Generales!$D$12),$B$25,$N$25),"") -> HÁBIL | H34: =IFERROR(IF(H35>(H23*Indicadores_Generales!$D$12),$B$25,$N$25),"") -> HÁBIL | I34: =IFERROR(IF(I35>(I23*Indicadores_Generales!$D$12),$B$25,$N$25),"") -> HÁBIL | J34: =IFERROR(IF(J35>(J23*Indicadores_Generales!$D$12),$B$25,$N$25),"") -> HÁBIL | ... Q34: =IFERROR(IF(Q35>(Q23*Indicadores_Generales!$D$12),$B$25,$N$25),"") -> HÁBIL
B35: ="CT = Activo Corriente - Pasivo Corriente ≥ $ "&FIXED(Indicadores_Generales!D5*Indicadores_Generales!D12,0,FALSE) -> CT = Activo Corriente - Pasivo Corriente ≥ $ 200.013.404 | C35: =IF(C8="","",SUMIFS(Indicadores_Generales!$T:$T,Indicadores_Generales!$B:$B,C9)) -> 21752260208 | D35: =IF(D8="","",SUMIFS(Indicadores_Generales!$T:$T,Indicadores_Generales!$B:$B,D9)) -> 292340932 | E35: =IF(E8="","",SUMIFS(Indicadores_Generales!$T:$T,Indicadores_Generales!$B:$B,E9)) -> 1821201220 | F35: =IF(F8="","",SUMIFS(Indicadores_Generales!$T:$T,Indicadores_Generales!$B:$B,F9)) -> 0 | G35: =IF(G8="","",SUMIFS(Indicadores_Generales!$T:$T,Indicadores_Generales!$B:$B,G9)) -> 838376363 | H35: =IF(H8="","",SUMIFS(Indicadores_Generales!$T:$T,Indicadores_Generales!$B:$B,H9)) -> 1151012989 | I35: =IF(I8="","",SUMIFS(Indicadores_Generales!$T:$T,Indicadores_Generales!$B:$B,I9)) -> 829584895 | J35: =IF(J8="","",SUMIFS(Indicadores_Generales!$T:$T,Indicadores_Generales!$B:$B,J9)) -> 412921947 | ... Q35: =IF(Q8="","",SUMIFS(Indicadores_Generales!$T:$T,Indicadores_Generales!$B:$B,Q9)) -> 439837400
B36: CRITERIO DE VERIFICACIÓN CAPACIDAD ORGANIZACIONAL
B38: =Indicadores_Generales!C13 -> Indicador Rentabilidad del Patrimonio RP => AL 0% | C38: =IF(C8="","",IFERROR(IF(C39>=Indicadores_Generales!$D$13,$B$25,$N$25),"")) -> HÁBIL | D38: =IF(D8="","",IFERROR(IF(D39>=Indicadores_Generales!$D$13,$B$25,$N$25),"")) -> HÁBIL | E38: =IF(E8="","",IFERROR(IF(E39>=Indicadores_Generales!$D$13,$B$25,$N$25),"")) -> HÁBIL | F38: =IF(F8="","",IFERROR(IF(F39>=Indicadores_Generales!$D$13,$B$25,$N$25),"")) | G38: =IF(G8="","",IFERROR(IF(G39>=Indicadores_Generales!$D$13,$B$25,$N$25),"")) -> HÁBIL | H38: =IF(H8="","",IFERROR(IF(H39>=Indicadores_Generales!$D$13,$B$25,$N$25),"")) -> HÁBIL | I38: =IF(I8="","",IFERROR(IF(I39>=Indicadores_Generales!$D$13,$B$25,$N$25),"")) -> HÁBIL | J38: =IF(J8="","",IFERROR(IF(J39>=Indicadores_Generales!$D$13,$B$25,$N$25),"")) -> HÁBIL | ... Q38: =IF(Q8="","",IFERROR(IF(Q39>=Indicadores_Generales!$D$13,$B$25,$N$25),"")) -> HÁBIL
B39: RP = (Utilidad Operacional / Patrimonio) | C39: =IF(C8="","",C19/C17) -> 0.46733285 | D39: =IF(D8="","",D19/D17) -> 0.13752943 | E39: =IF(E8="","",E19/E17) -> 0.064741435 | F39: =IF(F8="","",F19/F17) -> #DIV/0! | G39: =IF(G8="","",G19/G17) -> 0.21475011 | H39: =IF(H8="","",H19/H17) -> 0.13899652 | I39: =IF(I8="","",I19/I17) -> 0.010756448 | J39: =IF(J8="","",J19/J17) -> 0.61352822 | ... Q39: =IF(Q8="","",Q19/Q17) -> 0.16437262
B40: =Indicadores_Generales!C14 -> Indicador Rentabilidad del Activo RAct => AL 0% | C40: =IF(C8="","",IFERROR(IF(C41>=Indicadores_Generales!$D$14,$B$25,$N$25),"")) -> HÁBIL | D40: =IF(D8="","",IFERROR(IF(D41>=Indicadores_Generales!$D$14,$B$25,$N$25),"")) -> HÁBIL | E40: =IF(E8="","",IFERROR(IF(E41>=Indicadores_Generales!$D$14,$B$25,$N$25),"")) -> HÁBIL | F40: =IF(F8="","",IFERROR(IF(F41>=Indicadores_Generales!$D$14,$B$25,$N$25),"")) | G40: =IF(G8="","",IFERROR(IF(G41>=Indicadores_Generales!$D$14,$B$25,$N$25),"")) -> HÁBIL | H40: =IF(H8="","",IFERROR(IF(H41>=Indicadores_Generales!$D$14,$B$25,$N$25),"")) -> HÁBIL | I40: =IF(I8="","",IFERROR(IF(I41>=Indicadores_Generales!$D$14,$B$25,$N$25),"")) -> HÁBIL | J40: =IF(J8="","",IFERROR(IF(J41>=Indicadores_Generales!$D$14,$B$25,$N$25),"")) -> HÁBIL | ... Q40: =IF(Q8="","",IFERROR(IF(Q41>=Indicadores_Generales!$D$14,$B$25,$N$25),"")) -> HÁBIL
B41: RA = (Utilidad Operacional / Activo Total) | C41: =IF(C8="","",C19/C15) -> 0.21533399 | D41: =IF(D8="","",D19/D15) -> 0.04504725 | E41: =IF(E8="","",E19/E15) -> 0.030061861 | F41: =IF(F8="","",F19/F15) -> #DIV/0! | G41: =IF(G8="","",G19/G15) -> 0.20621056 | H41: =IF(H8="","",H19/H15) -> 0.13633539 | I41: =IF(I8="","",I19/I15) -> 0.005277444 | J41: =IF(J8="","",J19/J15) -> 0.54126375 | ... Q41: =IF(Q8="","",Q19/Q15) -> 0.14025749
B42: CUMPLIMIENTO REQUISITOS HABLITANTES | C42: =IF(C8="","",IF(COUNTIF(C28:C41,"NO HÁBIL")>=1,"NO HABILITADO","HABILITADO")) -> HABILITADO | D42: =IF(D8="","",IF(COUNTIF(D28:D41,"NO HÁBIL")>=1,"NO HABILITADO","HABILITADO")) -> HABILITADO | E42: =IF(E8="","",IF(COUNTIF(E28:E41,"NO HÁBIL")>=1,"NO HABILITADO","HABILITADO")) -> HABILITADO | F42: RECHAZADO | G42: =IF(G8="","",IF(COUNTIF(G28:G41,"NO HÁBIL")>=1,"NO HABILITADO","HABILITADO")) -> HABILITADO | H42: =IF(H8="","",IF(COUNTIF(H28:H41,"NO HÁBIL")>=1,"NO HABILITADO","HABILITADO")) -> HABILITADO | I42: =IF(I8="","",IF(COUNTIF(I28:I41,"NO HÁBIL")>=1,"NO HABILITADO","HABILITADO")) -> HABILITADO | J42: =IF(J8="","",IF(COUNTIF(J28:J41,"NO HÁBIL")>=1,"NO HABILITADO","HABILITADO")) -> HABILITADO | K42: =IF(K8="","",IF(COUNTIF(K28:K41,"NO HÁBIL")>=1,"NO HABILITADO","HABILITADO")) -> HABILITADO | L42: =IF(L8="","",IF(COUNTIF(L28:L41,"NO HÁBIL")>=1,"NO HABILITADO","HABILITADO")) -> HABILITADO | M42: =IF(M8="","",IF(COUNTIF(M28:M41,"NO HÁBIL")>=1,"NO HABILITADO","HABILITADO")) -> HABILITADO | N42: =IF(N8="","",IF(COUNTIF(N28:N41,"NO HÁBIL")>=1,"NO HABILITADO","HABILITADO")) -> HABILITADO | ... Q42: =IF(Q8="","",IF(COUNTIF(Q28:Q41,"NO HÁBIL")>=1,"NO HABILITADO","HABILITADO")) -> HABILITADO
B44: NOTA: Una vez verificada la Informacion Finaciera presentada por cada uno de los proponentes, nos permitimos informar que las sociedades arriba descritas, que cúmplen con lo solicitado en los pliegos de condiciones definitivos en cuanto a los Indicadores Financieros requeridos se encuentran HABILITADAS.
B51: Comité Evaluador Financiero | D51: Comité Evaluador Financiero | H51: Comité Evaluador Financiero | L51: Directora Financiera SDG | O51: Contadora SDG
B53: ="NOTA: La fecha de corte de la información financiera registrada en el RUP debe ser de acuerdo a lo establecido en el pliego definitivo de condiciones del proceso "&Indicadores_Generales!D4&"." -> NOTA: La fecha de corte de la información financiera registrada en el RUP debe ser de acuerdo a lo establecido en el pliego definitivo de condiciones del proceso FDLBOSACM-004-2022(71937).
B57: RECHAZADO
B58: PROPONENTE 34 No subsano los documentos solicitados

Sheet GCO-GCI-107_46 a 60
C1: VERIFICACIÓN FINANCIERA Y CAPACIDAD ORGANIZACIONAL | Q1: Código: GCO-GCI-F107 Versión: 02 Vigencia: 23 de diciembre de 2021 Caso HOLA: 209033
B6: ="PROCESO DE SELECCIÓN "&Indicadores_Generales!D4 -> PROCESO DE SELECCIÓN FDLBOSACM-004-2022(71937)
B7: ="OBJETO: "&UPPER(Indicadores_Generales!D6) -> OBJETO: REALIZAR LA INTERVENTORÍA TÉCNICA, ADMINISTRATIVA, FINANCIERA, JURÍDICA, SOCIAL, AMBIENTAL Y SST AL CONTRATO DE OBRA PÚBLICA QUE TENDRÁ POR OBJETO CONTRACTUAL EJECUTAR POR EL SISTEMA DE PRECIOS UNITARIOS FIJOS SIN FORMULA DE REAJUSTE Y A MONTO AGOTABLE LAS ACTIVIDADES NECESARIAS PARA LA EJECUCIÓN DE LAS OBRAS DE CONSTRUCCIÓN DE MALLA VIAL Y ESPACIO PUBLICO ASOCIADO DE LA LOCALIDAD DE BOSA, DE ACUERDO CON LA DESCRIPCIÓN, ESPECIFICACIONES, ESTUDIOS, DISEÑOS Y DEMÁS CONDICIONES ESTABLECIDAS EN EL ANEXO TÉCNICO
B8: CONCEPTO | C8: =IFERROR(IF(VLOOKUP(C9,Indicadores_Generales!$B$17:$AG$143,5,0)=0,"",VLOOKUP(C9,Indicadores_Generales!$B$17:$AG$143,5,0)),"") -> COINZA ING SAS | D8: =IFERROR(IF(VLOOKUP(D9,Indicadores_Generales!$B$17:$AG$143,5,0)=0,"",VLOOKUP(D9,Indicadores_Generales!$B$17:$AG$143,5,0)),"") -> CONSORCIO BOSA INFRA-VIAL | E8: =IFERROR(IF(VLOOKUP(E9,Indicadores_Generales!$B$17:$AG$143,5,0)=0,"",VLOOKUP(E9,Indicadores_Generales!$B$17:$AG$143,5,0)),"") -> CS BOSA JI 004 | F8: =IFERROR(IF(VLOOKUP(F9,Indicadores_Generales!$B$17:$AG$143,5,0)=0,"",VLOOKUP(F9,Indicadores_Generales!$B$17:$AG$143,5,0)),"") -> ELSA MARIA RUEDA LANDINEZ INGENIERIA SAS | G8: =IFERROR(IF(VLOOKUP(G9,Indicadores_Generales!$B$17:$AG$143,5,0)=0,"",VLOOKUP(G9,Indicadores_Generales!$B$17:$AG$143,5,0)),"") -> INTERBOGOTA B&B | H8: =IFERROR(IF(VLOOKUP(H9,Indicadores_Generales!$B$17:$AG$143,5,0)=0,"",VLOOKUP(H9,Indicadores_Generales!$B$17:$AG$143,5,0)),"") -> INTERVIAL BOGOTA | I8: =IFERROR(IF(VLOOKUP(I9,Indicadores_Generales!$B$17:$AG$143,5,0)=0,"",VLOOKUP(I9,Indicadores_Generales!$B$17:$AG$143,5,0)),"") -> CONSORCIO INTERCAPITAL | J8: =IFERROR(IF(VLOOKUP(J9,Indicadores_Generales!$B$17:$AG$143,5,0)=0,"",VLOOKUP(J9,Indicadores_Generales!$B$17:$AG$143,5,0)),"") -> Proyectistas Asociados SAS | ... Q8: =IFERROR(IF(VLOOKUP(Q9,Indicadores_Generales!$B$17:$AG$143,5,0)=0,"",VLOOKUP(Q9,Indicadores_Generales!$B$17:$AG$143,5,0)),"") -> MIRS
B9: Numero Proponente | C9: 46 | D9: 47 | E9: 48 | F9: 49 | G9: 50 | H9: 51 | I9: 52 | J9: 53 | K9: 54 | L9: 55 | M9: 56 | N9: 57 | O9: 58 | P9: 59 | Q9: 60
B10: BALANCE GENERAL CON CORTE A 31 DE DICIEMBRE AÑO | C10: =IF(C8="","",IFERROR(IF(VLOOKUP(C9,Indicadores_Generales!$B$17:$AG$143,4,0)=0,"",DATE(VLOOKUP(C9,Indicadores_Generales!$B$17:$AG$143,4,0),12,31)),"")) -> 44196 | D10: =IF(D8="","",IFERROR(IF(VLOOKUP(D9,Indicadores_Generales!$B$17:$AG$143,4,0)=0,"",DATE(VLOOKUP(D9,Indicadores_Generales!$B$17:$AG$143,4,0),12,31)),"")) -> 44561 | E10: =IF(E8="","",IFERROR(IF(VLOOKUP(E9,Indicadores_Generales!$B$17:$AG$143,4,0)=0,"",DATE(VLOOKUP(E9,Indicadores_Generales!$B$17:$AG$143,4,0),12,31)),"")) -> 44561 | F10: =IF(F8="","",IFERROR(IF(VLOOKUP(F9,Indicadores_Generales!$B$17:$AG$143,4,0)=0,"",DATE(VLOOKUP(F9,Indicadores_Generales!$B$17:$AG$143,4,0),12,31)),"")) -> 44561 | G10: =IF(G8="","",IFERROR(IF(VLOOKUP(G9,Indicadores_Generales!$B$17:$AG$143,4,0)=0,"",DATE(VLOOKUP(G9,Indicadores_Generales!$B$17:$AG$143,4,0),12,31)),"")) -> 44561 | H10: =IF(H8="","",IFERROR(IF(VLOOKUP(H9,Indicadores_Generales!$B$17:$AG$143,4,0)=0,"",DATE(VLOOKUP(H9,Indicadores_Generales!$B$17:$AG$143,4,0),12,31)),"")) -> 44561 | I10: =IF(I8="","",IFERROR(IF(VLOOKUP(I9,Indicadores_Generales!$B$17:$AG$143,4,0)=0,"",DATE(VLOOKUP(I9,Indicadores_Generales!$B$17:$AG$143,4,0),12,31)),"")) -> 44561 | J10: =IF(J8="","",IFERROR(IF(VLOOKUP(J9,Indicadores_Generales!$B$17:$AG$143,4,0)=0,"",DATE(VLOOKUP(J9,Indicadores_Generales!$B$17:$AG$143,4,0),12,31)),"")) -> 44561 | ... Q10: =IF(Q8="","",IFERROR(IF(VLOOKUP(Q9,Indicadores_Generales!$B$17:$AG$143,4,0)=0,"",DATE(VLOOKUP(Q9,Indicadores_Generales!$B$17:$AG$143,4,0),12,31)),"")) -> 44196
B11: PRESENTACIÓN DE RUP VIGENTE | C11: =IF(C8="","",IF(C10="","","VIGENTE")) -> VIGENTE | D11: =IF(D8="","",IF(D10="","","VIGENTE")) -> VIGENTE | E11: =IF(E8="","",IF(E10="","","VIGENTE")) -> VIGENTE | F11: =IF(F8="","",IF(F10="","","VIGENTE")) -> VIGENTE | G11: =IF(G8="","",IF(G10="","","VIGENTE")) -> VIGENTE | H11: =IF(H8="","",IF(H10="","","VIGENTE")) -> VIGENTE | I11: =IF(I8="","",IF(I10="","","VIGENTE")) -> VIGENTE | J11: =IF(J8="","",IF(J10="","","VIGENTE")) -> VIGENTE | ... Q11: =IF(Q8="","",IF(Q10="","","VIGENTE")) -> VIGENTE
B12: INFORMACION TOMADA DEL RUP VIGENTE | C12: =IF(C8="","",SUMIFS(Indicadores_Generales!$G:$G,Indicadores_Generales!$B:$B,C9)) -> 1 | D12: =IF(D8="","",SUMIFS(Indicadores_Generales!$G:$G,Indicadores_Generales!$B:$B,D9)) -> 1 | E12: =IF(E8="","",SUMIFS(Indicadores_Generales!$G:$G,Indicadores_Generales!$B:$B,E9)) -> 1 | F12: =IF(F8="","",SUMIFS(Indicadores_Generales!$G:$G,Indicadores_Generales!$B:$B,F9)) -> 1 | G12: =IF(G8="","",SUMIFS(Indicadores_Generales!$G:$G,Indicadores_Generales!$B:$B,G9)) -> 1 | H12: =IF(H8="","",SUMIFS(Indicadores_Generales!$G:$G,Indicadores_Generales!$B:$B,H9)) -> 1 | I12: =IF(I8="","",SUMIFS(Indicadores_Generales!$G:$G,Indicadores_Generales!$B:$B,I9)) -> 1 | J12: =IF(J8="","",SUMIFS(Indicadores_Generales!$G:$G,Indicadores_Generales!$B:$B,J9)) -> 1 | ... Q12: =IF(Q8="","",SUMIFS(Indicadores_Generales!$G:$G,Indicadores_Generales!$B:$B,Q9)) -> 1
B13: ACTIVO CORRIENTE | C13: =IF(C8="","",SUMIFS(Indicadores_Generales!$U:$U,Indicadores_Generales!$B:$B,C9)) -> 1144527404 | D13: =IF(D8="","",SUMIFS(Indicadores_Generales!$U:$U,Indicadores_Generales!$B:$B,D9)) -> 3.0479397e+09 | E13: =IF(E8="","",SUMIFS(Indicadores_Generales!$U:$U,Indicadores_Generales!$B:$B,E9)) -> 5845854750 | F13: =IF(F8="","",SUMIFS(Indicadores_Generales!$U:$U,Indicadores_Generales!$B:$B,F9)) -> 505574854 | G13: =IF(G8="","",SUMIFS(Indicadores_Generales!$U:$U,Indicadores_Generales!$B:$B,G9)) -> 4.9756368e+09 | H13: =IF(H8="","",SUMIFS(Indicadores_Generales!$U:$U,Indicadores_Generales!$B:$B,H9)) -> 939829870 | I13: =IF(I8="","",SUMIFS(Indicadores_Generales!$U:$U,Indicadores_Generales!$B:$B,I9)) -> 6.1157384e+09 | J13: =IF(J8="","",SUMIFS(Indicadores_Generales!$U:$U,Indicadores_Generales!$B:$B,J9)) -> 4744189000 | ... Q13: =IF(Q8="","",SUMIFS(Indicadores_Generales!$U:$U,Indicadores_Generales!$B:$B,Q9)) -> 9466689745
B14: PASIVO CORRIENTE | C14: =IF(C8="","",SUMIFS(Indicadores_Generales!$V:$V,Indicadores_Generales!$B:$B,C9)) -> 127525300 | D14: =IF(D8="","",SUMIFS(Indicadores_Generales!$V:$V,Indicadores_Generales!$B:$B,D9)) -> 1.2224277e+09 | E14: =IF(E8="","",SUMIFS(Indicadores_Generales!$V:$V,Indicadores_Generales!$B:$B,E9)) -> 1191338600 | F14: =IF(F8="","",SUMIFS(Indicadores_Generales!$V:$V,Indicadores_Generales!$B:$B,F9)) -> 0 | G14: =IF(G8="","",SUMIFS(Indicadores_Generales!$V:$V,Indicadores_Generales!$B:$B,G9)) -> 610833480 | H14: =IF(H8="","",SUMIFS(Indicadores_Generales!$V:$V,Indicadores_Generales!$B:$B,H9)) -> 78474116 | I14: =IF(I8="","",SUMIFS(Indicadores_Generales!$V:$V,Indicadores_Generales!$B:$B,I9)) -> 963296384 | J14: =IF(J8="","",SUMIFS(Indicadores_Generales!$V:$V,Indicadores_Generales!$B:$B,J9)) -> 647872000 | ... Q14: =IF(Q8="","",SUMIFS(Indicadores_Generales!$V:$V,Indicadores_Generales!$B:$B,Q9)) -> 578082934
B15: ACTIVO TOTAL | C15: =IF(C8="","",SUMIFS(Indicadores_Generales!$W:$W,Indicadores_Generales!$B:$B,C9)) -> 1144527404 | D15: =IF(D8="","",SUMIFS(Indicadores_Generales!$W:$W,Indicadores_Generales!$B:$B,D9)) -> 3.4855968e+09 | E15: =IF(E8="","",SUMIFS(Indicadores_Generales!$W:$W,Indicadores_Generales!$B:$B,E9)) -> 6482464950 | F15: =IF(F8="","",SUMIFS(Indicadores_Generales!$W:$W,Indicadores_Generales!$B:$B,F9)) -> 505574854 | G15: =IF(G8="","",SUMIFS(Indicadores_Generales!$W:$W,Indicadores_Generales!$B:$B,G9)) -> 5534779903 | H15: =IF(H8="","",SUMIFS(Indicadores_Generales!$W:$W,Indicadores_Generales!$B:$B,H9)) -> 1.3101545e+09 | I15: =IF(I8="","",SUMIFS(Indicadores_Generales!$W:$W,Indicadores_Generales!$B:$B,I9)) -> 7761534305 | J15: =IF(J8="","",SUMIFS(Indicadores_Generales!$W:$W,Indicadores_Generales!$B:$B,J9)) -> 7198504000 | ... Q15: =IF(Q8="","",SUMIFS(Indicadores_Generales!$W:$W,Indicadores_Generales!$B:$B,Q9)) -> 9632261601
B16: PASIVO TOTAL | C16: =IF(C8="","",SUMIFS(Indicadores_Generales!$X:$X,Indicadores_Generales!$B:$B,C9)) -> 691084552 | D16: =IF(D8="","",SUMIFS(Indicadores_Generales!$X:$X,Indicadores_Generales!$B:$B,D9)) -> 1.2319277e+09 | E16: =IF(E8="","",SUMIFS(Indicadores_Generales!$X:$X,Indicadores_Generales!$B:$B,E9)) -> 2779734950 | F16: =IF(F8="","",SUMIFS(Indicadores_Generales!$X:$X,Indicadores_Generales!$B:$B,F9)) -> 0 | G16: =IF(G8="","",SUMIFS(Indicadores_Generales!$X:$X,Indicadores_Generales!$B:$B,G9)) -> 1.5576889e+09 | H16: =IF(H8="","",SUMIFS(Indicadores_Generales!$X:$X,Indicadores_Generales!$B:$B,H9)) -> 78474116 | I16: =IF(I8="","",SUMIFS(Indicadores_Generales!$X:$X,Indicadores_Generales!$B:$B,I9)) -> 3.2494334e+09 | J16: =IF(J8="","",SUMIFS(Indicadores_Generales!$X:$X,Indicadores_Generales!$B:$B,J9)) -> 3549582000 | ... Q16: =IF(Q8="","",SUMIFS(Indicadores_Generales!$X:$X,Indicadores_Generales!$B:$B,Q9)) -> 3615452093
B17: PATRIMONIO | C17: =IF(C8="","",SUMIFS(Indicadores_Generales!$Y:$Y,Indicadores_Generales!$B:$B,C9)) -> 453442852 | D17: =IF(D8="","",SUMIFS(Indicadores_Generales!$Y:$Y,Indicadores_Generales!$B:$B,D9)) -> 2.2536691e+09 | E17: =IF(E8="","",SUMIFS(Indicadores_Generales!$Y:$Y,Indicadores_Generales!$B:$B,E9)) -> 3702730000 | F17: =IF(F8="","",SUMIFS(Indicadores_Generales!$Y:$Y,Indicadores_Generales!$B:$B,F9)) -> 505574854 | G17: =IF(G8="","",SUMIFS(Indicadores_Generales!$Y:$Y,Indicadores_Generales!$B:$B,G9)) -> 3.977091e+09 | H17: =IF(H8="","",SUMIFS(Indicadores_Generales!$Y:$Y,Indicadores_Generales!$B:$B,H9)) -> 1.2316804e+09 | I17: =IF(I8="","",SUMIFS(Indicadores_Generales!$Y:$Y,Indicadores_Generales!$B:$B,I9)) -> 4.5121009e+09 | J17: =IF(J8="","",SUMIFS(Indicadores_Generales!$Y:$Y,Indicadores_Generales!$B:$B,J9)) -> 3648922000 | ... Q17: =IF(Q8="","",SUMIFS(Indicadores_Generales!$Y:$Y,Indicadores_Generales!$B:$B,Q9)) -> 6016809508
B18: Activo total-Pasivo total-Patrimonio | C18: =IF(C8="","",C15-C16-C17) -> 0 | D18: =IF(D8="","",D15-D16-D17) -> 0 | E18: =IF(E8="","",E15-E16-E17) -> 0 | F18: =IF(F8="","",F15-F16-F17) -> 0 | G18: =IF(G8="","",G15-G16-G17) -> 0 | H18: =IF(H8="","",H15-H16-H17) -> 0 | I18: =IF(I8="","",I15-I16-I17) -> 0 | J18: =IF(J8="","",J15-J16-J17) -> 0 | ... Q18: =IF(Q8="","",Q15-Q16-Q17) -> 0
B19: UTILIDAD OPERACIONAL | C19: =IF(C8="","",SUMIFS(Indicadores_Generales!$Z:$Z,Indicadores_Generales!$B:$B,C9)) -> 96550646 | D19: =IF(D8="","",SUMIFS(Indicadores_Generales!$Z:$Z,Indicadores_Generales!$B:$B,D9)) -> 6.4770874e+08 | E19: =IF(E8="","",SUMIFS(Indicadores_Generales!$Z:$Z,Indicadores_Generales!$B:$B,E9)) -> 308762850 | F19: =IF(F8="","",SUMIFS(Indicadores_Generales!$Z:$Z,Indicadores_Generales!$B:$B,F9)) -> 85495360 | G19: =IF(G8="","",SUMIFS(Indicadores_Generales!$Z:$Z,Indicadores_Generales!$B:$B,G9)) -> 763579987 | H19: =IF(H8="","",SUMIFS(Indicadores_Generales!$Z:$Z,Indicadores_Generales!$B:$B,H9)) -> 2.1238387e+08 | I19: =IF(I8="","",SUMIFS(Indicadores_Generales!$Z:$Z,Indicadores_Generales!$B:$B,I9)) -> 1.3317618e+09 | J19: =IF(J8="","",SUMIFS(Indicadores_Generales!$Z:$Z,Indicadores_Generales!$B:$B,J9)) -> 689288000 | ... Q19: =IF(Q8="","",SUMIFS(Indicadores_Generales!$Z:$Z,Indicadores_Generales!$B:$B,Q9)) -> 3788705455
B20: GASTOS DE INTERESES | C20: =IF(C8="","",SUMIFS(Indicadores_Generales!$AA:$AA,Indicadores_Generales!$B:$B,C9)) -> 5000 | D20: =IF(D8="","",SUMIFS(Indicadores_Generales!$AA:$AA,Indicadores_Generales!$B:$B,D9)) -> 1545935.6 | E20: =IF(E8="","",SUMIFS(Indicadores_Generales!$AA:$AA,Indicadores_Generales!$B:$B,E9)) -> 13373150 | F20: =IF(F8="","",SUMIFS(Indicadores_Generales!$AA:$AA,Indicadores_Generales!$B:$B,F9)) -> 26503561 | G20: =IF(G8="","",SUMIFS(Indicadores_Generales!$AA:$AA,Indicadores_Generales!$B:$B,G9)) -> 38142180 | H20: =IF(H8="","",SUMIFS(Indicadores_Generales!$AA:$AA,Indicadores_Generales!$B:$B,H9)) -> 110000 | I20: =IF(I8="","",SUMIFS(Indicadores_Generales!$AA:$AA,Indicadores_Generales!$B:$B,I9)) -> 1.8792171e+08 | J20: =IF(J8="","",SUMIFS(Indicadores_Generales!$AA:$AA,Indicadores_Generales!$B:$B,J9)) -> 106015275 | ... Q20: =IF(Q8="","",SUMIFS(Indicadores_Generales!$AA:$AA,Indicadores_Generales!$B:$B,Q9)) -> 12146311
B21: Rentabilidad del Patrimonio = Utilidad Operacional / Patrimonio | C21: =IF(C8="","",C19/C17) -> 0.21292793 | D21: =IF(D8="","",D19/D17) -> 0.28740188 | E21: =IF(E8="","",E19/E17) -> 0.083387892 | F21: =IF(F8="","",F19/F17) -> 0.16910525 | G21: =IF(G8="","",G19/G17) -> 0.1919946 | H21: =IF(H8="","",H19/H17) -> 0.17243423 | I21: =IF(I8="","",I19/I17) -> 0.29515337 | J21: =IF(J8="","",J19/J17) -> 0.18890182 | ... Q21: =IF(Q8="","",Q19/Q17) -> 0.62968679
B22: Rentabilidad del Activo = Utilidad Operacional / Activo Total | C22: =IF(C8="","",C19/C15) -> 0.084358527 | D22: =IF(D8="","",D19/D15) -> 0.18582434 | E22: =IF(E8="","",E19/E15) -> 0.04763047 | F22: =IF(F8="","",F19/F15) -> 0.16910525 | G22: =IF(G8="","",G19/G15) -> 0.13796032 | H22: =IF(H8="","",H19/H15) -> 0.16210597 | I22: =IF(I8="","",I19/I15) -> 0.17158486 | J22: =IF(J8="","",J19/J15) -> 0.09575434 | ... Q22: =IF(Q8="","",Q19/Q15) -> 0.39333498
B23: VALOR DEL PRESUPUESTO OFICIAL | C23: =IF(C8="","",Indicadores_Generales!$D$5) -> 800053615 | D23: =IF(D8="","",Indicadores_Generales!$D$5) -> 800053615 | E23: =IF(E8="","",Indicadores_Generales!$D$5) -> 800053615 | F23: =IF(F8="","",Indicadores_Generales!$D$5) -> 800053615 | G23: =IF(G8="","",Indicadores_Generales!$D$5) -> 800053615 | H23: =IF(H8="","",Indicadores_Generales!$D$5) -> 800053615 | I23: =IF(I8="","",Indicadores_Generales!$D$5) -> 800053615 | J23: =IF(J8="","",Indicadores_Generales!$D$5) -> 800053615 | ... Q23: =IF(Q8="","",Indicadores_Generales!$D$5) -> 800053615
B24: CRITERIO DE VERIFICACIÓN FINANCIERA
B25: HÁBIL | N25: NO HÁBIL
B27: CRITERIO DE VERIFICACIÓN FINANCIERA
B28: =Indicadores_Generales!C9 -> Indice de Liquidez: (mín. 1, ) veces. | C28: =IF(C8="","",IFERROR(IF(C29>=Indicadores_Generales!$D$9,$B$25,$N$25),"")) -> HÁBIL | D28: =IF(D8="","",IFERROR(IF(D29>=Indicadores_Generales!$D$9,$B$25,$N$25),"")) -> HÁBIL | E28: =IF(E8="","",IFERROR(IF(E29>=Indicadores_Generales!$D$9,$B$25,$N$25),"")) -> HÁBIL | F28: =IF(F8="","",IFERROR(IF(F29>=Indicadores_Generales!$D$9,$B$25,$N$25),"")) -> HÁBIL | G28: =IF(G8="","",IFERROR(IF(G29>=Indicadores_Generales!$D$9,$B$25,$N$25),"")) -> HÁBIL | H28: =IF(H8="","",IFERROR(IF(H29>=Indicadores_Generales!$D$9,$B$25,$N$25),"")) -> HÁBIL | I28: =IF(I8="","",IFERROR(IF(I29>=Indicadores_Generales!$D$9,$B$25,$N$25),"")) -> HÁBIL | J28: =IF(J8="","",IFERROR(IF(J29>=Indicadores_Generales!$D$9,$B$25,$N$25),"")) -> HÁBIL | ... Q28: =IF(Q8="","",IFERROR(IF(Q29>=Indicadores_Generales!$D$9,$B$25,$N$25),"")) -> HÁBIL
B29: Activo corriente / Pasivo corriente | C29: =IF(C8="","",IFERROR(C13/C14,"Indeterminado")) -> 8.9749046 | D29: =IF(D8="","",IFERROR(D13/D14,"Indeterminado")) -> 2.4933498 | E29: =IF(E8="","",IFERROR(E13/E14,"Indeterminado")) -> 4.9069633 | F29: =IF(F8="","",IFERROR(F13/F14,"Indeterminado")) -> Indeterminado | G29: =IF(G8="","",IFERROR(G13/G14,"Indeterminado")) -> 8.1456517 | H29: =IF(H8="","",IFERROR(H13/H14,"Indeterminado")) -> 11.976304 | I29: =IF(I8="","",IFERROR(I13/I14,"Indeterminado")) -> 6.3487609 | J29: =IF(J8="","",IFERROR(J13/J14,"Indeterminado")) -> 7.3227258 | ... Q29: =IF(Q8="","",IFERROR(Q13/Q14,"Indeterminado")) -> 16.376006
B30: =Indicadores_Generales!C10 -> Endeudamiento total: (máx. 70,%). | C30: =IF(C8="","",IFERROR(IF(C31<=Indicadores_Generales!$D$10,$B$25,$N$25),"")) -> HÁBIL | D30: =IF(D8="","",IFERROR(IF(D31<=Indicadores_Generales!$D$10,$B$25,$N$25),"")) -> HÁBIL | E30: =IF(E8="","",IFERROR(IF(E31<=Indicadores_Generales!$D$10,$B$25,$N$25),"")) -> HÁBIL | F30: =IF(F8="","",IFERROR(IF(F31<=Indicadores_Generales!$D$10,$B$25,$N$25),"")) -> HÁBIL | G30: =IF(G8="","",IFERROR(IF(G31<=Indicadores_Generales!$D$10,$B$25,$N$25),"")) -> HÁBIL | H30: =IF(H8="","",IFERROR(IF(H31<=Indicadores_Generales!$D$10,$B$25,$N$25),"")) -> HÁBIL | I30: =IF(I8="","",IFERROR(IF(I31<=Indicadores_Generales!$D$10,$B$25,$N$25),"")) -> HÁBIL | J30: =IF(J8="","",IFERROR(IF(J31<=Indicadores_Generales!$D$10,$B$25,$N$25),"")) -> HÁBIL | ... Q30: =IF(Q8="","",IFERROR(IF(Q31<=Indicadores_Generales!$D$10,$B$25,$N$25),"")) -> HÁBIL
B31: (Pasivo total / Activo total)*100 | C31: =IF(C8="","",C16/C15) -> 0.60381652 | D31: =IF(D8="","",D16/D15) -> 0.3534338 | E31: =IF(E8="","",E16/E15) -> 0.42880833 | F31: =IF(F8="","",F16/F15) -> 0 | G31: =IF(G8="","",G16/G15) -> 0.28143646 | H31: =IF(H8="","",H16/H15) -> 0.059896839 | I31: =IF(I8="","",I16/I15) -> 0.41865864 | J31: =IF(J8="","",J16/J15) -> 0.49309996 | ... Q31: =IF(Q8="","",Q16/Q15) -> 0.3753482
B32: =Indicadores_Generales!C11 -> Razon de Cobertura de Intereses (>= a 1, veces) ó Indeterminado. | C32: =IF(C8="","",IFERROR(IF(C33>Indicadores_Generales!$D$11,$B$25,$N$25),"")) -> HÁBIL | D32: =IF(D8="","",IFERROR(IF(D33>Indicadores_Generales!$D$11,$B$25,$N$25),"")) -> HÁBIL | E32: =IF(E8="","",IFERROR(IF(E33>Indicadores_Generales!$D$11,$B$25,$N$25),"")) -> HÁBIL | F32: =IF(F8="","",IFERROR(IF(F33>Indicadores_Generales!$D$11,$B$25,$N$25),"")) -> HÁBIL | G32: =IF(G8="","",IFERROR(IF(G33>Indicadores_Generales!$D$11,$B$25,$N$25),"")) -> HÁBIL | H32: =IF(H8="","",IFERROR(IF(H33>Indicadores_Generales!$D$11,$B$25,$N$25),"")) -> HÁBIL | I32: =IF(I8="","",IFERROR(IF(I33>Indicadores_Generales!$D$11,$B$25,$N$25),"")) -> HÁBIL | J32: =IF(J8="","",IFERROR(IF(J33>Indicadores_Generales!$D$11,$B$25,$N$25),"")) -> HÁBIL | ... Q32: =IF(Q8="","",IFERROR(IF(Q33>Indicadores_Generales!$D$11,$B$25,$N$25),"")) -> HÁBIL
B33: RC= (Utilidad Operacional) / (Gastos de Intereses) | C33: =IF(C8="","",IFERROR(C19/C20,"Indeterminado")) -> 19310.129 | D33: =IF(D8="","",IFERROR(D19/D20,"Indeterminado")) -> 418.97523 | E33: =IF(E8="","",IFERROR(E19/E20,"Indeterminado")) -> 23.088266 | F33: =IF(F8="","",IFERROR(F19/F20,"Indeterminado")) -> 3.2258065 | G33: =IF(G8="","",IFERROR(G19/G20,"Indeterminado")) -> 20.019307 | H33: =IF(H8="","",IFERROR(H19/H20,"Indeterminado")) -> 1930.7625 | I33: =IF(I8="","",IFERROR(I19/I20,"Indeterminado")) -> 7.0867904 | J33: =IF(J8="","",IFERROR(J19/J20,"Indeterminado")) -> 6.5017801 | ... Q33: =IF(Q8="","",IFERROR(Q19/Q20,"Indeterminado")) -> 311.92232
B34: =Indicadores_Generales!C12 -> Capital de Trabajo ≥ A 25,% del PPTO Oficial. | C34: =IFERROR(IF(C35>(C23*Indicadores_Generales!$D$12),$B$25,$N$25),"") -> HÁBIL | D34: =IFERROR(IF(D35>(D23*Indicadores_Generales!$D$12),$B$25,$N$25),"") -> HÁBIL | E34: =IFERROR(IF(E35>(E23*Indicadores_Generales!$D$12),$B$25,$N$25),"") -> HÁBIL | F34: =IFERROR(IF(F35>(F23*Indicadores_Generales!$D$12),$B$25,$N$25),"") -> HÁBIL | G34: =IFERROR(IF(G35>(G23*Indicadores_Generales!$D$12),$B$25,$N$25),"") -> HÁBIL | H34: =IFERROR(IF(H35>(H23*Indicadores_Generales!$D$12),$B$25,$N$25),"") -> HÁBIL | I34: =IFERROR(IF(I35>(I23*Indicadores_Generales!$D$12),$B$25,$N$25),"") -> HÁBIL | J34: =IFERROR(IF(J35>(J23*Indicadores_Generales!$D$12),$B$25,$N$25),"") -> HÁBIL | ... Q34: =IFERROR(IF(Q35>(Q23*Indicadores_Generales!$D$12),$B$25,$N$25),"") -> HÁBIL
B35: ="CT = Activo Corriente - Pasivo Corriente ≥ $ "&FIXED(Indicadores_Generales!D5*Indicadores_Generales!D12,0,FALSE) -> CT = Activo Corriente - Pasivo Corriente ≥ $ 200.013.404 | C35: =IF(C8="","",SUMIFS(Indicadores_Generales!$T:$T,Indicadores_Generales!$B:$B,C9)) -> 1017002104 | D35: =IF(D8="","",SUMIFS(Indicadores_Generales!$T:$T,Indicadores_Generales!$B:$B,D9)) -> 2084256114 | E35: =IF(E8="","",SUMIFS(Indicadores_Generales!$T:$T,Indicadores_Generales!$B:$B,E9)) -> 5637755000 | F35: =IF(F8="","",SUMIFS(Indicadores_Generales!$T:$T,Indicadores_Generales!$B:$B,F9)) -> 505574854 | G35: =IF(G8="","",SUMIFS(Indicadores_Generales!$T:$T,Indicadores_Generales!$B:$B,G9)) -> 8729606599 | H35: =IF(H8="","",SUMIFS(Indicadores_Generales!$T:$T,Indicadores_Generales!$B:$B,H9)) -> 1291670510 | I35: =IF(I8="","",SUMIFS(Indicadores_Generales!$T:$T,Indicadores_Generales!$B:$B,I9)) -> 10304884091 | J35: =IF(J8="","",SUMIFS(Indicadores_Generales!$T:$T,Indicadores_Generales!$B:$B,J9)) -> 4096317000 | ... Q35: =IF(Q8="","",SUMIFS(Indicadores_Generales!$T:$T,Indicadores_Generales!$B:$B,Q9)) -> 8888606811
B36: CRITERIO DE VERIFICACIÓN CAPACIDAD ORGANIZACIONAL
B38: =Indicadores_Generales!C13 -> Indicador Rentabilidad del Patrimonio RP => AL 0% | C38: =IF(C8="","",IFERROR(IF(C39>=Indicadores_Generales!$D$13,$B$25,$N$25),"")) -> HÁBIL | D38: =IF(D8="","",IFERROR(IF(D39>=Indicadores_Generales!$D$13,$B$25,$N$25),"")) -> HÁBIL | E38: =IF(E8="","",IFERROR(IF(E39>=Indicadores_Generales!$D$13,$B$25,$N$25),"")) -> HÁBIL | F38: =IF(F8="","",IFERROR(IF(F39>=Indicadores_Generales!$D$13,$B$25,$N$25),"")) -> HÁBIL | G38: =IF(G8="","",IFERROR(IF(G39>=Indicadores_Generales!$D$13,$B$25,$N$25),"")) -> HÁBIL | H38: =IF(H8="","",IFERROR(IF(H39>=Indicadores_Generales!$D$13,$B$25,$N$25),"")) -> HÁBIL | I38: =IF(I8="","",IFERROR(IF(I39>=Indicadores_Generales!$D$13,$B$25,$N$25),"")) -> HÁBIL | J38: =IF(J8="","",IFERROR(IF(J39>=Indicadores_Generales!$D$13,$B$25,$N$25),"")) -> HÁBIL | ... Q38: =IF(Q8="","",IFERROR(IF(Q39>=Indicadores_Generales!$D$13,$B$25,$N$25),"")) -> HÁBIL
B39: RP = (Utilidad Operacional / Patrimonio) | C39: =IF(C8="","",C19/C17) -> 0.21292793 | D39: =IF(D8="","",D19/D17) -> 0.28740188 | E39: =IF(E8="","",E19/E17) -> 0.083387892 | F39: =IF(F8="","",F19/F17) -> 0.16910525 | G39: =IF(G8="","",G19/G17) -> 0.1919946 | H39: =IF(H8="","",H19/H17) -> 0.17243423 | I39: =IF(I8="","",I19/I17) -> 0.29515337 | J39: =IF(J8="","",J19/J17) -> 0.18890182 | ... Q39: =IF(Q8="","",Q19/Q17) -> 0.62968679
B40: =Indicadores_Generales!C14 -> Indicador Rentabilidad del Activo RAct => AL 0% | C40: =IF(C8="","",IFERROR(IF(C41>=Indicadores_Generales!$D$14,$B$25,$N$25),"")) -> HÁBIL | D40: =IF(D8="","",IFERROR(IF(D41>=Indicadores_Generales!$D$14,$B$25,$N$25),"")) -> HÁBIL | E40: =IF(E8="","",IFERROR(IF(E41>=Indicadores_Generales!$D$14,$B$25,$N$25),"")) -> HÁBIL | F40: =IF(F8="","",IFERROR(IF(F41>=Indicadores_Generales!$D$14,$B$25,$N$25),"")) -> HÁBIL | G40: =IF(G8="","",IFERROR(IF(G41>=Indicadores_Generales!$D$14,$B$25,$N$25),"")) -> HÁBIL | H40: =IF(H8="","",IFERROR(IF(H41>=Indicadores_Generales!$D$14,$B$25,$N$25),"")) -> HÁBIL | I40: =IF(I8="","",IFERROR(IF(I41>=Indicadores_Generales!$D$14,$B$25,$N$25),"")) -> HÁBIL | J40: =IF(J8="","",IFERROR(IF(J41>=Indicadores_Generales!$D$14,$B$25,$N$25),"")) -> HÁBIL | ... Q40: =IF(Q8="","",IFERROR(IF(Q41>=Indicadores_Generales!$D$14,$B$25,$N$25),"")) -> HÁBIL
B41: RA = (Utilidad Operacional / Activo Total) | C41: =IF(C8="","",C19/C15) -> 0.084358527 | D41: =IF(D8="","",D19/D15) -> 0.18582434 | E41: =IF(E8="","",E19/E15) -> 0.04763047 | F41: =IF(F8="","",F19/F15) -> 0.16910525 | G41: =IF(G8="","",G19/G15) -> 0.13796032 | H41: =IF(H8="","",H19/H15) -> 0.16210597 | I41: =IF(I8="","",I19/I15) -> 0.17158486 | J41: =IF(J8="","",J19/J15) -> 0.09575434 | ... Q41: =IF(Q8="","",Q19/Q15) -> 0.39333498
B42: CUMPLIMIENTO REQUISITOS HABLITANTES | C42: =IF(C8="","",IF(COUNTIF(C28:C41,"NO HÁBIL")>=1,"NO HABILITADO","HABILITADO")) -> HABILITADO | D42: =IF(D8="","",IF(COUNTIF(D28:D41,"NO HÁBIL")>=1,"NO HABILITADO","HABILITADO")) -> HABILITADO | E42: =IF(E8="","",IF(COUNTIF(E28:E41,"NO HÁBIL")>=1,"NO HABILITADO","HABILITADO")) -> HABILITADO | F42: =IF(F8="","",IF(COUNTIF(F28:F41,"NO HÁBIL")>=1,"NO HABILITADO","HABILITADO")) -> HABILITADO | G42: =IF(G8="","",IF(COUNTIF(G28:G41,"NO HÁBIL")>=1,"NO HABILITADO","HABILITADO")) -> HABILITADO | H42: =IF(H8="","",IF(COUNTIF(H28:H41,"NO HÁBIL")>=1,"NO HABILITADO","HABILITADO")) -> HABILITADO | I42: =IF(I8="","",IF(COUNTIF(I28:I41,"NO HÁBIL")>=1,"NO HABILITADO","HABILITADO")) -> HABILITADO | J42: =IF(J8="","",IF(COUNTIF(J28:J41,"NO HÁBIL")>=1,"NO HABILITADO","HABILITADO")) -> HABILITADO | ... Q42: =IF(Q8="","",IF(COUNTIF(Q28:Q41,"NO HÁBIL")>=1,"NO HABILITADO","HABILITADO")) -> HABILITADO
B44: NOTA: Una vez verificada la Informacion Finaciera presentada por cada uno de los proponentes, nos permitimos informar que las sociedades arriba descritas, que cúmplen con lo solicitado en los pliegos de condiciones definitivos en cuanto a los Indicadores Financieros requeridos se encuentran HABILITADAS.
B51: Comité Evaluador Financiero | D51: Comité Evaluador Financiero | H51: Comité Evaluador Financiero | L51: Directora Financiera SDG | O51: Contadora SDG
B53: ="NOTA: La fecha de corte de la información financiera registrada en el RUP debe ser de acuerdo a lo establecido en el pliego definitivo de condiciones del proceso "&Indicadores_Generales!D4&"." -> NOTA: La fecha de corte de la información financiera registrada en el RUP debe ser de acuerdo a lo establecido en el pliego definitivo de condiciones del proceso FDLBOSACM-004-2022(71937).

Sheet GCO-GCI-107_61 a 75
C1: VERIFICACIÓN FINANCIERA Y CAPACIDAD ORGANIZACIONAL | Q1: Código: GCO-GCI-F107 Versión: 02 Vigencia: 23 de diciembre de 2021 Caso HOLA: 209033
B6: ="PROCESO DE SELECCIÓN "&Indicadores_Generales!D4 -> PROCESO DE SELECCIÓN FDLBOSACM-004-2022(71937)
B7: ="OBJETO: "&UPPER(Indicadores_Generales!D6) -> OBJETO: REALIZAR LA INTERVENTORÍA TÉCNICA, ADMINISTRATIVA, FINANCIERA, JURÍDICA, SOCIAL, AMBIENTAL Y SST AL CONTRATO DE OBRA PÚBLICA QUE TENDRÁ POR OBJETO CONTRACTUAL EJECUTAR POR EL SISTEMA DE PRECIOS UNITARIOS FIJOS SIN FORMULA DE REAJUSTE Y A MONTO AGOTABLE LAS ACTIVIDADES NECESARIAS PARA LA EJECUCIÓN DE LAS OBRAS DE CONSTRUCCIÓN DE MALLA VIAL Y ESPACIO PUBLICO ASOCIADO DE LA LOCALIDAD DE BOSA, DE ACUERDO CON LA DESCRIPCIÓN, ESPECIFICACIONES, ESTUDIOS, DISEÑOS Y DEMÁS CONDICIONES ESTABLECIDAS EN EL ANEXO TÉCNICO
B8: CONCEPTO | C8: =IFERROR(IF(VLOOKUP(C9,Indicadores_Generales!$B$17:$AG$143,5,0)=0,"",VLOOKUP(C9,Indicadores_Generales!$B$17:$AG$143,5,0)),"") -> TECNUMEC S.A.S. | D8: =IFERROR(IF(VLOOKUP(D9,Indicadores_Generales!$B$17:$AG$143,5,0)=0,"",VLOOKUP(D9,Indicadores_Generales!$B$17:$AG$143,5,0)),"") -> CONSORCIO VIAS BOSA | E8: =IFERROR(IF(VLOOKUP(E9,Indicadores_Generales!$B$17:$AG$143,5,0)=0,"",VLOOKUP(E9,Indicadores_Generales!$B$17:$AG$143,5,0)),"") -> CONSORCIO VYO 2022 | F8: =IFERROR(IF(VLOOKUP(F9,Indicadores_Generales!$B$17:$AG$143,5,0)=0,"",VLOOKUP(F9,Indicadores_Generales!$B$17:$AG$143,5,0)),"") -> D&B INGENIEROS CIVILES S.A.S. | G8: =IFERROR(IF(VLOOKUP(G9,Indicadores_Generales!$B$17:$AG$143,5,0)=0,"",VLOOKUP(G9,Indicadores_Generales!$B$17:$AG$143,5,0)),"") -> CONSORCIO INTERTRONCAL 2022 | H8: =IFERROR(IF(VLOOKUP(H9,Indicadores_Generales!$B$17:$AG$143,5,0)=0,"",VLOOKUP(H9,Indicadores_Generales!$B$17:$AG$143,5,0)),"") -> HMV SERVICIOS S.A.S. | I8: =IFERROR(IF(VLOOKUP(I9,Indicadores_Generales!$B$17:$AG$143,5,0)=0,"",VLOOKUP(I9,Indicadores_Generales!$B$17:$AG$143,5,0)),"") -> CONSORCIO MALLA VIAL 2022 | J8: =IFERROR(IF(VLOOKUP(J9,Indicadores_Generales!$B$17:$AG$143,5,0)=0,"",VLOOKUP(J9,Indicadores_Generales!$B$17:$AG$143,5,0)),"") -> CONSORCIO INCOL-ALEPH | ... Q8: =IFERROR(IF(VLOOKUP(Q9,Indicadores_Generales!$B$17:$AG$143,5,0)=0,"",VLOOKUP(Q9,Indicadores_Generales!$B$17:$AG$143,5,0)),"") -> CONSORCIO INTERVENTORIA BOSA
B9: Numero Proponente | C9: 61 | D9: 62 | E9: 63 | F9: 64 | G9: 65 | H9: 66 | I9: 67 | J9: 68 | K9: 69 | L9: 70 | M9: 71 | N9: 72 | O9: 73 | P9: 74 | Q9: 75
B10: BALANCE GENERAL CON CORTE A 31 DE DICIEMBRE AÑO | C10: =IF(C8="","",IFERROR(IF(VLOOKUP(C9,Indicadores_Generales!$B$17:$AG$143,4,0)=0,"",DATE(VLOOKUP(C9,Indicadores_Generales!$B$17:$AG$143,4,0),12,31)),"")) -> 44561 | D10: =IF(D8="","",IFERROR(IF(VLOOKUP(D9,Indicadores_Generales!$B$17:$AG$143,4,0)=0,"",DATE(VLOOKUP(D9,Indicadores_Generales!$B$17:$AG$143,4,0),12,31)),"")) -> 44561 | E10: =IF(E8="","",IFERROR(IF(VLOOKUP(E9,Indicadores_Generales!$B$17:$AG$143,4,0)=0,"",DATE(VLOOKUP(E9,Indicadores_Generales!$B$17:$AG$143,4,0),12,31)),"")) -> 44561 | F10: =IF(F8="","",IFERROR(IF(VLOOKUP(F9,Indicadores_Generales!$B$17:$AG$143,4,0)=0,"",DATE(VLOOKUP(F9,Indicadores_Generales!$B$17:$AG$143,4,0),12,31)),"")) -> 44561 | G10: =IF(G8="","",IFERROR(IF(VLOOKUP(G9,Indicadores_Generales!$B$17:$AG$143,4,0)=0,"",DATE(VLOOKUP(G9,Indicadores_Generales!$B$17:$AG$143,4,0),12,31)),"")) -> 44561 | H10: =IF(H8="","",IFERROR(IF(VLOOKUP(H9,Indicadores_Generales!$B$17:$AG$143,4,0)=0,"",DATE(VLOOKUP(H9,Indicadores_Generales!$B$17:$AG$143,4,0),12,31)),"")) -> 44561 | I10: =IF(I8="","",IFERROR(IF(VLOOKUP(I9,Indicadores_Generales!$B$17:$AG$143,4,0)=0,"",DATE(VLOOKUP(I9,Indicadores_Generales!$B$17:$AG$143,4,0),12,31)),"")) -> 44561 | J10: =IF(J8="","",IFERROR(IF(VLOOKUP(J9,Indicadores_Generales!$B$17:$AG$143,4,0)=0,"",DATE(VLOOKUP(J9,Indicadores_Generales!$B$17:$AG$143,4,0),12,31)),"")) -> 44561 | ... Q10: =IF(Q8="","",IFERROR(IF(VLOOKUP(Q9,Indicadores_Generales!$B$17:$AG$143,4,0)=0,"",DATE(VLOOKUP(Q9,Indicadores_Generales!$B$17:$AG$143,4,0),12,31)),"")) -> 44561
B11: PRESENTACIÓN DE RUP VIGENTE | C11: =IF(C8="","",IF(C10="","","VIGENTE")) -> VIGENTE | D11: =IF(D8="","",IF(D10="","","VIGENTE")) -> VIGENTE | E11: =IF(E8="","",IF(E10="","","VIGENTE")) -> VIGENTE | F11: =IF(F8="","",IF(F10="","","VIGENTE")) -> VIGENTE | G11: =IF(G8="","",IF(G10="","","VIGENTE")) -> VIGENTE | H11: =IF(H8="","",IF(H10="","","VIGENTE")) -> VIGENTE | I11: =IF(I8="","",IF(I10="","","VIGENTE")) -> VIGENTE | J11: =IF(J8="","",IF(J10="","","VIGENTE")) -> VIGENTE | ... Q11: =IF(Q8="","",IF(Q10="","","VIGENTE")) -> VIGENTE
B12: INFORMACION TOMADA DEL RUP VIGENTE | C12: =IF(C8="","",SUMIFS(Indicadores_Generales!$G:$G,Indicadores_Generales!$B:$B,C9)) -> 1 | D12: =IF(D8="","",SUMIFS(Indicadores_Generales!$G:$G,Indicadores_Generales!$B:$B,D9)) -> 1 | E12: =IF(E8="","",SUMIFS(Indicadores_Generales!$G:$G,Indicadores_Generales!$B:$B,E9)) -> 1 | F12: =IF(F8="","",SUMIFS(Indicadores_Generales!$G:$G,Indicadores_Generales!$B:$B,F9)) -> 1 | G12: =IF(G8="","",SUMIFS(Indicadores_Generales!$G:$G,Indicadores_Generales!$B:$B,G9)) -> 1 | H12: =IF(H8="","",SUMIFS(Indicadores_Generales!$G:$G,Indicadores_Generales!$B:$B,H9)) -> 1 | I12: =IF(I8="","",SUMIFS(Indicadores_Generales!$G:$G,Indicadores_Generales!$B:$B,I9)) -> 1 | J12: =IF(J8="","",SUMIFS(Indicadores_Generales!$G:$G,Indicadores_Generales!$B:$B,J9)) -> 1 | ... Q12: =IF(Q8="","",SUMIFS(Indicadores_Generales!$G:$G,Indicadores_Generales!$B:$B,Q9)) -> 1
B13: ACTIVO CORRIENTE | C13: =IF(C8="","",SUMIFS(Indicadores_Generales!$U:$U,Indicadores_Generales!$B:$B,C9)) -> 3025424340 | D13: =IF(D8="","",SUMIFS(Indicadores_Generales!$U:$U,Indicadores_Generales!$B:$B,D9)) -> 1733465500 | E13: =IF(E8="","",SUMIFS(Indicadores_Generales!$U:$U,Indicadores_Generales!$B:$B,E9)) -> 2.1034053e+09 | F13: =IF(F8="","",SUMIFS(Indicadores_Generales!$U:$U,Indicadores_Generales!$B:$B,F9)) -> 3034257047 | G13: =IF(G8="","",SUMIFS(Indicadores_Generales!$U:$U,Indicadores_Generales!$B:$B,G9)) -> 3472717944 | H13: =IF(H8="","",SUMIFS(Indicadores_Generales!$U:$U,Indicadores_Generales!$B:$B,H9)) -> 8896825410 | I13: =IF(I8="","",SUMIFS(Indicadores_Generales!$U:$U,Indicadores_Generales!$B:$B,I9)) -> 2915041921 | J13: =IF(J8="","",SUMIFS(Indicadores_Generales!$U:$U,Indicadores_Generales!$B:$B,J9)) -> 2289853419 | ... Q13: =IF(Q8="","",SUMIFS(Indicadores_Generales!$U:$U,Indicadores_Generales!$B:$B,Q9)) -> 5.6260506e+09
B14: PASIVO CORRIENTE | C14: =IF(C8="","",SUMIFS(Indicadores_Generales!$V:$V,Indicadores_Generales!$B:$B,C9)) -> 392373356 | D14: =IF(D8="","",SUMIFS(Indicadores_Generales!$V:$V,Indicadores_Generales!$B:$B,D9)) -> 171308000 | E14: =IF(E8="","",SUMIFS(Indicadores_Generales!$V:$V,Indicadores_Generales!$B:$B,E9)) -> 1.6588144e+08 | F14: =IF(F8="","",SUMIFS(Indicadores_Generales!$V:$V,Indicadores_Generales!$B:$B,F9)) -> 80344151 | G14: =IF(G8="","",SUMIFS(Indicadores_Generales!$V:$V,Indicadores_Generales!$B:$B,G9)) -> 392892948 | H14: =IF(H8="","",SUMIFS(Indicadores_Generales!$V:$V,Indicadores_Generales!$B:$B,H9)) -> 2515564498 | I14: =IF(I8="","",SUMIFS(Indicadores_Generales!$V:$V,Indicadores_Generales!$B:$B,I9)) -> 1.3100026e+09 | J14: =IF(J8="","",SUMIFS(Indicadores_Generales!$V:$V,Indicadores_Generales!$B:$B,J9)) -> 3.3955895e+08 | ... Q14: =IF(Q8="","",SUMIFS(Indicadores_Generales!$V:$V,Indicadores_Generales!$B:$B,Q9)) -> 60182808
B15: ACTIVO TOTAL | C15: =IF(C8="","",SUMIFS(Indicadores_Generales!$W:$W,Indicadores_Generales!$B:$B,C9)) -> 3103458991 | D15: =IF(D8="","",SUMIFS(Indicadores_Generales!$W:$W,Indicadores_Generales!$B:$B,D9)) -> 3282948000 | E15: =IF(E8="","",SUMIFS(Indicadores_Generales!$W:$W,Indicadores_Generales!$B:$B,E9)) -> 2.3114191e+09 | F15: =IF(F8="","",SUMIFS(Indicadores_Generales!$W:$W,Indicadores_Generales!$B:$B,F9)) -> 3840605758 | G15: =IF(G8="","",SUMIFS(Indicadores_Generales!$W:$W,Indicadores_Generales!$B:$B,G9)) -> 3.7997037e+09 | H15: =IF(H8="","",SUMIFS(Indicadores_Generales!$W:$W,Indicadores_Generales!$B:$B,H9)) -> 8948328677 | I15: =IF(I8="","",SUMIFS(Indicadores_Generales!$W:$W,Indicadores_Generales!$B:$B,I9)) -> 3256990178 | J15: =IF(J8="","",SUMIFS(Indicadores_Generales!$W:$W,Indicadores_Generales!$B:$B,J9)) -> 2.6484868e+09 | ... Q15: =IF(Q8="","",SUMIFS(Indicadores_Generales!$W:$W,Indicadores_Generales!$B:$B,Q9)) -> 5.6579283e+09
B16: PASIVO TOTAL | C16: =IF(C8="","",SUMIFS(Indicadores_Generales!$X:$X,Indicadores_Generales!$B:$B,C9)) -> 392373356 | D16: =IF(D8="","",SUMIFS(Indicadores_Generales!$X:$X,Indicadores_Generales!$B:$B,D9)) -> 182683500 | E16: =IF(E8="","",SUMIFS(Indicadores_Generales!$X:$X,Indicadores_Generales!$B:$B,E9)) -> 5.5716294e+08 | F16: =IF(F8="","",SUMIFS(Indicadores_Generales!$X:$X,Indicadores_Generales!$B:$B,F9)) -> 1360479111 | G16: =IF(G8="","",SUMIFS(Indicadores_Generales!$X:$X,Indicadores_Generales!$B:$B,G9)) -> 1968766948 | H16: =IF(H8="","",SUMIFS(Indicadores_Generales!$X:$X,Indicadores_Generales!$B:$B,H9)) -> 2539710213 | I16: =IF(I8="","",SUMIFS(Indicadores_Generales!$X:$X,Indicadores_Generales!$B:$B,I9)) -> 1736061328 | J16: =IF(J8="","",SUMIFS(Indicadores_Generales!$X:$X,Indicadores_Generales!$B:$B,J9)) -> 5.4563494e+08 | ... Q16: =IF(Q8="","",SUMIFS(Indicadores_Generales!$X:$X,Indicadores_Generales!$B:$B,Q9)) -> 1.0108358e+09
B17: PATRIMONIO | C17: =IF(C8="","",SUMIFS(Indicadores_Generales!$Y:$Y,Indicadores_Generales!$B:$B,C9)) -> 2711085635 | D17: =IF(D8="","",SUMIFS(Indicadores_Generales!$Y:$Y,Indicadores_Generales!$B:$B,D9)) -> 3100264500 | E17: =IF(E8="","",SUMIFS(Indicadores_Generales!$Y:$Y,Indicadores_Generales!$B:$B,E9)) -> 1.7542561e+09 | F17: =IF(F8="","",SUMIFS(Indicadores_Generales!$Y:$Y,Indicadores_Generales!$B:$B,F9)) -> 2480126647 | G17: =IF(G8="","",SUMIFS(Indicadores_Generales!$Y:$Y,Indicadores_Generales!$B:$B,G9)) -> 1.8309367e+09 | H17: =IF(H8="","",SUMIFS(Indicadores_Generales!$Y:$Y,Indicadores_Generales!$B:$B,H9)) -> 6408618464 | I17: =IF(I8="","",SUMIFS(Indicadores_Generales!$Y:$Y,Indicadores_Generales!$B:$B,I9)) -> 1520928850 | J17: =IF(J8="","",SUMIFS(Indicadores_Generales!$Y:$Y,Indicadores_Generales!$B:$B,J9)) -> 2102851811 | ... Q17: =IF(Q8="","",SUMIFS(Indicadores_Generales!$Y:$Y,Indicadores_Generales!$B:$B,Q9)) -> 4.6470926e+09
B18: Activo total-Pasivo total-Patrimonio | C18: =IF(C8="","",C15-C16-C17) -> 0 | D18: =IF(D8="","",D15-D16-D17) -> 0 | E18: =IF(E8="","",E15-E16-E17) -> -0.050000429 | F18: =IF(F8="","",F15-F16-F17) -> 0 | G18: =IF(G8="","",G15-G16-G17) -> 0 | H18: =IF(H8="","",H15-H16-H17) -> 0 | I18: =IF(I8="","",I15-I16-I17) -> 0 | J18: =IF(J8="","",J15-J16-J17) -> 2.3841858e-07 | ... Q18: =IF(Q8="","",Q15-Q16-Q17) -> 0
B19: UTILIDAD OPERACIONAL | C19: =IF(C8="","",SUMIFS(Indicadores_Generales!$Z:$Z,Indicadores_Generales!$B:$B,C9)) -> 211862009 | D19: =IF(D8="","",SUMIFS(Indicadores_Generales!$Z:$Z,Indicadores_Generales!$B:$B,D9)) -> 279189000 | E19: =IF(E8="","",SUMIFS(Indicadores_Generales!$Z:$Z,Indicadores_Generales!$B:$B,E9)) -> 2.9060135e+08 | F19: =IF(F8="","",SUMIFS(Indicadores_Generales!$Z:$Z,Indicadores_Generales!$B:$B,F9)) -> 558644409 | G19: =IF(G8="","",SUMIFS(Indicadores_Generales!$Z:$Z,Indicadores_Generales!$B:$B,G9)) -> 781618692 | H19: =IF(H8="","",SUMIFS(Indicadores_Generales!$Z:$Z,Indicadores_Generales!$B:$B,H9)) -> 474555410 | I19: =IF(I8="","",SUMIFS(Indicadores_Generales!$Z:$Z,Indicadores_Generales!$B:$B,I9)) -> 148344602 | J19: =IF(J8="","",SUMIFS(Indicadores_Generales!$Z:$Z,Indicadores_Generales!$B:$B,J9)) -> 2.5588923e+08 | ... Q19: =IF(Q8="","",SUMIFS(Indicadores_Generales!$Z:$Z,Indicadores_Generales!$B:$B,Q9)) -> 9.8099039e+08
B20: GASTOS DE INTERESES | C20: =IF(C8="","",SUMIFS(Indicadores_Generales!$AA:$AA,Indicadores_Generales!$B:$B,C9)) -> 0 | D20: =IF(D8="","",SUMIFS(Indicadores_Generales!$AA:$AA,Indicadores_Generales!$B:$B,D9)) -> 0 | E20: =IF(E8="","",SUMIFS(Indicadores_Generales!$AA:$AA,Indicadores_Generales!$B:$B,E9)) -> 1548624.2 | F20: =IF(F8="","",SUMIFS(Indicadores_Generales!$AA:$AA,Indicadores_Generales!$B:$B,F9)) -> 10873019 | G20: =IF(G8="","",SUMIFS(Indicadores_Generales!$AA:$AA,Indicadores_Generales!$B:$B,G9)) -> 22309500 | H20: =IF(H8="","",SUMIFS(Indicadores_Generales!$AA:$AA,Indicadores_Generales!$B:$B,H9)) -> 14756198 | I20: =IF(I8="","",SUMIFS(Indicadores_Generales!$AA:$AA,Indicadores_Generales!$B:$B,I9)) -> 5644407.5 | J20: =IF(J8="","",SUMIFS(Indicadores_Generales!$AA:$AA,Indicadores_Generales!$B:$B,J9)) -> 15361182 | ... Q20: =IF(Q8="","",SUMIFS(Indicadores_Generales!$AA:$AA,Indicadores_Generales!$B:$B,Q9)) -> 1191238.1
B21: Rentabilidad del Patrimonio = Utilidad Operacional / Patrimonio | C21: =IF(C8="","",C19/C17) -> 0.078146557 | D21: =IF(D8="","",D19/D17) -> 0.090053284 | E21: =IF(E8="","",E19/E17) -> 0.16565503 | F21: =IF(F8="","",F19/F17) -> 0.22524834 | G21: =IF(G8="","",G19/G17) -> 0.42689552 | H21: =IF(H8="","",H19/H17) -> 0.074049565 | I21: =IF(I8="","",I19/I17) -> 0.09753553 | J21: =IF(J8="","",J19/J17) -> 0.12168676 | ... Q21: =IF(Q8="","",Q19/Q17) -> 0.21109766
B22: Rentabilidad del Activo = Utilidad Operacional / Activo Total | C22: =IF(C8="","",C19/C15) -> 0.068266412 | D22: =IF(D8="","",D19/D15) -> 0.085042163 | E22: =IF(E8="","",E19/E15) -> 0.12572422 | F22: =IF(F8="","",F19/F15) -> 0.14545737 | G22: =IF(G8="","",G19/G15) -> 0.20570517 | H22: =IF(H8="","",H19/H15) -> 0.053032854 | I22: =IF(I8="","",I19/I15) -> 0.04554653 | J22: =IF(J8="","",J19/J15) -> 0.096617144 | ... Q22: =IF(Q8="","",Q19/Q15) -> 0.17338332
B23: VALOR DEL PRESUPUESTO OFICIAL | C23: =IF(C8="","",Indicadores_Generales!$D$5) -> 800053615 | D23: =IF(D8="","",Indicadores_Generales!$D$5) -> 800053615 | E23: =IF(E8="","",Indicadores_Generales!$D$5) -> 800053615 | F23: =IF(F8="","",Indicadores_Generales!$D$5) -> 800053615 | G23: =IF(G8="","",Indicadores_Generales!$D$5) -> 800053615 | H23: =IF(H8="","",Indicadores_Generales!$D$5) -> 800053615 | I23: =IF(I8="","",Indicadores_Generales!$D$5) -> 800053615 | J23: =IF(J8="","",Indicadores_Generales!$D$5) -> 800053615 | ... Q23: =IF(Q8="","",Indicadores_Generales!$D$5) -> 800053615
B24: CRITERIO DE VERIFICACIÓN FINANCIERA
B25: HÁBIL | N25: NO HÁBIL
B27: CRITERIO DE VERIFICACIÓN FINANCIERA
B28: =[1]Indicadores_Generales!C9 -> Indice de Liquidez: (mín. 1, ) veces. | C28: =IF(C8="","",IFERROR(IF(C29>=Indicadores_Generales!$D$9,$B$25,$N$25),"")) -> HÁBIL | D28: =IF(D8="","",IFERROR(IF(D29>=Indicadores_Generales!$D$9,$B$25,$N$25),"")) -> HÁBIL | E28: =IF(E8="","",IFERROR(IF(E29>=Indicadores_Generales!$D$9,$B$25,$N$25),"")) -> HÁBIL | F28: =IF(F8="","",IFERROR(IF(F29>=Indicadores_Generales!$D$9,$B$25,$N$25),"")) -> HÁBIL | G28: =IF(G8="","",IFERROR(IF(G29>=Indicadores_Generales!$D$9,$B$25,$N$25),"")) -> HÁBIL | H28: =IF(H8="","",IFERROR(IF(H29>=Indicadores_Generales!$D$9,$B$25,$N$25),"")) -> HÁBIL | I28: =IF(I8="","",IFERROR(IF(I29>=Indicadores_Generales!$D$9,$B$25,$N$25),"")) -> HÁBIL | J28: =IF(J8="","",IFERROR(IF(J29>=Indicadores_Generales!$D$9,$B$25,$N$25),"")) -> HÁBIL | ... Q28: =IF(Q8="","",IFERROR(IF(Q29>=Indicadores_Generales!$D$9,$B$25,$N$25),"")) -> HÁBIL
B29: Activo corriente / Pasivo corriente | C29: =IF(C8="","",IFERROR(C13/C14,"Indeterminado")) -> 7.7105754 | D29: =IF(D8="","",IFERROR(D13/D14,"Indeterminado")) -> 10.118999 | E29: =IF(E8="","",IFERROR(E13/E14,"Indeterminado")) -> 12.680172 | F29: =IF(F8="","",IFERROR(F13/F14,"Indeterminado")) -> 37.765749 | G29: =IF(G8="","",IFERROR(G13/G14,"Indeterminado")) -> 8.8388401 | H29: =IF(H8="","",IFERROR(H13/H14,"Indeterminado")) -> 3.5367113 | I29: =IF(I8="","",IFERROR(I13/I14,"Indeterminado")) -> 2.2252184 | J29: =IF(J8="","",IFERROR(J13/J14,"Indeterminado")) -> 6.7436109 | ... Q29: =IF(Q8="","",IFERROR(Q13/Q14,"Indeterminado")) -> 93.482687
B30: =[1]Indicadores_Generales!C10 -> Endeudamiento total: (máx. 70,%). | C30: =IF(C8="","",IFERROR(IF(C31<=Indicadores_Generales!$D$10,$B$25,$N$25),"")) -> HÁBIL | D30: =IF(D8="","",IFERROR(IF(D31<=Indicadores_Generales!$D$10,$B$25,$N$25),"")) -> HÁBIL | E30: =IF(E8="","",IFERROR(IF(E31<=Indicadores_Generales!$D$10,$B$25,$N$25),"")) -> HÁBIL | F30: =IF(F8="","",IFERROR(IF(F31<=Indicadores_Generales!$D$10,$B$25,$N$25),"")) -> HÁBIL | G30: =IF(G8="","",IFERROR(IF(G31<=Indicadores_Generales!$D$10,$B$25,$N$25),"")) -> HÁBIL | H30: =IF(H8="","",IFERROR(IF(H31<=Indicadores_Generales!$D$10,$B$25,$N$25),"")) -> HÁBIL | I30: =IF(I8="","",IFERROR(IF(I31<=Indicadores_Generales!$D$10,$B$25,$N$25),"")) -> HÁBIL | J30: =IF(J8="","",IFERROR(IF(J31<=Indicadores_Generales!$D$10,$B$25,$N$25),"")) -> HÁBIL | ... Q30: =IF(Q8="","",IFERROR(IF(Q31<=Indicadores_Generales!$D$10,$B$25,$N$25),"")) -> HÁBIL
B31: (Pasivo total / Activo total)*100 | C31: =IF(C8="","",C16/C15) -> 0.12643098 | D31: =IF(D8="","",D16/D15) -> 0.055646175 | E31: =IF(E8="","",E16/E15) -> 0.241048 | F31: =IF(F8="","",F16/F15) -> 0.35423555 | G31: =IF(G8="","",G16/G15) -> 0.51813697 | H31: =IF(H8="","",H16/H15) -> 0.2838195 | I31: =IF(I8="","",I16/I15) -> 0.53302627 | J31: =IF(J8="","",J16/J15) -> 0.20601762 | ... Q31: =IF(Q8="","",Q16/Q15) -> 0.17865828
B32: =[1]Indicadores_Generales!C11 -> Razon de Cobertura de Intereses (>= a 1, veces) ó Indeterminado. | C32: =IF(C8="","",IFERROR(IF(C33>Indicadores_Generales!$D$11,$B$25,$N$25),"")) -> HÁBIL | D32: =IF(D8="","",IFERROR(IF(D33>Indicadores_Generales!$D$11,$B$25,$N$25),"")) -> HÁBIL | E32: =IF(E8="","",IFERROR(IF(E33>Indicadores_Generales!$D$11,$B$25,$N$25),"")) -> HÁBIL | F32: =IF(F8="","",IFERROR(IF(F33>Indicadores_Generales!$D$11,$B$25,$N$25),"")) -> HÁBIL | G32: =IF(G8="","",IFERROR(IF(G33>Indicadores_Generales!$D$11,$B$25,$N$25),"")) -> HÁBIL | H32: =IF(H8="","",IFERROR(IF(H33>Indicadores_Generales!$D$11,$B$25,$N$25),"")) -> HÁBIL | I32: =IF(I8="","",IFERROR(IF(I33>Indicadores_Generales!$D$11,$B$25,$N$25),"")) -> HÁBIL | J32: =IF(J8="","",IFERROR(IF(J33>Indicadores_Generales!$D$11,$B$25,$N$25),"")) -> HÁBIL | ... Q32: =IF(Q8="","",IFERROR(IF(Q33>Indicadores_Generales!$D$11,$B$25,$N$25),"")) -> HÁBIL
B33: RC= (Utilidad Operacional) / (Gastos de Intereses) | C33: =IF(C8="","",IFERROR(C19/C20,"Indeterminado")) -> Indeterminado | D33: =IF(D8="","",IFERROR(D19/D20,"Indeterminado")) -> Indeterminado | E33: =IF(E8="","",IFERROR(E19/E20,"Indeterminado")) -> 187.6513 | F33: =IF(F8="","",IFERROR(F19/F20,"Indeterminado")) -> 51.37896 | G33: =IF(G8="","",IFERROR(G19/G20,"Indeterminado")) -> 35.03524 | H33: =IF(H8="","",IFERROR(H19/H20,"Indeterminado")) -> 32.159735 | I33: =IF(I8="","",IFERROR(I19/I20,"Indeterminado")) -> 26.281696 | J33: =IF(J8="","",IFERROR(J19/J20,"Indeterminado")) -> 16.658173 | ... Q33: =IF(Q8="","",IFERROR(Q19/Q20,"Indeterminado")) -> 823.50488
B34: =[1]Indicadores_Generales!C12 -> Capital de Trabajo ≥ A 37,5% del PPTO Oficial. | C34: =IFERROR(IF(C35>(C23*Indicadores_Generales!$D$12),$B$25,$N$25),"") -> HÁBIL | D34: =IFERROR(IF(D35>(D23*Indicadores_Generales!$D$12),$B$25,$N$25),"") -> HÁBIL | E34: =IFERROR(IF(E35>(E23*Indicadores_Generales!$D$12),$B$25,$N$25),"") -> HÁBIL | F34: =IFERROR(IF(F35>(F23*Indicadores_Generales!$D$12),$B$25,$N$25),"") -> HÁBIL | G34: =IFERROR(IF(G35>(G23*Indicadores_Generales!$D$12),$B$25,$N$25),"") -> HÁBIL | H34: =IFERROR(IF(H35>(H23*Indicadores_Generales!$D$12),$B$25,$N$25),"") -> HÁBIL | I34: =IFERROR(IF(I35>(I23*Indicadores_Generales!$D$12),$B$25,$N$25),"") -> HÁBIL | J34: =IFERROR(IF(J35>(J23*Indicadores_Generales!$D$12),$B$25,$N$25),"") -> HÁBIL | ... Q34: =IFERROR(IF(Q35>(Q23*Indicadores_Generales!$D$12),$B$25,$N$25),"") -> HÁBIL
B35: ="CT = Activo Corriente - Pasivo Corriente ≥ $ "&FIXED([1]Indicadores_Generales!D5*[1]Indicadores_Generales!D12,0,FALSE) -> CT = Activo Corriente - Pasivo Corriente ≥ $ 243.596.639 | C35: =IF(C8="","",SUMIFS(Indicadores_Generales!$T:$T,Indicadores_Generales!$B:$B,C9)) -> 2633050984 | D35: =IF(D8="","",SUMIFS(Indicadores_Generales!$T:$T,Indicadores_Generales!$B:$B,D9)) -> 3124315000 | E35: =IF(E8="","",SUMIFS(Indicadores_Generales!$T:$T,Indicadores_Generales!$B:$B,E9)) -> 3517551437 | F35: =IF(F8="","",SUMIFS(Indicadores_Generales!$T:$T,Indicadores_Generales!$B:$B,F9)) -> 2953912896 | G35: =IF(G8="","",SUMIFS(Indicadores_Generales!$T:$T,Indicadores_Generales!$B:$B,G9)) -> 6159649992 | H35: =IF(H8="","",SUMIFS(Indicadores_Generales!$T:$T,Indicadores_Generales!$B:$B,H9)) -> 6381260912 | I35: =IF(I8="","",SUMIFS(Indicadores_Generales!$T:$T,Indicadores_Generales!$B:$B,I9)) -> 3210078563 | J35: =IF(J8="","",SUMIFS(Indicadores_Generales!$T:$T,Indicadores_Generales!$B:$B,J9)) -> 4074194554 | ... Q35: =IF(Q8="","",SUMIFS(Indicadores_Generales!$T:$T,Indicadores_Generales!$B:$B,Q9)) -> 6743367607
B36: CRITERIO DE VERIFICACIÓN CAPACIDAD ORGANIZACIONAL
B38: =[1]Indicadores_Generales!C13 -> Indicador Rentabilidad del Patrimonio RP => AL 0% | C38: =IF(C8="","",IFERROR(IF(C39>=Indicadores_Generales!$D$13,$B$25,$N$25),"")) -> HÁBIL | D38: =IF(D8="","",IFERROR(IF(D39>=Indicadores_Generales!$D$13,$B$25,$N$25),"")) -> HÁBIL | E38: =IF(E8="","",IFERROR(IF(E39>=Indicadores_Generales!$D$13,$B$25,$N$25),"")) -> HÁBIL | F38: =IF(F8="","",IFERROR(IF(F39>=Indicadores_Generales!$D$13,$B$25,$N$25),"")) -> HÁBIL | G38: =IF(G8="","",IFERROR(IF(G39>=Indicadores_Generales!$D$13,$B$25,$N$25),"")) -> HÁBIL | H38: =IF(H8="","",IFERROR(IF(H39>=Indicadores_Generales!$D$13,$B$25,$N$25),"")) -> HÁBIL | I38: =IF(I8="","",IFERROR(IF(I39>=Indicadores_Generales!$D$13,$B$25,$N$25),"")) -> HÁBIL | J38: =IF(J8="","",IFERROR(IF(J39>=Indicadores_Generales!$D$13,$B$25,$N$25),"")) -> HÁBIL | ... Q38: =IF(Q8="","",IFERROR(IF(Q39>=Indicadores_Generales!$D$13,$B$25,$N$25),"")) -> HÁBIL
B39: RP = (Utilidad Operacional / Patrimonio) | C39: =IF(C8="","",C19/C17) -> 0.078146557 | D39: =IF(D8="","",D19/D17) -> 0.090053284 | E39: =IF(E8="","",E19/E17) -> 0.16565503 | F39: =IF(F8="","",F19/F17) -> 0.22524834 | G39: =IF(G8="","",G19/G17) -> 0.42689552 | H39: =IF(H8="","",H19/H17) -> 0.074049565 | I39: =IF(I8="","",I19/I17) -> 0.09753553 | J39: =IF(J8="","",J19/J17) -> 0.12168676 | ... Q39: =IF(Q8="","",Q19/Q17) -> 0.21109766
B40: =[1]Indicadores_Generales!C14 -> Indicador Rentabilidad del Activo RAct => AL 0% | C40: =IF(C8="","",IFERROR(IF(C41>=Indicadores_Generales!$D$14,$B$25,$N$25),"")) -> HÁBIL | D40: =IF(D8="","",IFERROR(IF(D41>=Indicadores_Generales!$D$14,$B$25,$N$25),"")) -> HÁBIL | E40: =IF(E8="","",IFERROR(IF(E41>=Indicadores_Generales!$D$14,$B$25,$N$25),"")) -> HÁBIL | F40: =IF(F8="","",IFERROR(IF(F41>=Indicadores_Generales!$D$14,$B$25,$N$25),"")) -> HÁBIL | G40: =IF(G8="","",IFERROR(IF(G41>=Indicadores_Generales!$D$14,$B$25,$N$25),"")) -> HÁBIL | H40: =IF(H8="","",IFERROR(IF(H41>=Indicadores_Generales!$D$14,$B$25,$N$25),"")) -> HÁBIL | I40: =IF(I8="","",IFERROR(IF(I41>=Indicadores_Generales!$D$14,$B$25,$N$25),"")) -> HÁBIL | J40: =IF(J8="","",IFERROR(IF(J41>=Indicadores_Generales!$D$14,$B$25,$N$25),"")) -> HÁBIL | ... Q40: =IF(Q8="","",IFERROR(IF(Q41>=Indicadores_Generales!$D$14,$B$25,$N$25),"")) -> HÁBIL
B41: RA = (Utilidad Operacional / Activo Total) | C41: =IF(C8="","",C19/C15) -> 0.068266412 | D41: =IF(D8="","",D19/D15) -> 0.085042163 | E41: =IF(E8="","",E19/E15) -> 0.12572422 | F41: =IF(F8="","",F19/F15) -> 0.14545737 | G41: =IF(G8="","",G19/G15) -> 0.20570517 | H41: =IF(H8="","",H19/H15) -> 0.053032854 | I41: =IF(I8="","",I19/I15) -> 0.04554653 | J41: =IF(J8="","",J19/J15) -> 0.096617144 | ... Q41: =IF(Q8="","",Q19/Q15) -> 0.17338332
B42: CUMPLIMIENTO REQUISITOS HABLITANTES | C42: =IF(C8="","",IF(COUNTIF(C28:C41,"NO HÁBIL")>=1,"NO HABILITADO","HABILITADO")) -> HABILITADO | D42: =IF(D8="","",IF(COUNTIF(D28:D41,"NO HÁBIL")>=1,"NO HABILITADO","HABILITADO")) -> HABILITADO | E42: =IF(E8="","",IF(COUNTIF(E28:E41,"NO HÁBIL")>=1,"NO HABILITADO","HABILITADO")) -> HABILITADO | F42: =IF(F8="","",IF(COUNTIF(F28:F41,"NO HÁBIL")>=1,"NO HABILITADO","HABILITADO")) -> HABILITADO | G42: =IF(G8="","",IF(COUNTIF(G28:G41,"NO HÁBIL")>=1,"NO HABILITADO","HABILITADO")) -> HABILITADO | H42: =IF(H8="","",IF(COUNTIF(H28:H41,"NO HÁBIL")>=1,"NO HABILITADO","HABILITADO")) -> HABILITADO | I42: =IF(I8="","",IF(COUNTIF(I28:I41,"NO HÁBIL")>=1,"NO HABILITADO","HABILITADO")) -> HABILITADO | J42: =IF(J8="","",IF(COUNTIF(J28:J41,"NO HÁBIL")>=1,"NO HABILITADO","HABILITADO")) -> HABILITADO | ... Q42: =IF(Q8="","",IF(COUNTIF(Q28:Q41,"NO HÁBIL")>=1,"NO HABILITADO","HABILITADO")) -> HABILITADO
B44: NOTA: Una vez verificada la Informacion Finaciera presentada por cada uno de los proponentes, nos permitimos informar que las sociedades arriba descritas, que cúmplen con lo solicitado en los pliegos de condiciones definitivos en cuanto a los Indicadores Financieros requeridos se encuentran HABILITADAS.
B51: Comité Evaluador Financiero | D51: Comité Evaluador Financiero | H51: Comité Evaluador Financiero | L51: Directora Financiera SDG | O51: Contadora SDG
B53: ="NOTA: La fecha de corte de la información financiera registrada en el RUP debe ser de acuerdo a lo establecido en el pliego definitivo de condiciones del proceso "&[1]Indicadores_Generales!D4&"." -> NOTA: La fecha de corte de la información financiera registrada en el RUP debe ser de acuerdo a lo establecido en el pliego definitivo de condiciones del proceso FDLBOSACM-003-2022 (71936).

Sheet GCO-GCI-107_76 a 90
C1: VERIFICACIÓN FINANCIERA Y CAPACIDAD ORGANIZACIONAL | Q1: Código: GCO-GCI-F107 Versión: 02 Vigencia: 23 de diciembre de 2021 Caso HOLA: 209033
B6: ="PROCESO DE SELECCIÓN "&Indicadores_Generales!D4 -> PROCESO DE SELECCIÓN FDLBOSACM-004-2022(71937)
B7: ="OBJETO: "&UPPER(Indicadores_Generales!D6) -> OBJETO: REALIZAR LA INTERVENTORÍA TÉCNICA, ADMINISTRATIVA, FINANCIERA, JURÍDICA, SOCIAL, AMBIENTAL Y SST AL CONTRATO DE OBRA PÚBLICA QUE TENDRÁ POR OBJETO CONTRACTUAL EJECUTAR POR EL SISTEMA DE PRECIOS UNITARIOS FIJOS SIN FORMULA DE REAJUSTE Y A MONTO AGOTABLE LAS ACTIVIDADES NECESARIAS PARA LA EJECUCIÓN DE LAS OBRAS DE CONSTRUCCIÓN DE MALLA VIAL Y ESPACIO PUBLICO ASOCIADO DE LA LOCALIDAD DE BOSA, DE ACUERDO CON LA DESCRIPCIÓN, ESPECIFICACIONES, ESTUDIOS, DISEÑOS Y DEMÁS CONDICIONES ESTABLECIDAS EN EL ANEXO TÉCNICO
B8: CONCEPTO | C8: =IFERROR(IF(VLOOKUP(C9,Indicadores_Generales!$B$17:$AG$200,5,0)=0,"",VLOOKUP(C9,Indicadores_Generales!$B$17:$AG$200,5,0)),"") -> CONSORCIO ING VIAL | D8: =IFERROR(IF(VLOOKUP(D9,Indicadores_Generales!$B$17:$AG$200,5,0)=0,"",VLOOKUP(D9,Indicadores_Generales!$B$17:$AG$200,5,0)),"") -> CONSORCIO INTERVENTORES | E8: =IFERROR(IF(VLOOKUP(E9,Indicadores_Generales!$B$17:$AG$200,5,0)=0,"",VLOOKUP(E9,Indicadores_Generales!$B$17:$AG$200,5,0)),"") -> INGECON SAS | F8: =IFERROR(IF(VLOOKUP(F9,Indicadores_Generales!$B$17:$AG$200,5,0)=0,"",VLOOKUP(F9,Indicadores_Generales!$B$17:$AG$200,5,0)),"") -> INTERVENTORIA Y CONSTRUCIVILES SAS | G8: =IFERROR(IF(VLOOKUP(G9,Indicadores_Generales!$B$17:$AG$200,5,0)=0,"",VLOOKUP(G9,Indicadores_Generales!$B$17:$AG$200,5,0)),"") -> CONSORCIO INTERVIAS BOSA -22 | H8: =IFERROR(IF(VLOOKUP(H9,Indicadores_Generales!$B$17:$AG$200,5,0)=0,"",VLOOKUP(H9,Indicadores_Generales!$B$17:$AG$200,5,0)),"") -> AYMCO SAS | I8: =IFERROR(IF(VLOOKUP(I9,Indicadores_Generales!$B$17:$AG$200,5,0)=0,"",VLOOKUP(I9,Indicadores_Generales!$B$17:$AG$200,5,0)),"") -> CONSORCIO NLA 2022 | J8: =IFERROR(IF(VLOOKUP(J9,Indicadores_Generales!$B$17:$AG$200,5,0)=0,"",VLOOKUP(J9,Indicadores_Generales!$B$17:$AG$200,5,0)),"") -> CONSORCIO URBANO | ... Q8: =IFERROR(IF(VLOOKUP(Q9,Indicadores_Generales!$B$17:$AG$200,5,0)=0,"",VLOOKUP(Q9,Indicadores_Generales!$B$17:$AG$200,5,0)),"") -> CONSORCIO INT. GQQI
B9: Numero Proponente | C9: 76 | D9: 77 | E9: 78 | F9: 79 | G9: 80 | H9: 81 | I9: 82 | J9: 83 | K9: 84 | L9: 85 | M9: 86 | N9: 87 | O9: 88 | P9: 89 | Q9: 90
B10: BALANCE GENERAL CON CORTE A 31 DE DICIEMBRE AÑO | C10: =IF(C8="","",IFERROR(IF(VLOOKUP(C9,Indicadores_Generales!$B$17:$AG$200,4,0)=0,"",DATE(VLOOKUP(C9,Indicadores_Generales!$B$17:$AG$200,4,0),12,31)),"")) -> 44561 | D10: =IF(D8="","",IFERROR(IF(VLOOKUP(D9,Indicadores_Generales!$B$17:$AG$200,4,0)=0,"",DATE(VLOOKUP(D9,Indicadores_Generales!$B$17:$AG$200,4,0),12,31)),"")) -> 44561 | E10: =IF(E8="","",IFERROR(IF(VLOOKUP(E9,Indicadores_Generales!$B$17:$AG$200,4,0)=0,"",DATE(VLOOKUP(E9,Indicadores_Generales!$B$17:$AG$200,4,0),12,31)),"")) -> 44196 | F10: =IF(F8="","",IFERROR(IF(VLOOKUP(F9,Indicadores_Generales!$B$17:$AG$200,4,0)=0,"",DATE(VLOOKUP(F9,Indicadores_Generales!$B$17:$AG$200,4,0),12,31)),"")) -> 44561 | G10: =IF(G8="","",IFERROR(IF(VLOOKUP(G9,Indicadores_Generales!$B$17:$AG$200,4,0)=0,"",DATE(VLOOKUP(G9,Indicadores_Generales!$B$17:$AG$200,4,0),12,31)),"")) -> 44561 | H10: =IF(H8="","",IFERROR(IF(VLOOKUP(H9,Indicadores_Generales!$B$17:$AG$200,4,0)=0,"",DATE(VLOOKUP(H9,Indicadores_Generales!$B$17:$AG$200,4,0),12,31)),"")) -> 44561 | I10: =IF(I8="","",IFERROR(IF(VLOOKUP(I9,Indicadores_Generales!$B$17:$AG$200,4,0)=0,"",DATE(VLOOKUP(I9,Indicadores_Generales!$B$17:$AG$200,4,0),12,31)),"")) -> 44561 | J10: =IF(J8="","",IFERROR(IF(VLOOKUP(J9,Indicadores_Generales!$B$17:$AG$200,4,0)=0,"",DATE(VLOOKUP(J9,Indicadores_Generales!$B$17:$AG$200,4,0),12,31)),"")) -> 44561 | ... Q10: =IF(Q8="","",IFERROR(IF(VLOOKUP(Q9,Indicadores_Generales!$B$17:$AG$200,4,0)=0,"",DATE(VLOOKUP(Q9,Indicadores_Generales!$B$17:$AG$200,4,0),12,31)),"")) -> 44196
B11: PRESENTACIÓN DE RUP VIGENTE | C11: =IF(C8="","",IF(C10="","","VIGENTE")) -> VIGENTE | D11: =IF(D8="","",IF(D10="","","VIGENTE")) -> VIGENTE | E11: =IF(E8="","",IF(E10="","","VIGENTE")) -> VIGENTE | F11: =IF(F8="","",IF(F10="","","VIGENTE")) -> VIGENTE | G11: =IF(G8="","",IF(G10="","","VIGENTE")) -> VIGENTE | H11: =IF(H8="","",IF(H10="","","VIGENTE")) -> VIGENTE | I11: =IF(I8="","",IF(I10="","","VIGENTE")) -> VIGENTE | J11: =IF(J8="","",IF(J10="","","VIGENTE")) -> VIGENTE | ... Q11: =IF(Q8="","",IF(Q10="","","VIGENTE")) -> VIGENTE
B12: INFORMACION TOMADA DEL RUP VIGENTE | C12: =IF(C8="","",SUMIFS(Indicadores_Generales!$G:$G,Indicadores_Generales!$B:$B,C9)) -> 1 | D12: =IF(D8="","",SUMIFS(Indicadores_Generales!$G:$G,Indicadores_Generales!$B:$B,D9)) -> 1 | E12: =IF(E8="","",SUMIFS(Indicadores_Generales!$G:$G,Indicadores_Generales!$B:$B,E9)) -> 1 | F12: =IF(F8="","",SUMIFS(Indicadores_Generales!$G:$G,Indicadores_Generales!$B:$B,F9)) -> 1 | G12: =IF(G8="","",SUMIFS(Indicadores_Generales!$G:$G,Indicadores_Generales!$B:$B,G9)) -> 1 | H12: =IF(H8="","",SUMIFS(Indicadores_Generales!$G:$G,Indicadores_Generales!$B:$B,H9)) -> 1 | I12: =IF(I8="","",SUMIFS(Indicadores_Generales!$G:$G,Indicadores_Generales!$B:$B,I9)) -> 1 | J12: =IF(J8="","",SUMIFS(Indicadores_Generales!$G:$G,Indicadores_Generales!$B:$B,J9)) -> 1 | ... Q12: =IF(Q8="","",SUMIFS(Indicadores_Generales!$G:$G,Indicadores_Generales!$B:$B,Q9)) -> 1
B13: ACTIVO CORRIENTE | C13: =IF(C8="","",SUMIFS(Indicadores_Generales!$U:$U,Indicadores_Generales!$B:$B,C9)) -> 3.7666651e+09 | D13: =IF(D8="","",SUMIFS(Indicadores_Generales!$U:$U,Indicadores_Generales!$B:$B,D9)) -> 1.256272e+09 | E13: =IF(E8="","",SUMIFS(Indicadores_Generales!$U:$U,Indicadores_Generales!$B:$B,E9)) -> 7349286000 | F13: =IF(F8="","",SUMIFS(Indicadores_Generales!$U:$U,Indicadores_Generales!$B:$B,F9)) -> 1071811782 | G13: =IF(G8="","",SUMIFS(Indicadores_Generales!$U:$U,Indicadores_Generales!$B:$B,G9)) -> 4.0728243e+08 | H13: =IF(H8="","",SUMIFS(Indicadores_Generales!$U:$U,Indicadores_Generales!$B:$B,H9)) -> 1392913000 | I13: =IF(I8="","",SUMIFS(Indicadores_Generales!$U:$U,Indicadores_Generales!$B:$B,I9)) -> 2460360184 | J13: =IF(J8="","",SUMIFS(Indicadores_Generales!$U:$U,Indicadores_Generales!$B:$B,J9)) -> 1.2971362e+10 | ... Q13: =IF(Q8="","",SUMIFS(Indicadores_Generales!$U:$U,Indicadores_Generales!$B:$B,Q9)) -> 4.3278796e+08
